Workbook
Name \0: #N/A
Name \A: #REF!
Name \A: #REF!
Name \B: #REF!
Name \B: #REF!
Name \C: #REF!
Name \C: #REF!
Name \e: #N/A
Name \I: #REF!
Name \I: #REF!
Name \J: #REF!
Name \J: #REF!
Name \O: #REF!
Name \O: #REF!
Name \P: #REF!
Name \P: #REF!
Name ___\i: #REF!
Name _________aga14: #REF!
Name _________aga16: #REF!
Name _________asc321: #REF!
Name _________bur3220: #REF!
Name _________cap20: #REF!
Name _________ccr12: #REF!
Name _________cva32: #REF!
Name _________cva50: #REF!
Name _________cva60: #REF!
Name _________cve45100: #REF!
Name _________cve90100: #REF!
Name _________cve9040: #REF!
Name _________djm10: #REF!
Name _________djm15: #REF!
Name _________epl2: #REF!
Name _________epl5: #REF!
Name _________est15: #REF!
Name _________fil1: #REF!
Name _________fil2: #REF!
Name _________fio12: #REF!
Name _________fis5: #REF!
Name _________flf50: #REF!
Name _________flf60: #REF!
Name _________fpd12: #REF!
Name _________fvr10: #REF!
Name _________itu1: #REF!
Name _________jla20: #REF!
Name _________jla32: #REF!
Name _________lpi100: #REF!
Name _________lvg10060: #REF!
Name _________lvp32: #REF!
Name _________lxa1: #REF!
Name _________man50: #REF!
Name _________ope1: #REF!
Name _________ope2: #REF!
Name _________ope3: #REF!
Name _________pne1: #REF!
Name _________pne2: #REF!
Name _________prg1515: #REF!
Name _________prg1827: #REF!
Name _________ptc7: #REF!
Name _________ptm6: #REF!
Name _________qdm3: #REF!

Sheet Resumo
C1: SINAPI AL: | D1: 03/2024 | E1: BDI : | F1: 0.2649
C2: SICRO AL: | D2: 01/2024 | E2: BDI Diferenciado: | F2: 0.15
C3: ORSE: | D3: 02/2024
C4: EMBASA: | D4: 01/2024
A5: Contratação de empresa para execução da 2ª Etapa das obras de pavimentação e drenagem da AL 485, que liga o município de São Sebastião/AL ao de Feira Grande/AL.
A6: ITEM | B6: DESCRIÇÃO | E6: VALOR R$ | F6: PESO %
A7: 1 | B7: MOBILIZAÇÃO E DESMOBILIZAÇÃO | E7: =VLOOKUP(A7,'Planilha Orçamentária'!$A$9:$J$110,10) -> 33432.926 | F7: =E7/$E$17 -> 0.00079213892
A8: 2 | B8: ADMINISTRAÇÃO DE OBRA | E8: =VLOOKUP(A8,'Planilha Orçamentária'!$A$9:$J$110,10) -> 2128799.1 | F8: =E8/$E$17 -> 0.050438439
A9: 3 | B9: PROJETO EXECUTIVO | E9: =VLOOKUP(A9,'Planilha Orçamentária'!$A$9:$J$110,10) -> 991065.05 | F9: =E9/$E$17 -> 0.023481678
A10: 4 | B10: CANTEIRO DE OBRA | E10: =VLOOKUP(A10,'Planilha Orçamentária'!$A$9:$J$110,10) -> 100827.3 | F10: =E10/$E$17 -> 0.0023889393
A11: 5 | B11: SERVIÇOS PRELIMINARES | E11: =VLOOKUP(A11,'Planilha Orçamentária'!$A$9:$J$110,10) -> 12113.565 | F11: =E11/$E$17 -> 0.00028701127
A12: 6 | B12: SERVIÇOS DE DRENAGEM | E12: =VLOOKUP(A12,'Planilha Orçamentária'!$A$9:$J$110,10) -> 4874312.7 | F12: =E12/$E$17 -> 0.11548893
A13: 7 | B13: SERVIÇOS DE TERRAPLENAGEM | E13: =VLOOKUP(A13,'Planilha Orçamentária'!$A$9:$J$110,10) -> 14003273 | F13: =E13/$E$17 -> 0.33178484
A14: 8 | B14: SERVIÇOS DE PAVIMENTAÇÃO | E14: =VLOOKUP(A14,'Planilha Orçamentária'!$A$9:$J$110,10) -> 15516392 | F14: =E14/$E$17 -> 0.36763572
A15: 9 | B15: SERVIÇOS DE SINALIZAÇÃO | E15: =VLOOKUP(A15,'Planilha Orçamentária'!$A$9:$J$110,10) -> 667655.76 | F15: =E15/$E$17 -> 0.01581902
A16: 10 | B16: OBRAS COMPLEMENTARES | E16: =VLOOKUP(A16,'Planilha Orçamentária'!$A$9:$J$110,10) -> 3878015.8 | F16: =E16/$E$17 -> 0.091883291
D17: VALOR TOTAL: | E17: =SUM(E7:E16) -> 42205887

Sheet Planilha Orçamentária
I1: SINAPI AL: | J1: 03/2024 | K1: BDI : | L1: 0.2649
I2: SICRO AL: | J2: 01/2024 | K2: BDI Diferenciado: | L2: 0.15
I3: ORSE: | J3: 02/2024
I4: EMBASA: | J4: 01/2024
A5: Contratação de empresa para execução da 2ª Etapa das obras de pavimentação e drenagem da AL 485, que liga o município de São Sebastião/AL ao de Feira Grande/AL.
A7: ITEM | B7: CÓDIGO | C7: DESCRIÇÃO | D7: FONTE | E7: UNID | F7: QUANTIDADE | G7: PREÇO UNITÁRIO R$ | J7: PREÇO TOTAL R$ | K7: BDI | L7: PESO
G8: SEM BDI | H8: BDI | I8: COM BDI | O8: BASE | P8: PREÇO | Q8: QTDE
A9: 1 | B9: MOBILIZAÇÃO E DESMOBILIZAÇÃO | J9: =SUM(J10:J11) -> 33432.926 | L9: =(J9/$J$114)*100 -> 0.079213892 | M9: x | Q9: =H9*F9 -> 0
A10: 1.1 | B10: COMP-42893817 | C10: MOBILIZAÇÃO DE EQUIPAMENTOS DE MACEIÓ ( ACESSO AL - 485 SÃO SEBASTIÃO - FEIRA GRANDE - REV02) | D10: Composições Próprias | E10: UN | F10: 1 | G10: =SUMIF('Comp próprias'!A:A,B10,'Comp próprias'!J:J) -> 13215.64 | H10: =(G10*K10)/100 -> 3500.823 | I10: =SUM(G10:H10) -> 16716.463 | J10: =F10*I10 -> 16716.463 | K10: 26.49 | L10: =(J10/$J$114)*100 -> 0.039606946 | M10: =J10-(G10*F10) -> 3500.823 | N10: =(J10/(G10*F10))-1 -> 0.2649 | R10: =H10*F10 -> 3500.823
A11: 1.2 | B11: COMP-39510826 | C11: DESMOBILIZAÇÃO DE EQUIPAMENTOS DE MACEIÓ ( ACESSO AL - 485 SÃO SEBASTIÃO - FEIRA GRANDE - REV02) | D11: Composições Próprias | E11: UN | F11: 1 | G11: =SUMIF('Comp próprias'!A:A,B11,'Comp próprias'!J:J) -> 13215.64 | H11: =(G11*K11)/100 -> 3500.823 | I11: =SUM(G11:H11) -> 16716.463 | J11: =F11*I11 -> 16716.463 | K11: 26.49 | L11: =(J11/$J$114)*100 -> 0.039606946 | M11: =J11-(G11*F11) -> 3500.823 | N11: =(J11/(G11*F11))-1 -> 0.2649 | R11: =H11*F11 -> 3500.823
A12: 2 | B12: ADMINISTRAÇÃO DE OBRA | J12: =J13 -> 2128799.1 | L12: =(J12/$J$114)*100 -> 5.0438439 | M12: x | Q12: =H12*F12 -> 0
A13: 2.1 | B13: COMP-52766000 | C13: ADMINISTRAÇÃO LOCAL DE OBRA - INCLUINDO EXAMES, ALIMENTAÇÃO E SEGURO (SÃO SEBASTIÃO) | D13: Composições Próprias | E13: UND | F13: 1 | G13: =SUMIF('Comp próprias'!A:A,B13,'Comp próprias'!J:J) -> 1682978.2 | H13: =(G13*K13)/100 -> 445820.91 | I13: =SUM(G13:H13) -> 2128799.1 | J13: =F13*I13 -> 2128799.1 | K13: 26.49 | L13: =(J13/$J$114)*100 -> 5.0438439 | M13: =J13-(G13*F13) -> 445820.91 | N13: =(J13/(G13*F13))-1 -> 0.2649 | R13: =H13*F13 -> 445820.91
A14: 3 | B14: PROJETO EXECUTIVO | J14: =J15 -> 991065.05 | L14: =(J14/$J$114)*100 -> 2.3481678 | M14: x
A15: 3.1 | B15: COMP-00428179 | C15: PROJETOS EXECUTIVOS OBRA DE GRANDE PORTE - PAVIMENTAÇÃO E DRENAGEM.REV | D15: Composições Próprias | E15: UN | F15: 1 | G15: =SUMIF('Comp próprias'!A:A,B15,'Comp próprias'!J:J) -> 783512.57 | H15: =(G15*K15)/100 -> 207552.48 | I15: =SUM(G15:H15) -> 991065.05 | J15: =F15*I15 -> 991065.05 | K15: 26.49 | L15: =(J15/$J$114)*100 -> 2.3481678 | M15: =J15-(G15*F15) -> 207552.48 | N15: =(J15/(G15*F15))-1 -> 0.2649 | R15: =H15*F15 -> 207552.48
A16: 4 | B16: CANTEIRO DE OBRA | J16: =SUM(J17:J22) -> 100827.3 | L16: =(J16/$J$114)*100 -> 0.23889393 | M16: x
A17: 4.1 | B17: 104896 | C17: COMPOSIÇÃO PARAMÉTRICA DE EXECUÇÃO DE REFEITÓRIO EM CANTEIRO DE OBRAS, FORA DA PROJEÇÃO DA LAJE, EM CHAPA DE MADEIRA COMPENSADA, NÃO INCLUSO MOBILIÁRIO E EQUIPAMENTOS. AF_01/2024_PE | D17: SINAPI 02/2024 | E17: M2 | F17: 20 | G17: 750.9 | H17: =(G17*K17)/100 -> 198.91341 | I17: =SUM(G17:H17) -> 949.81341 | J17: =F17*I17 -> 18996.268 | K17: 26.49 | L17: =(J17/$J$114)*100 -> 0.045008575 | M17: =J17-(G17*F17) -> 3978.2682 | N17: =(J17/(G17*F17))-1 -> 0.2649 | O17: SINAPI | R17: =H17*F17 -> 3978.2682
A18: 4.2 | B18: 104893 | C18: COMPOSIÇÃO PARAMÉTRICA DE EXECUÇÃO DE ESCRITÓRIO EM CANTEIRO DE OBRAS, FORA DA PROJEÇÃO DA LAJE, EM ALVENARIA, NÃO INCLUSO MOBILIÁRIO E EQUIPAMENTOS. AF_01/2024_PE | D18: SINAPI 02/2024 | E18: M2 | F18: 12 | G18: 1158.3 | H18: =(G18*K18)/100 -> 306.83367 | I18: =SUM(G18:H18) -> 1465.1337 | J18: =F18*I18 -> 17581.604 | K18: 26.49 | L18: =(J18/$J$114)*100 -> 0.041656757 | M18: =J18-(G18*F18) -> 3682.004 | N18: =(J18/(G18*F18))-1 -> 0.2649 | O18: SINAPI | R18: =H18*F18 -> 3682.004
A19: 4.3 | B19: 104897 | C19: COMPOSIÇÃO PARAMÉTRICA DE EXECUÇÃO DE SANITÁRIO E VESTIÁRIO EM CANTEIRO DE OBRAS, FORA DA PROJEÇÃO DA LAJE, EM CHAPA DE MADEIRA COMPENSADA, NÃO INCLUSO MOBILIÁRIO. AF_01/2024_PE | D19: SINAPI 02/2024 | E19: M2 | F19: 12 | G19: 1025.01 | H19: =(G19*K19)/100 -> 271.52515 | I19: =SUM(G19:H19) -> 1296.5351 | J19: =F19*I19 -> 15558.422 | K19: 26.49 | L19: =(J19/$J$114)*100 -> 0.036863155 | M19: =J19-(G19*F19) -> 3258.3018 | N19: =(J19/(G19*F19))-1 -> 0.2649 | O19: SINAPI | R19: =H19*F19 -> 3258.3018
A20: 4.4 | B20: 104895 | C20: COMPOSIÇÃO PARAMÉTRICA DE EXECUÇÃO DE ALMOXARIFADO EM CANTEIRO DE OBRAS, FORA DA PROJEÇÃO DA LAJE, EM CHAPA DE MADEIRA COMPENSADA, NÃO INCLUSO MOBILIÁRIO E EQUIPAMENTOS. AF_01/2024_PE | D20: SINAPI 02/2024 | E20: M2 | F20: 12 | G20: 731.23 | H20: =(G20*K20)/100 -> 193.70283 | I20: =SUM(G20:H20) -> 924.93283 | J20: =F20*I20 -> 11099.194 | K20: 26.49 | L20: =(J20/$J$114)*100 -> 0.026297739 | M20: =J20-(G20*F20) -> 2324.4339 | N20: =(J20/(G20*F20))-1 -> 0.2649 | O20: SINAPI | R20: =H20*F20 -> 2324.4339
A21: 4.5 | B21: 98459 | C21: TAPUME COM TELHA METÁLICA. AF_05/2018 | D21: SINAPI | E21: M2 | F21: 240 | G21: =IFERROR(VLOOKUP(B21,'SINAPI COMP AL'!$G:$L,5,FALSE),VLOOKUP(B21,'SINAPI INS AL'!#REF!,5,FALSE)) -> 89.83 | H21: =(G21*K21)/100 -> 23.795967 | I21: =SUM(G21:H21) -> 113.62597 | J21: =F21*I21 -> 27270.232 | K21: 26.49 | L21: =(J21/$J$114)*100 -> 0.064612389 | M21: =J21-(G21*F21) -> 5711.0321 | N21: =(J21/(G21*F21))-1 -> 0.2649 | O21: SINAPI | R21: =H21*F21 -> 5711.0321
A22: 4.6 | B22: CP-01.10.01-53334570 | C22: BANHEIRO QUIMICO 110X120X230CM COM MANUTENCAO | D22: Composições Próprias | E22: MES | F22: 12 | G22: =SUMIF('Comp próprias'!A:A,B22,'Comp próprias'!J:J) -> 680 | H22: =(G22*K22)/100 -> 180.132 | I22: =SUM(G22:H22) -> 860.132 | J22: =F22*I22 -> 10321.584 | K22: 26.49 | L22: =(J22/$J$114)*100 -> 0.024455318 | M22: =J22-(G22*F22) -> 2161.584 | N22: =(J22/(G22*F22))-1 -> 0.2649 | R22: =H22*F22 -> 2161.584
A23: 5 | B23: SERVIÇOS PRELIMINARES | J23: =SUM(J24:J27) -> 12113.565 | L23: =(J23/$J$114)*100 -> 0.028701127 | M23: x | Q23: =H23*F23 -> 0
A24: 5.1 | B24: CP-103689-80233409 | C24: FORNECIMENTO E INSTALAÇÃO DE PLACA DE OBRA COM CHAPA GALVANIZADA E ESTRUTURA DE MADEIRA COM SUPORTE DE FIXAÇÃO. AF_03/2022_PS | D24: Composições Próprias | E24: M2 | F24: 12 | G24: =SUMIF('Comp próprias'!A:A,B24,'Comp próprias'!J:J) -> 357.53301 | H24: =(G24*K24)/100 -> 94.710494 | I24: =SUM(G24:H24) -> 452.2435 | J24: =F24*I24 -> 5426.922 | K24: 26.49 | L24: =(J24/$J$114)*100 -> 0.012858211 | M24: =J24-(G24*F24) -> 1136.5259 | N24: =(J24/(G24*F24))-1 -> 0.2649 | R24: =H24*F24 -> 1136.5259
A25: 5.2 | B25: COMP-40581667 | C25: Ligação Predial de Água no Passeio em 1 1/2", com fornecimento do material, inclusive hidrômetro de 20m3/h e caixa de proteção c/tampa de concreto - REV.04 - 09/2023 | D25: Composições Próprias | E25: un | F25: 1 | G25: =SUMIF('Comp próprias'!A:A,B25,'Comp próprias'!J:J) -> 467.0859 | H25: =(G25*K25)/100 -> 123.73105 | I25: =SUM(G25:H25) -> 590.81695 | J25: =F25*I25 -> 590.81695 | K25: 26.49 | L25: =(J25/$J$114)*100 -> 0.0013998449 | M25: =J25-(G25*F25) -> 123.73105 | N25: =(J25/(G25*F25))-1 -> 0.2649 | R25: =H25*F25 -> 123.73105
A26: 5.3 | B26: CP-4488-S09416.01 | C26: Instalação provisória de energia elétrica, aerea, trifasica, em poste de concreto, exclusive fornecimento do medidor REV.01(1O/2021) | D26: Composições Próprias | E26: un | F26: 1 | G26: =SUMIF('Comp próprias'!A:A,B26,'Comp próprias'!J:J) -> 2620.246 | H26: =(G26*K26)/100 -> 694.10318 | I26: =SUM(G26:H26) -> 3314.3492 | J26: =F26*I26 -> 3314.3492 | K26: 26.49 | L26: =(J26/$J$114)*100 -> 0.0078528126 | M26: =J26-(G26*F26) -> 694.10318 | N26: =(J26/(G26*F26))-1 -> 0.2649 | R26: =H26*F26 -> 694.10318
A27: 5.4 | B27: CP-0401-73658.01 | C27: LIGAÇÃO DOMICILIAR DE ESGOTO DN 100MM, DA CASA ATÉ A CAIXA, COMPOSTO POR 30,0M TUBO DE PVC ESGOTO PREDIAL DN 100MM E CAIXA DE ALVENARIA COM TAMPA DE CONCRETO - FORNECIMENTO E INSTALAÇÃO. REV.01(10/2021) | D27: Composições Próprias | E27: UN | F27: 1 | G27: =SUMIF('Comp próprias'!A:A,B27,'Comp próprias'!J:J) -> 2198.97 | H27: =(G27*K27)/100 -> 582.50715 | I27: =SUM(G27:H27) -> 2781.4772 | J27: =F27*I27 -> 2781.4772 | K27: 26.49 | L27: =(J27/$J$114)*100 -> 0.0065902587 | M27: =J27-(G27*F27) -> 582.50715 | N27: =(J27/(G27*F27))-1 -> 0.2649 | R27: =H27*F27 -> 582.50715
A28: 6 | B28: SERVIÇOS DE DRENAGEM | J28: =SUM(J29:J57) -> 4874312.7 | L28: =(J28/$J$114)*100 -> 11.548893 | M28: x | Q28: =H28*F28 -> 0
A29: 6.1 | B29: COMP-34042959 | C29: Locação topográfica com nivelamento, inclusive conferências. REV01 | D29: Composições Próprias | E29: m | F29: 129.08 | G29: =SUMIF('Comp próprias'!A:A,B29,'Comp próprias'!J:J) -> 6.6447488 | H29: =(G29*K29)/100 -> 1.760194 | I29: =SUM(G29:H29) -> 8.4049428 | J29: =F29*I29 -> 1084.91 | K29: 26.49 | L29: =(J29/$J$114)*100 -> 0.0025705182 | M29: =J29-(G29*F29) -> 227.20584 | N29: =(J29/(G29*F29))-1 -> 0.2649 | R29: =H29*F29 -> 227.20584
A30: 6.2 | B30: 97087 | C30: CAMADA SEPARADORA PARA EXECUÇÃO DE RADIER, PISO DE CONCRETO OU LAJE SOBRE SOLO, EM LONA PLÁSTICA. AF_09/2021 | D30: SINAPI | E30: M2 | F30: 403.95 | G30: =IFERROR(VLOOKUP(B30,'SINAPI COMP AL'!$G:$L,5,FALSE),VLOOKUP(B30,'SINAPI INS AL'!#REF!,5,FALSE)) -> 3.14 | H30: =(G30*K30)/100 -> 0.831786 | I30: =SUM(G30:H30) -> 3.971786 | J30: =F30*I30 -> 1604.403 | K30: 26.49 | L30: =(J30/$J$114)*100 -> 0.0038013724 | M30: =J30-(G30*F30) -> 335.99995 | N30: =(J30/(G30*F30))-1 -> 0.2649 | O30: SINAPI | R30: =H30*F30 -> 335.99995
A31: 6.3 | B31: CP-83669-69386331 | C31: FORNECIMENTO/INSTALACAO MANTA BIDIM RT-16 | D31: Composições Próprias | E31: M2 | F31: 47.22 | G31: =SUMIF('Comp próprias'!A:A,B31,'Comp próprias'!J:J) -> 18.7416 | H31: =(G31*K31)/100 -> 4.9646498 | I31: =SUM(G31:H31) -> 23.70625 | J31: =F31*I31 -> 1119.4091 | K31: 26.49 | L31: =(J31/$J$114)*100 -> 0.0026522582 | M31: =J31-(G31*F31) -> 234.43077 | N31: =(J31/(G31*F31))-1 -> 0.2649 | R31: =H31*F31 -> 234.43077
A32: 6.4 | B32: 1109669 | C32: Argamassa de cimento e areia 1:3 - confecção em betoneira e lançamento manual - areia comercial | D32: SICRO NOVO | E32: m³ | F32: 0.77 | G32: =VLOOKUP(B32,SICRO!$A:$D,4,FALSE) -> 444.49 | H32: =(G32*K32)/100 -> 117.7454 | I32: =SUM(G32:H32) -> 562.2354 | J32: =F32*I32 -> 432.92126 | K32: 26.49 | L32: =(J32/$J$114)*100 -> 0.0010257367 | M32: =J32-(G32*F32) -> 90.663959 | N32: =(J32/(G32*F32))-1 -> 0.2649 | O32: sicro 01/24 | P32: revisado | R32: =H32*F32 -> 90.663959
A33: 6.5 | B33: 1106380 | C33: Concreto para bombeamento fck = 25 MPa - confecção em central dosadora de 30 m³/h - areia e brita comerciais | D33: SICRO NOVO | E33: m³ | F33: 48.46 | G33: =VLOOKUP(B33,SICRO!$A:$D,4,FALSE) -> 399.57 | H33: =(G33*K33)/100 -> 105.84609 | I33: =SUM(G33:H33) -> 505.41609 | J33: =F33*I33 -> 24492.464 | K33: 26.49 | L33: =(J33/$J$114)*100 -> 0.058030918 | M33: =J33-(G33*F33) -> 5129.3017 | N33: =(J33/(G33*F33))-1 -> 0.2649 | O33: sicro 01/24 | P33: revisado | R33: =H33*F33 -> 5129.3017
A34: 6.6 | B34: 1106128 | C34: Lançamento mecânico de concreto com bomba rebocável com capacidade de 41 m³/h - confecção em central dosadora de 40 m³/h | D34: SICRO NOVO | E34: m³ | F34: 48.46 | G34: =VLOOKUP(B34,SICRO!$A:$D,4,FALSE) -> 45.54 | H34: =(G34*K34)/100 -> 12.063546 | I34: =SUM(G34:H34) -> 57.603546 | J34: =F34*I34 -> 2791.4678 | K34: 26.49 | L34: =(J34/$J$114)*100 -> 0.00661393 | M34: =J34-(G34*F34) -> 584.59944 | N34: =(J34/(G34*F34))-1 -> 0.2649 | O34: sicro 01/24 | P34: revisado | R34: =H34*F34 -> 584.59944
A35: 6.7 | B35: 1100657 | C35: Adensamento de concreto por vibrador de imersão | D35: SICRO NOVO | E35: m³ | F35: 48.46 | G35: =VLOOKUP(B35,SICRO!$A:$D,4,FALSE) -> 3.09 | H35: =(G35*K35)/100 -> 0.818541 | I35: =SUM(G35:H35) -> 3.908541 | J35: =F35*I35 -> 189.4079 | K35: 26.49 | L35: =(J35/$J$114)*100 -> 0.00044877127 | M35: =J35-(G35*F35) -> 39.666497 | N35: =(J35/(G35*F35))-1 -> 0.2649 | O35: sicro 01/24 | P35: revisado | R35: =H35*F35 -> 39.666497
A36: 6.8 | B36: COMP-38003026 | C36: Forma metálica curva para pré-moldados, em chapa e perfis de aço, 60 usos (REV01) | D36: Composições Próprias | E36: m2 | F36: 403.84 | G36: =SUMIF('Comp próprias'!A:A,B36,'Comp próprias'!J:J) -> 55.48033 | H36: =(G36*K36)/100 -> 14.696739 | I36: =SUM(G36:H36) -> 70.177069 | J36: =F36*I36 -> 28340.308 | K36: 26.49 | L36: =(J36/$J$114)*100 -> 0.06714776 | M36: =J36-(G36*F36) -> 5935.1312 | N36: =(J36/(G36*F36))-1 -> 0.2649 | R36: =H36*F36 -> 5935.1312
A37: 6.9 | B37: 407820 | C37: Armação em aço CA-60 - fornecimento, preparo e colocação | D37: SICRO NOVO | E37: kg | F37: 1036.69 | G37: =VLOOKUP(B37,SICRO!$A:$D,4,FALSE) -> 13.31 | H37: =(G37*K37)/100 -> 3.525819 | I37: =SUM(G37:H37) -> 16.835819 | J37: =F37*I37 -> 17453.525 | K37: 26.49 | L37: =(J37/$J$114)*100 -> 0.041353295 | M37: =J37-(G37*F37) -> 3655.1813 | N37: =(J37/(G37*F37))-1 -> 0.2649 | O37: sicro 01/24 | P37: revisado | R37: =H37*F37 -> 3655.1813
A38: 6.10 | B38: 407819 | C38: Armação em aço CA-50 - fornecimento, preparo e colocação | D38: SICRO NOVO | E38: kg | F38: 2507.23 | G38: =VLOOKUP(B38,SICRO!$A:$D,4,FALSE) -> 11.96 | H38: =(G38*K38)/100 -> 3.168204 | I38: =SUM(G38:H38) -> 15.128204 | J38: =F38*I38 -> 37929.887 | K38: 26.49 | L38: =(J38/$J$114)*100 -> 0.089868711 | M38: =J38-(G38*F38) -> 7943.4161 | N38: =(J38/(G38*F38))-1 -> 0.2649 | O38: sicro 01/24 | P38: revisado | R38: =H38*F38 -> 7943.4161
A39: 6.11 | B39: 705261 | C39: Corpo de BDCC 1,50 x 1,50 m - moldado no local - altura do aterro 2,50 a 5,00 m - areia e brita comerciais | D39: SICRO NOVO | E39: m | F39: 35.04 | G39: =VLOOKUP(B39,SICRO!$A:$D,4,FALSE) -> 3578.82 | H39: =(G39*K39)/100 -> 948.02942 | I39: =SUM(G39:H39) -> 4526.8494 | J39: =F39*I39 -> 158620.8 | K39: 26.49 | L39: =(J39/$J$114)*100 -> 0.37582625 | M39: =J39-(G39*F39) -> 33218.951 | N39: =(J39/(G39*F39))-1 -> 0.2649 | O39: sicro 01/24 | P39: revisado | R39: =H39*F39 -> 33218.951
A40: 6.12 | B40: 705259 | C40: Corpo de BDCC 1,50 x 1,50 m - moldado no local - altura do aterro 1,00 a 2,50 m - areia e brita comerciais | D40: SICRO NOVO | E40: m | F40: 28.82 | G40: =VLOOKUP(B40,SICRO!$A:$D,4,FALSE) -> 3349.69 | H40: =(G40*K40)/100 -> 887.33288 | I40: =SUM(G40:H40) -> 4237.0229 | J40: =F40*I40 -> 122111 | K40: 26.49 | L40: =(J40/$J$114)*100 -> 0.2893222 | M40: =J40-(G40*F40) -> 25572.934 | N40: =(J40/(G40*F40))-1 -> 0.2649 | O40: sicro 01/24 | P40: revisado | R40: =H40*F40 -> 25572.934
A41: 6.13 | B41: 705348 | C41: Corpo de BTCC 1,50 x 1,50 m - moldado no local - altura do aterro 1,00 a 2,50 m - areia e brita comerciais | D41: SICRO NOVO | E41: m | F41: 16.84 | G41: =VLOOKUP(B41,SICRO!$A:$D,4,FALSE) -> 4750.72 | H41: =(G41*K41)/100 -> 1258.4657 | I41: =SUM(G41:H41) -> 6009.1857 | J41: =F41*I41 -> 101194.69 | K41: 26.49 | L41: =(J41/$J$114)*100 -> 0.23976439 | M41: =J41-(G41*F41) -> 21192.563 | N41: =(J41/(G41*F41))-1 -> 0.2649 | O41: sicro 01/24 | P41: revisado | R41: =H41*F41 -> 21192.563
A42: 6.14 | B42: 705314 | C42: Boca de BDCC 1,50 x 1,50 m - esconsidade 0° - areia e brita comerciais | D42: SICRO NOVO | E42: un | F42: 8 | G42: =VLOOKUP(B42,SICRO!$A:$D,4,FALSE) -> 12710.04 | H42: =(G42*K42)/100 -> 3366.8896 | I42: =SUM(G42:H42) -> 16076.93 | J42: =F42*I42 -> 128615.44 | K42: 26.49 | L42: =(J42/$J$114)*100 -> 0.3047334 | M42: =J42-(G42*F42) -> 26935.117 | N42: =(J42/(G42*F42))-1 -> 0.2649 | O42: sicro 01/24 | P42: revisado | Q42: ok | R42: =H42*F42 -> 26935.117
A43: 6.15 | B43: 705403 | C43: Boca de BTCC 1,50 x 1,50 m - esconsidade 0° - areia e brita comerciais | D43: SICRO NOVO | E43: un | F43: 6 | G43: =VLOOKUP(B43,SICRO!$A:$D,4,FALSE) -> 15896.86 | H43: =(G43*K43)/100 -> 4211.0782 | I43: =SUM(G43:H43) -> 20107.938 | J43: =F43*I43 -> 120647.63 | K43: 26.49 | L43: =(J43/$J$114)*100 -> 0.28585498 | M43: =J43-(G43*F43) -> 25266.469 | N43: =(J43/(G43*F43))-1 -> 0.2649 | O43: sicro 01/24 | P43: revisado | Q43: ok | R43: =H43*F43 -> 25266.469
A44: 6.16 | B44: 804393 | C44: Boca de BSTC D = 1,00 m - esconsidade 0° - areia e brita comerciais - alas esconsas | D44: SICRO NOVO | E44: un | F44: 4 | G44: =VLOOKUP(B44,SICRO!$A:$D,4,FALSE) -> 2626.57 | H44: =(G44*K44)/100 -> 695.77839 | I44: =SUM(G44:H44) -> 3322.3484 | J44: =F44*I44 -> 13289.394 | K44: 26.49 | L44: =(J44/$J$114)*100 -> 0.031487061 | M44: =J44-(G44*F44) -> 2783.1136 | N44: =(J44/(G44*F44))-1 -> 0.2649 | O44: sicro 01/24 | P44: revisado | Q44: ok | R44: =H44*F44 -> 2783.1136
A45: 6.17 | B45: 2003578 | C45: Dreno longitudinal profundo para corte em solo - DPS 07 - tubo PEAD e brita comercial | D45: SICRO NOVO | E45: m | F45: 3960 | G45: =VLOOKUP(B45,SICRO!$A:$D,4,FALSE) -> 171.26 | H45: =(G45*K45)/100 -> 45.366774 | I45: =SUM(G45:H45) -> 216.62677 | J45: =F45*I45 -> 857842.03 | K45: 26.49 | L45: =(J45/$J$114)*100 -> 2.0325175 | M45: =J45-(G45*F45) -> 179652.43 | N45: =(J45/(G45*F45))-1 -> 0.2649 | O45: sicro 01/24 | P45: revisado | R45: =H45*F45 -> 179652.43
A46: 6.18 | B46: 2003385 | C46: Entrada para descida d’água - EDA 01 - areia e brita comerciais | D46: SICRO NOVO | E46: un | F46: 140 | G46: =VLOOKUP(B46,SICRO!$A:$D,4,FALSE) -> 53.41 | H46: =(G46*K46)/100 -> 14.148309 | I46: =SUM(G46:H46) -> 67.558309 | J46: =F46*I46 -> 9458.1633 | K46: 26.49 | L46: =(J46/$J$114)*100 -> 0.022409583 | M46: =J46-(G46*F46) -> 1980.7633 | N46: =(J46/(G46*F46))-1 -> 0.2649 | O46: sicro 01/24 | P46: revisado | R46: =H46*F46 -> 1980.7633
A47: 6.19 | B47: 2003387 | C47: Entrada para descida d’água - EDA 02 - areia e brita comerciais | D47: SICRO NOVO | E47: un | F47: 4 | G47: =VLOOKUP(B47,SICRO!$A:$D,4,FALSE) -> 66.02 | H47: =(G47*K47)/100 -> 17.488698 | I47: =SUM(G47:H47) -> 83.508698 | J47: =F47*I47 -> 334.03479 | K47: 26.49 | L47: =(J47/$J$114)*100 -> 0.00079144123 | M47: =J47-(G47*F47) -> 69.954792 | N47: =(J47/(G47*F47))-1 -> 0.2649 | O47: sicro 01/24 | P47: revisado | R47: =H47*F47 -> 69.954792
A48: 6.20 | B48: 2003409 | C48: Descida d’água de aterros em degraus - DAD 03 - areia e brita comerciais | D48: SICRO NOVO | E48: m | F48: 225.9 | G48: =VLOOKUP(B48,SICRO!$A:$D,4,FALSE) -> 425.49 | H48: =(G48*K48)/100 -> 112.7123 | I48: =SUM(G48:H48) -> 538.2023 | J48: =F48*I48 -> 121579.9 | K48: 26.49 | L48: =(J48/$J$114)*100 -> 0.28806384 | M48: =J48-(G48*F48) -> 25461.709 | N48: =(J48/(G48*F48))-1 -> 0.2649 | O48: sicro 01/24 | P48: revisado | R48: =H48*F48 -> 25461.709
A49: 6.21 | B49: 2003399 | C49: Descida d’água de cortes em degraus - DCD 02 - areia e brita comerciais | D49: SICRO NOVO | E49: m | F49: 8.27 | G49: =VLOOKUP(B49,SICRO!$A:$D,4,FALSE) -> 625.49 | H49: =(G49*K49)/100 -> 165.6923 | I49: =SUM(G49:H49) -> 791.1823 | J49: =F49*I49 -> 6543.0776 | K49: 26.49 | L49: =(J49/$J$114)*100 -> 0.015502761 | M49: =J49-(G49*F49) -> 1370.2753 | N49: =(J49/(G49*F49))-1 -> 0.2649 | O49: sicro 01/24 | P49: revisado | R49: =H49*F49 -> 1370.2753
A50: 6.22 | B50: 2003451 | C50: Dissipador de energia - DEB 02 - areia, brita e pedra de mão comerciais | D50: SICRO NOVO | E50: un | F50: 39 | G50: =VLOOKUP(B50,SICRO!$A:$D,4,FALSE) -> 444.18 | H50: =(G50*K50)/100 -> 117.66328 | I50: =SUM(G50:H50) -> 561.84328 | J50: =F50*I50 -> 21911.888 | K50: 26.49 | L50: =(J50/$J$114)*100 -> 0.051916662 | M50: =J50-(G50*F50) -> 4588.868 | N50: =(J50/(G50*F50))-1 -> 0.2649 | O50: sicro 01/24 | P50: revisado | R50: =H50*F50 -> 4588.868
A51: 6.23 | B51: 2003307 | C51: Valeta de proteção de cortes com revestimento de concreto - VPCC 160-30 - escavação mecânica - areia e brita comerciais | D51: SICRO NOVO | E51: m | F51: 453.19 | G51: =VLOOKUP(B51,SICRO!$A:$D,4,FALSE) -> 124.25 | H51: =(G51*K51)/100 -> 32.913825 | I51: =SUM(G51:H51) -> 157.16383 | J51: =F51*I51 -> 71225.074 | K51: 26.49 | L51: =(J51/$J$114)*100 -> 0.16875625 | M51: =J51-(G51*F51) -> 14916.216 | N51: =(J51/(G51*F51))-1 -> 0.2649 | O51: sicro 01/24 | P51: revisado | Q51: revisada | R51: =H51*F51 -> 14916.216
A52: 6.24 | B52: 2003309 | C52: Valeta de proteção de cortes com revestimento de concreto - VPCC 120-30 - escavação mecânica - areia e brita comerciais | D52: SICRO NOVO | E52: m | F52: 9510 | G52: =VLOOKUP(B52,SICRO!$A:$D,4,FALSE) -> 100.15 | H52: =(G52*K52)/100 -> 26.529735 | I52: =SUM(G52:H52) -> 126.67974 | J52: =F52*I52 -> 1204724.3 | K52: 26.49 | L52: =(J52/$J$114)*100 -> 2.8543987 | M52: =J52-(G52*F52) -> 252297.78 | N52: =(J52/(G52*F52))-1 -> 0.2649 | O52: sicro 01/24 | P52: revisado | Q52: revisada | R52: =H52*F52 -> 252297.78
A53: 6.25 | B53: 2003313 | C53: Valeta de proteção de aterros com revestimento de concreto - VPAC 160-30 - escavação mecânica - areia e brita comerciais | D53: SICRO NOVO | E53: m | F53: 1040 | G53: =VLOOKUP(B53,SICRO!$A:$D,4,FALSE) -> 124.25 | H53: =(G53*K53)/100 -> 32.913825 | I53: =SUM(G53:H53) -> 157.16383 | J53: =F53*I53 -> 163450.38 | K53: 26.49 | L53: =(J53/$J$114)*100 -> 0.38726914 | M53: =J53-(G53*F53) -> 34230.378 | N53: =(J53/(G53*F53))-1 -> 0.2649 | O53: sicro 01/24 | P53: revisado | Q53: ok | R53: =H53*F53 -> 34230.378
A54: 6.26 | B54: 2003315 | C54: Valeta de proteção de aterros com revestimento de concreto - VPAC 120-30 - escavação mecânica - areia e brita comerciais | D54: SICRO NOVO | E54: m | F54: 3649.81 | G54: =VLOOKUP(B54,SICRO!$A:$D,4,FALSE) -> 100.15 | H54: =(G54*K54)/100 -> 26.529735 | I54: =SUM(G54:H54) -> 126.67974 | J54: =F54*I54 -> 462356.96 | K54: 26.49 | L54: =(J54/$J$114)*100 -> 1.0954798 | M54: =J54-(G54*F54) -> 96828.492 | N54: =(J54/(G54*F54))-1 -> 0.2649 | O54: sicro 01/24 | P54: revisado | Q54: revisada | R54: =H54*F54 -> 96828.492
A55: 6.27 | B55: 2003261 | C55: Sarjeta triangular de concreto - STC 80-15 - escavação mecânica - areia e brita comerciais | D55: SICRO NOVO | E55: m | F55: 5876.97 | G55: =VLOOKUP(B55,SICRO!$A:$D,4,FALSE) -> 49.68 | H55: =(G55*K55)/100 -> 13.160232 | I55: =SUM(G55:H55) -> 62.840232 | J55: =F55*I55 -> 369310.16 | K55: 26.49 | L55: =(J55/$J$114)*100 -> 0.87502048 | M55: =J55-(G55*F55) -> 77342.289 | N55: =(J55/(G55*F55))-1 -> 0.2649 | O55: sicro 01/24 | P55: revisado | Q55: revisada | R55: =H55*F55 -> 77342.289
A56: 6.28 | B56: 2003319 | C56: Sarjeta triangular de concreto - STC 125-25 - escavação mecânica - areia e brita comerciais | D56: SICRO NOVO | E56: m | F56: 6660 | G56: =VLOOKUP(B56,SICRO!$A:$D,4,FALSE) -> 74.38 | H56: =(G56*K56)/100 -> 19.703262 | I56: =SUM(G56:H56) -> 94.083262 | J56: =F56*I56 -> 626594.52 | K56: 26.49 | L56: =(J56/$J$114)*100 -> 1.484614 | M56: =J56-(G56*F56) -> 131223.72 | N56: =(J56/(G56*F56))-1 -> 0.2649 | O56: sicro 01/24 | P56: revisado | Q56: revisada | R56: =H56*F56 -> 131223.72
A57: 6.29 | B57: 2003947 | C57: Meio-fio de concreto - MFC 05 moldado no local com extrusora e concreto usinado - areia e brita comerciais | D57: SICRO NOVO | E57: m | F57: 7105 | G57: =VLOOKUP(B57,SICRO!$A:$D,4,FALSE) -> 22.15 | H57: =(G57*K57)/100 -> 5.867535 | I57: =SUM(G57:H57) -> 28.017535 | J57: =F57*I57 -> 199064.59 | K57: 26.49 | L57: =(J57/$J$114)*100 -> 0.47165123 | M57: =J57-(G57*F57) -> 41688.836 | N57: =(J57/(G57*F57))-1 -> 0.2649 | O57: sicro 01/24 | P57: revisado | R57: =H57*F57 -> 41688.836
A58: 7 | B58: SERVIÇOS DE TERRAPLENAGEM | J58: =SUM(J59:J65) -> 14003273 | L58: =(J58/$J$114)*100 -> 33.178484 | M58: x | R58: =H58*F58 -> 0
A59: 7.1 | B59: 5502985 | C59: Limpeza mecanizada da camada vegetal | D59: SICRO NOVO | E59: m² | F59: 52938.15 | G59: =VLOOKUP(B59,SICRO!$A:$D,4,FALSE) -> 0.5 | H59: =(G59*K59)/100 -> 0.13245 | I59: =SUM(G59:H59) -> 0.63245 | J59: =F59*I59 -> 33480.733 | K59: 26.49 | L59: =(J59/$J$114)*100 -> 0.079327163 | M59: =J59-(G59*F59) -> 7011.658 | N59: =(J59/(G59*F59))-1 -> 0.2649 | O59: sicro 01/24 | P59: revisado | R59: =H59*F59 -> 7011.658
A60: 7.2 | B60: 101126 | C60: ESCAVAÇÃO HORIZONTAL, INCLUINDO CARGA E DESCARGA EM SOLO DE 1A CATEGORIA COM TRATOR DE ESTEIRAS (170HP/LÂMINA: 5,20M3). AF_07/2020 | D60: SINAPI | E60: M3 | F60: 135744.55 | G60: =IFERROR(VLOOKUP(B60,'SINAPI COMP AL'!$G:$L,5,FALSE),VLOOKUP(B60,'SINAPI INS AL'!#REF!,5,FALSE)) -> 12.45 | H60: =(G60*K60)/100 -> 3.298005 | I60: =SUM(G60:H60) -> 15.748005 | J60: =F60*I60 -> 2137705.9 | K60: 26.49 | L60: =(J60/$J$114)*100 -> 5.0649471 | M60: =J60-(G60*F60) -> 447686.2 | N60: =(J60/(G60*F60))-1 -> 0.2649 | O60: REVISAR | R60: =H60*F60 -> 447686.2
A61: 7.3 | B61: 5503041 | C61: Compactação de aterros a 100% do Proctor intermediário | D61: SICRO NOVO | E61: m³ | F61: 69256.76 | G61: =VLOOKUP(B61,SICRO!$A:$D,4,FALSE) -> 8.16 | H61: =(G61*K61)/100 -> 2.161584 | I61: =SUM(G61:H61) -> 10.321584 | J61: =F61*I61 -> 714839.47 | K61: 26.49 | L61: =(J61/$J$114)*100 -> 1.6936961 | M61: =J61-(G61*F61) -> 149704.3 | N61: =(J61/(G61*F61))-1 -> 0.2649 | O61: sicro 01/24 | P61: revisado | R61: =H61*F61 -> 149704.3
A62: 7.4 | B62: 05.09.006 | C62: Taxa de destinação de resíduo sólido em aterro, tipo inerte - BDI = 15,00 | D62: SP Obras | E62: T | F62: 129651.2 | G62: 38.78 | H62: =(G62*K62)/100 -> 5.817 | I62: =SUM(G62:H62) -> 44.597 | J62: =F62*I62 -> 5782054.6 | K62: 15 | L62: =(J62/$J$114)*100 -> 13.69964 | M62: =J62-(G62*F62) -> 754181.03 | N62: =(J62/(G62*F62))-1 -> 0.15 | O62: OK | P62: OK | R62: =H62*F62 -> 754181.03
A63: 7.5 | B63: 5915320 | C63: Transporte com caminhão basculante de 14 m³ - rodovia em revestimento primário | D63: SICRO NOVO | E63: tkm | F63: 2519884 | G63: =VLOOKUP(B63,SICRO!$A:$D,4,FALSE) -> 0.66 | H63: =(G63*K63)/100 -> 0.174834 | I63: =SUM(G63:H63) -> 0.834834 | J63: =F63*I63 -> 2103684.9 | K63: 26.49 | L63: =(J63/$J$114)*100 -> 4.9843399 | M63: =J63-(G63*F63) -> 440561.4 | N63: =(J63/(G63*F63))-1 -> 0.2649 | O63: sicro 01/24 | P63: revisado | R63: =H63*F63 -> 440561.4
A64: 7.6 | B64: 5915321 | C64: Transporte com caminhão basculante de 14 m³ - rodovia pavimentada | D64: SICRO NOVO | E64: tkm | F64: 4511861.8 | G64: =VLOOKUP(B64,SICRO!$A:$D,4,FALSE) -> 0.54 | H64: =(G64*K64)/100 -> 0.143046 | I64: =SUM(G64:H64) -> 0.683046 | J64: =F64*I64 -> 3081809.1 | K64: 26.49 | L64: =(J64/$J$114)*100 -> 7.3018466 | M64: =J64-(G64*F64) -> 645403.78 | N64: =(J64/(G64*F64))-1 -> 0.2649 | O64: sicro 01/24 | P64: revisado | R64: =H64*F64 -> 645403.78
A65: 7.7 | B65: 4413942 | C65: Espalhamento de material em bota-fora | D65: SICRO NOVO | E65: m³ | F65: 66487.79 | G65: =VLOOKUP(B65,SICRO!$A:$D,4,FALSE) -> 1.78 | H65: =(G65*K65)/100 -> 0.471522 | I65: =SUM(G65:H65) -> 2.251522 | J65: =F65*I65 -> 149698.72 | K65: 26.49 | L65: =(J65/$J$114)*100 -> 0.35468683 | M65: =J65-(G65*F65) -> 31350.456 | N65: =(J65/(G65*F65))-1 -> 0.2649 | O65: sicro 01/24 | P65: revisado | R65: =H65*F65 -> 31350.456
A66: 8 | B66: SERVIÇOS DE PAVIMENTAÇÃO | J66: =SUM(J67:J79,J80,J84) -> 15516392 | L66: =(J66/$J$114)*100 -> 36.763572 | M66: x | R66: =H66*F66 -> 0
A67: 8.1 | B67: COMP-97892492 | C67: Laboratório de Ensaios | D67: Composições Próprias | E67: mês | F67: 6 | G67: =SUMIF('Comp próprias'!A:A,B67,'Comp próprias'!J:J) -> 21183.79 | H67: =(G67*K67)/100 -> 5611.586 | I67: =SUM(G67:H67) -> 26795.376 | J67: =F67*I67 -> 160772.26 | K67: 26.49 | L67: =(J67/$J$114)*100 -> 0.38092377 | M67: =J67-(G67*F67) -> 33669.516 | N67: =(J67/(G67*F67))-1 -> 0.2649 | R67: =H67*F67 -> 33669.516
A68: 8.2 | B68: COMP-37137341 | C68: SERVICOS TOPOGRAFICOS PARA PAVIMENTACAO, INCLUSIVE NOTA DE SERVICOS, ACOMPANHAMENTO E GREIDE. REV02 | D68: Composições Próprias | E68: M2 | F68: 147609.77 | G68: =SUMIF('Comp próprias'!A:A,B68,'Comp próprias'!J:J) -> 2.2628238 | H68: =(G68*K68)/100 -> 0.59942202 | I68: =SUM(G68:H68) -> 2.8622458 | J68: =F68*I68 -> 422495.44 | K68: 26.49 | L68: =(J68/$J$114)*100 -> 1.0010344 | M68: =J68-(G68*F68) -> 88480.546 | N68: =(J68/(G68*F68))-1 -> 0.2649 | R68: =H68*F68 -> 88480.546
A69: 8.3 | B69: 4011209 | C69: Regularização do subleito | D69: SICRO NOVO | E69: m² | F69: 147609.77 | G69: =VLOOKUP(B69,SICRO!$A:$D,4,FALSE) -> 1.1 | H69: =(G69*K69)/100 -> 0.29139 | I69: =SUM(G69:H69) -> 1.39139 | J69: =F69*I69 -> 205382.76 | K69: 26.49 | L69: =(J69/$J$114)*100 -> 0.48662111 | M69: =J69-(G69*F69) -> 43012.011 | N69: =(J69/(G69*F69))-1 -> 0.2649 | O69: sicro 01/24 | P69: revisado | R69: =H69*F69 -> 43012.011
A70: 8.4 | B70: 4011227 | C70: Sub-base de solo estabilizado granulometricamente sem mistura com material de jazida | D70: SICRO NOVO | E70: m³ | F70: 22493.22 | G70: =VLOOKUP(B70,SICRO!$A:$D,4,FALSE) -> 10.95 | H70: =(G70*K70)/100 -> 2.900655 | I70: =SUM(G70:H70) -> 13.850655 | J70: =F70*I70 -> 311545.83 | K70: 26.49 | L70: =(J70/$J$114)*100 -> 0.73815728 | M70: =J70-(G70*F70) -> 65245.071 | N70: =(J70/(G70*F70))-1 -> 0.2649 | O70: sicro 01/24 | P70: revisado | R70: =H70*F70 -> 65245.071
A71: 8.5 | B71: 4016096 | C71: Escavação e carga de material de jazida com escavadeira hidráulica de 1,56 m³ | D71: SICRO NOVO | E71: m³ | F71: 22493.22 | G71: =VLOOKUP(B71,SICRO!$A:$D,4,FALSE) -> 1.31 | H71: =(G71*K71)/100 -> 0.347019 | I71: =SUM(G71:H71) -> 1.657019 | J71: =F71*I71 -> 37271.693 | K71: 26.49 | L71: =(J71/$J$114)*100 -> 0.088309227 | M71: =J71-(G71*F71) -> 7805.5747 | N71: =(J71/(G71*F71))-1 -> 0.2649 | O71: sicro 01/24 | P71: revisado | R71: =H71*F71 -> 7805.5747
A72: 8.6 | B72: 4816119 | C72: ARGILA OU BARRO PARA ATERRO/REATERRO (RETIRADO NA JAZIDA, SEM TRANSPORTE) - BDI = 15,00 | D72: SICRO NOVO | E72: M3 | F72: 22493.22 | G72: =VLOOKUP(B72,SICRO!$A:$D,4,FALSE) -> 33.13 | H72: =(G72*K72)/100 -> 4.9695 | I72: =SUM(G72:H72) -> 38.0995 | J72: =F72*I72 -> 856980.44 | K72: 15 | L72: =(J72/$J$114)*100 -> 2.0304761 | M72: =J72-(G72*F72) -> 111780.06 | N72: =(J72/(G72*F72))-1 -> 0.15 | O72: REVISADA PARA SICRO | P72: REVISADO | R72: =H72*F72 -> 111780.06
A73: 8.7 | B73: 4011548 | C73: EXECUÇÃO E COMPACTAÇÃO DE BASE E OU SUB BASE PARA PAVIMENTAÇÃO DE BRITA GRADUADA SIMPLES - EXCLUSIVE CARGA E TRANSPORTE. AF_11/2019 | D73: SICRO NOVO | E73: M3 | F73: 22141.47 | G73: =VLOOKUP(B73,SICRO!$A:$D,4,FALSE) -> 109.73 | H73: =(G73*K73)/100 -> 29.067477 | I73: =SUM(G73:H73) -> 138.79748 | J73: =F73*I73 -> 3073180.2 | K73: 26.49 | L73: =(J73/$J$114)*100 -> 7.2814017 | M73: =J73-(G73*F73) -> 643596.67 | N73: =(J73/(G73*F73))-1 -> 0.2649 | O73: REVISADA PARA SICRO | P73: revisado | R73: =H73*F73 -> 643596.67
A74: 8.8 | B74: CP-4011352-75503491 | C74: Imprimação com emulsão asfáltica | D74: Composições Próprias | E74: m² | F74: 90126.89 | G74: =SUMIF('Comp próprias'!A:A,B74,'Comp próprias'!J:J) -> 0.3895 | H74: =(G74*K74)/100 -> 0.10317855 | I74: =SUM(G74:H74) -> 0.49267855 | J74: =F74*I74 -> 44403.585 | K74: 26.49 | L74: =(J74/$J$114)*100 -> 0.10520709 | M74: =J74-(G74*F74) -> 9299.1618 | N74: =(J74/(G74*F74))-1 -> 0.2649 | R74: =H74*F74 -> 9299.1618
A75: 8.9 | B75: CP-96402-36775074 | C75: EXECUÇÃO DE PINTURA DE LIGAÇÃO SEM EMULSÃO ASFÁLTICA RR-1C. AF_11/2019 | D75: Composições Próprias | E75: M2 | F75: 90126.89 | G75: ='Comp próprias'!J270 -> 0.934631 | H75: =(G75*K75)/100 -> 0.24758375 | I75: =SUM(G75:H75) -> 1.1822148 | J75: =F75*I75 -> 106549.34 | K75: 26.49 | L75: =(J75/$J$114)*100 -> 0.25245137 | M75: =J75-(G75*F75) -> 22313.954 | N75: =(J75/(G75*F75))-1 -> 0.2649 | O75: REVISADO SICRO | P75: revisado | R75: =H75*F75 -> 22313.954
A76: 8.10 | B76: CP-95995-56578480 | C76: EXECUÇÃO DE PAVIMENTO COM APLICAÇÃO DE CONCRETO ASFÁLTICO, CAMADA DE ROLAMENTO - EXCLUSIVE AQUISIÇÃO E TRANSPORTE DO CAP, CARGA E TRANSPORTE DA MASSA. AF_11/2019 | D76: Composições Próprias | E76: M3 | F76: 3797.26 | G76: =SUMIF('Comp próprias'!A:A,B76,'Comp próprias'!J:J) -> 619.30416 | H76: =(G76*K76)/100 -> 164.05367 | I76: =SUM(G76:H76) -> 783.35784 | J76: =F76*I76 -> 2974613.4 | K76: 26.49 | L76: =(J76/$J$114)*100 -> 7.0478636 | M76: =J76-(G76*F76) -> 622954.45 | N76: =(J76/(G76*F76))-1 -> 0.2649 | O76: REVISAR | R76: =H76*F76 -> 622954.45
A77: 8.11 | B77: 5914351 | C77: Carga, manobra e descarga de agregados ou solos em caminhão basculante de 14 m³ - carga com carregadeira de 3,40 m³ e descarga livre | D77: SICRO NOVO | E77: t | F77: 104815.99 | G77: =VLOOKUP(B77,SICRO!$A:$D,4,FALSE) -> 2.52 | H77: =(G77*K77)/100 -> 0.667548 | I77: =SUM(G77:H77) -> 3.187548 | J77: =F77*I77 -> 334106 | K77: 26.49 | L77: =(J77/$J$114)*100 -> 0.79160994 | M77: =J77-(G77*F77) -> 69969.704 | N77: =(J77/(G77*F77))-1 -> 0.2649 | O77: sicro 01/24 | P77: revisado | R77: =H77*F77 -> 69969.704
A78: 8.12 | B78: 5915320 | C78: Transporte com caminhão basculante de 14 m³ - rodovia em revestimento primário | D78: SICRO NOVO | E78: tkm | F78: 1482059.6 | G78: =VLOOKUP(B78,SICRO!$A:$D,4,FALSE) -> 0.66 | H78: =(G78*K78)/100 -> 0.174834 | I78: =SUM(G78:H78) -> 0.834834 | J78: =F78*I78 -> 1237273.7 | K78: 26.49 | L78: =(J78/$J$114)*100 -> 2.9315193 | M78: =J78-(G78*F78) -> 259114.41 | N78: =(J78/(G78*F78))-1 -> 0.2649 | O78: sicro 01/24 | P78: revisado | R78: =H78*F78 -> 259114.41
A79: 8.13 | B79: 5915321 | C79: Transporte com caminhão basculante de 14 m³ - rodovia pavimentada | D79: SICRO NOVO | E79: tkm | F79: 2004049.9 | G79: =VLOOKUP(B79,SICRO!$A:$D,4,FALSE) -> 0.54 | H79: =(G79*K79)/100 -> 0.143046 | I79: =SUM(G79:H79) -> 0.683046 | J79: =F79*I79 -> 1368858.2 | K79: 26.49 | L79: =(J79/$J$114)*100 -> 3.2432875 | M79: =J79-(G79*F79) -> 286671.32 | N79: =(J79/(G79*F79))-1 -> 0.2649 | O79: sicro 01/24 | P79: revisado | R79: =H79*F79 -> 286671.32
A80: 8.14 | B80: AQUISIÇÃO DE MATERIAL ASFÁLTICO | J80: =SUM(J81:J83) -> 3939033.8 | L80: =(J80/$J$114)*100 -> 9.3329012 | M80: y | R80: =H80*F80 -> 0
A81: 8.14.1 | B81: COMP-03498244 | C81: Aquisição de material asfáltico - CAP-50/70 - fev.2024 - BDI = 15,00 | D81: Composições Próprias | E81: T | F81: 613.41 | G81: =SUMIF('Comp próprias'!A:A,B81,'Comp próprias'!J:J) -> 4249.04 | H81: =(G81*K81)/100 -> 637.356 | I81: =SUM(G81:H81) -> 4886.396 | J81: =F81*I81 -> 2997364.2 | K81: 15 | L81: =(J81/$J$114)*100 -> 7.101768 | M81: =J81-(G81*F81) -> 390960.54 | N81: =(J81/(G81*F81))-1 -> 0.15 | O81: REVISAR | R81: =H81*F81 -> 390960.54
A82: 8.14.2 | B82: COMP-77187591 | C82: Aquisição de material asfáltico - Emulsão asfáltica para imprimação - EAI - FEV.2024 - BDI = 15,00 | D82: Composições Próprias | E82: T | F82: 117.16 | G82: =SUMIF('Comp próprias'!A:A,B82,'Comp próprias'!J:J) -> 5973.9803 | H82: =(G82*K82)/100 -> 896.09705 | I82: =SUM(G82:H82) -> 6870.0773 | J82: =F82*I82 -> 804898.26 | K82: 15 | L82: =(J82/$J$114)*100 -> 1.9070758 | M82: =J82-(G82*F82) -> 104986.73 | N82: =(J82/(G82*F82))-1 -> 0.15 | R82: =H82*F82 -> 104986.73
A83: 8.14.3 | B83: COMP-10245392 | C83: Aquisição de material asfáltico - RR 1C - FEV.2024 - BDI = 15,00 | D83: Composições Próprias | E83: T | F83: 40.56 | G83: =SUMIF('Comp próprias'!A:A,B83,'Comp próprias'!J:J) -> 2932.2386 | H83: =(G83*K83)/100 -> 439.83579 | I83: =SUM(G83:H83) -> 3372.0744 | J83: =F83*I83 -> 136771.34 | K83: 15 | L83: =(J83/$J$114)*100 -> 0.32405749 | M83: =J83-(G83*F83) -> 17839.74 | N83: =(J83/(G83*F83))-1 -> 0.15 | R83: =H83*F83 -> 17839.74
A84: 8.15 | B84: TRANSPORTE DE MATERIAL ASFÁLTICO | J84: =SUM(J85:J87) -> 443925 | L84: =(J84/$J$114)*100 -> 1.0518082 | M84: y | R84: =H84*F84 -> 0
A85: 8.15.1 | B85: COMP-45540817 | C85: Transporte de material asfáltico - CAP-50/70 - FEV.2024 - BDI = 15,00 | D85: Composições Próprias | E85: T | F85: 613.41 | G85: =SUMIF('Comp próprias'!A:A,B85,'Comp próprias'!J:J) -> 299.43 | H85: =(G85*K85)/100 -> 44.9145 | I85: =SUM(G85:H85) -> 344.3445 | J85: =F85*I85 -> 211224.36 | K85: 15 | L85: =(J85/$J$114)*100 -> 0.50046184 | M85: =J85-(G85*F85) -> 27551.003 | N85: =(J85/(G85*F85))-1 -> 0.15 | R85: =H85*F85 -> 27551.003
A86: 8.15.2 | B86: COMP-03856186 | C86: Transporte de material asfáltico - Emulsão asfáltica para imprimação - EAI - FEV.2024 - BDI = 15,00 | D86: Composições Próprias | E86: T | F86: 117.16 | G86: =SUMIF('Comp próprias'!A:A,B86,'Comp próprias'!J:J) -> 1282.9596 | H86: =(G86*K86)/100 -> 192.44393 | I86: =SUM(G86:H86) -> 1475.4035 | J86: =F86*I86 -> 172858.27 | K86: 15 | L86: =(J86/$J$114)*100 -> 0.40955963 | M86: =J86-(G86*F86) -> 22546.731 | N86: =(J86/(G86*F86))-1 -> 0.15 | R86: =H86*F86 -> 22546.731
A87: 8.15.3 | B87: COMP-35782054 | C87: Transporte de material asfáltico - RR 1C - FEV.2024 - BDI = 15,00 | D87: Composições Próprias | E87: T | F87: 40.56 | G87: =SUMIF('Comp próprias'!A:A,B87,'Comp próprias'!J:J) -> 1282.9596 | H87: =(G87*K87)/100 -> 192.44393 | I87: =SUM(G87:H87) -> 1475.4035 | J87: =F87*I87 -> 59842.366 | K87: 15 | L87: =(J87/$J$114)*100 -> 0.14178677 | M87: =J87-(G87*F87) -> 7805.526 | N87: =(J87/(G87*F87))-1 -> 0.15 | R87: =H87*F87 -> 7805.526
A88: 9 | B88: SERVIÇOS DE SINALIZAÇÃO | J88: =SUM(J89,J92,J96) -> 667655.76 | L88: =(J88/$J$114)*100 -> 1.581902 | M88: x | R88: =H88*F88 -> 0
A89: 9.1 | B89: SINALIZAÇÃO HORIZONTAL | J89: =SUM(J90:J91) -> 552048.54 | L89: =(J89/$J$114)*100 -> 1.3079894 | M89: y | R89: =H89*F89 -> 0
A90: 9.1.1 | B90: 5213408 | C90: Pintura de faixa com termoplástico por aspersão - espessura de 1,5 mm | D90: SICRO NOVO | E90: m² | F90: 4039.93 | G90: =VLOOKUP(B90,SICRO!$A:$D,4,FALSE) -> 49.27 | H90: =(G90*K90)/100 -> 13.051623 | I90: =SUM(G90:H90) -> 62.321623 | J90: =F90*I90 -> 251774.99 | K90: 26.49 | L90: =(J90/$J$114)*100 -> 0.59653999 | M90: =J90-(G90*F90) -> 52727.643 | N90: =(J90/(G90*F90))-1 -> 0.2649 | O90: sicro 01/24 | P90: revisado | R90: =H90*F90 -> 52727.643
A91: 9.1.2 | B91: 5219608 | C91: Tacha refletiva em plástico injetado - bidirecional tipo III - com um pino - fornecimento e colocação | D91: SICRO NOVO | E91: un | F91: 5583 | G91: =VLOOKUP(B91,SICRO!$A:$D,4,FALSE) -> 42.52 | H91: =(G91*K91)/100 -> 11.263548 | I91: =SUM(G91:H91) -> 53.783548 | J91: =F91*I91 -> 300273.55 | K91: 26.49 | L91: =(J91/$J$114)*100 -> 0.71144944 | M91: =J91-(G91*F91) -> 62884.388 | N91: =(J91/(G91*F91))-1 -> 0.2649 | O91: sicro 01/24 | P91: revisado | R91: =H91*F91 -> 62884.388
A92: 9.2 | B92: SINALIZAÇÃO VERTICAL | J92: =SUM(J93:J95) -> 35392.899 | L92: =(J92/$J$114)*100 -> 0.08385773 | M92: y | R92: =H92*F92 -> 0
A93: 9.2.1 | B93: 5213418 | C93: Placa em aço nº 16 galvanizado com película retrorrefletiva tipo III + III - confecção | D93: SICRO NOVO | E93: m² | F93: 31 | G93: =VLOOKUP(B93,SICRO!$A:$D,4,FALSE) -> 562.22 | H93: =(G93*K93)/100 -> 148.93208 | I93: =SUM(G93:H93) -> 711.15208 | J93: =F93*I93 -> 22045.714 | K93: 26.49 | L93: =(J93/$J$114)*100 -> 0.052233742 | M93: =J93-(G93*F93) -> 4616.8944 | N93: =(J93/(G93*F93))-1 -> 0.2649 | O93: sicro 01/24 | P93: revisado | R93: =H93*F93 -> 4616.8944
A94: 9.2.2 | B94: 5213417 | C94: Placa em aço nº 16 galvanizado com película retrorrefletiva tipo I + III - confecção | D94: SICRO NOVO | E94: m² | F94: 4.78 | G94: =VLOOKUP(B94,SICRO!$A:$D,4,FALSE) -> 449.19 | H94: =(G94*K94)/100 -> 118.99043 | I94: =SUM(G94:H94) -> 568.18043 | J94: =F94*I94 -> 2715.9025 | K94: 26.49 | L94: =(J94/$J$114)*100 -> 0.0064348901 | M94: =J94-(G94*F94) -> 568.77426 | N94: =(J94/(G94*F94))-1 -> 0.2649 | O94: sicro 01/24 | P94: revisado | R94: =H94*F94 -> 568.77426
A95: 9.2.3 | B95: 5216111 | C95: Suporte para placa de sinalização em madeira de lei tratada 8 x 8 cm - fornecimento e implantação | D95: SICRO NOVO | E95: un | F95: 76 | G95: =VLOOKUP(B95,SICRO!$A:$D,4,FALSE) -> 110.59 | H95: =(G95*K95)/100 -> 29.295291 | I95: =SUM(G95:H95) -> 139.88529 | J95: =F95*I95 -> 10631.282 | K95: 26.49 | L95: =(J95/$J$114)*100 -> 0.025189098 | M95: =J95-(G95*F95) -> 2226.4421 | N95: =(J95/(G95*F95))-1 -> 0.2649 | O95: sicro 01/24 | P95: revisado | R95: =H95*F95 -> 2226.4421
A96: 9.3 | B96: SINALIZAÇÃO DE OBRAS | J96: =SUM(J97:J101) -> 80214.317 | L96: =(J96/$J$114)*100 -> 0.1900548 | M96: y | R96: =H96*F96 -> 0
A97: 9.3.1 | B97: 5212556 | C97: Placa para sinalização de obras montada em cavalete metálico - 1,00 x 1,00 m - utilização de 600 ciclos - fornecimento, 01 implantação e 01 retirada diária | D97: SICRO NOVO | E97: un.dia | F97: 4560 | G97: =VLOOKUP(B97,SICRO!$A:$D,4,FALSE) -> 1.91 | H97: =(G97*K97)/100 -> 0.505959 | I97: =SUM(G97:H97) -> 2.415959 | J97: =F97*I97 -> 11016.773 | K97: 26.49 | L97: =(J97/$J$114)*100 -> 0.026102456 | M97: =J97-(G97*F97) -> 2307.173 | N97: =(J97/(G97*F97))-1 -> 0.2649 | O97: sicro 01/24 | P97: revisado | R97: =H97*F97 -> 2307.173
A98: 9.3.2 | B98: 5212557 | C98: Placa de regulamentação para sinalização de obras montada em suporte metálico móvel - D = 1,00 m - utilização de 600 ciclos - fornecimento, 01 implantação e 01 retirada diária | D98: SICRO NOVO | E98: un.dia | F98: 4560 | G98: =VLOOKUP(B98,SICRO!$A:$D,4,FALSE) -> 3.57 | H98: =(G98*K98)/100 -> 0.945693 | I98: =SUM(G98:H98) -> 4.515693 | J98: =F98*I98 -> 20591.56 | K98: 26.49 | L98: =(J98/$J$114)*100 -> 0.04878836 | M98: =J98-(G98*F98) -> 4312.3601 | N98: =(J98/(G98*F98))-1 -> 0.2649 | O98: sicro 01/24 | P98: revisado | R98: =H98*F98 -> 4312.3601
A99: 9.3.3 | B99: 5212560 | C99: Placa de advertência para sinalização de obras montada em suporte metálico móvel, lado 1,00 m - utilização de 600 ciclos - fornecimento, 01 implantação e 01 retirada diária | D99: SICRO NOVO | E99: un.dia | F99: 4560 | G99: =VLOOKUP(B99,SICRO!$A:$D,4,FALSE) -> 3.8 | H99: =(G99*K99)/100 -> 1.00662 | I99: =SUM(G99:H99) -> 4.80662 | J99: =F99*I99 -> 21918.187 | K99: 26.49 | L99: =(J99/$J$114)*100 -> 0.051931587 | M99: =J99-(G99*F99) -> 4590.1872 | N99: =(J99/(G99*F99))-1 -> 0.2649 | O99: sicro 01/24 | P99: revisado | R99: =H99*F99 -> 4590.1872
A100: 9.3.4 | B100: 5213385 | C100: Barreira de sinalização tipo I de direcionamento ou bloqueio - confecção | D100: SICRO NOVO | E100: un | F100: 38 | G100: =VLOOKUP(B100,SICRO!$A:$D,4,FALSE) -> 358.43 | H100: =(G100*K100)/100 -> 94.948107 | I100: =SUM(G100:H100) -> 453.37811 | J100: =F100*I100 -> 17228.368 | K100: 26.49 | L100: =(J100/$J$114)*100 -> 0.040819822 | M100: =J100-(G100*F100) -> 3608.0281 | N100: =(J100/(G100*F100))-1 -> 0.2649 | O100: sicro 01/24 | P100: revisado | R100: =H100*F100 -> 3608.0281
A101: 9.3.5 | B101: 5213835 | C101: Cone plástico para canalização de trânsito - utilização de 150 ciclos - fornecimento, 01 implantação e 01 retirada diária | D101: SICRO NOVO | E101: un.dia | F101: 9120 | G101: =VLOOKUP(B101,SICRO!$A:$D,4,FALSE) -> 0.82 | H101: =(G101*K101)/100 -> 0.217218 | I101: =SUM(G101:H101) -> 1.037218 | J101: =F101*I101 -> 9459.4282 | K101: 26.49 | L101: =(J101/$J$114)*100 -> 0.02241258 | M101: =J101-(G101*F101) -> 1981.0282 | N101: =(J101/(G101*F101))-1 -> 0.2649 | O101: sicro 01/24 | P101: revisado | R101: =H101*F101 -> 1981.0282
...

Sheet Planilha14
C10: PLANILHA ORÇAMENTÁRIA
C11: OBRA: | D11: PROJETO DE IMPLANTAÇÃO, PAVIMENTAÇÃO E DRENAGEM DE ACESSO AL-245 SÃO SEBASTIÃO - FEIRA GRANDE - SEM EXTENSÃO PONTE - SEM DESONERAÇÃO | L11: DATA: 08/05/2024 | M11: FONTE | N11: VERSÃO | O11: DATA REF.
L12: BDI: 26,49% | M12: EMBASA | N12: 2024 SEM DESONERAÇÃO
L13: BDI diferenciado: 15% | M13: ORSE | N13: 2024/01
C14: DESCRIÇÃO: | D14: PROJETO DE IMPLANTAÇÃO, PAVIMENTAÇÃO E DRENAGEM DE ACESSO AL-245 SÃO SEBASTIÃO - FEIRA GRANDE | L14: L.S. Hora: 115,22% | M14: SEINFRA | N14: 028.1 COM DESONERAÇÃO
L15: L.S. Mês: 70,31% | M15: SICRO NOVO | N15: 2023/10
M16: SINAPI | N16: 2024/01 SEM DESONERAÇÃO
C17: LOCAL: | D17: FEIRA GRANDE - SÃO SEBASTIÃO/AL | M17: SMOP | N17: 2023/04 SEM DESONERAÇÃO
C18: CLIENTE: | D18: CODEVASF | M18: SP OBRAS | N18: 193 SEM DESONERAÇÃO
M19: SUDECAP | N19: 2023/10 SEM DESONERAÇÃO
M20: COMPOSIÇÕES | N20: PROPRIA

Sheet Comp próprias
B2: COMP-42893817 MOBILIZAÇÃO DE EQUIPAMENTOS DE MACEIÓ ( ACESSO AL - 485 SÃO SEBASTIÃO - FEIRA GRANDE - REV02) (UN) | K2: x | L2: .
B3: Material | E3: FONTE | G3: UNID | H3: COEFICIENTE | I3: PREÇO UNITÁRIO | J3: TOTAL | L3: .
B4: INS-12724257 | C4: MOBILIZAÇÃO DE EQUIPAMENTOS DE MACEIÓ ( ACESSO AL - 485 SÃO SEBASTIÃO - FEIRA GRANDE - REV02) | E4: Composições | G4: UN | H4: 1 | I4: 13215.64 | J4: =I4*H4 -> 13215.64 | L4: .
H5: TOTAL Material: | J5: =J4 -> 13215.64 | L5: .
A6: COMP-42893817 | H6: VALOR: | J6: =J5 -> 13215.64 | K6: y | L6: .
L7: .
B8: COMP-39510826 DESMOBILIZAÇÃO DE EQUIPAMENTOS DE MACEIÓ ( ACESSO AL - 485 SÃO SEBASTIÃO - FEIRA GRANDE - REV02) (UN) | K8: x | L8: .
B9: Material | E9: FONTE | G9: UNID | H9: COEFICIENTE | I9: PREÇO UNITÁRIO | J9: TOTAL | L9: .
B10: INS-54189885 | C10: DESMOBILIZAÇÃO DE EQUIPAMENTOS DE MACEIÓ ( ACESSO AL - 485 SÃO SEBASTIÃO - FEIRA GRANDE - REV02) | E10: Composições | G10: UN | H10: 1 | I10: 13215.64 | J10: =I10*H10 -> 13215.64 | L10: .
H11: TOTAL Material: | J11: =J10 -> 13215.64 | L11: .
A12: COMP-39510826 | H12: VALOR: | J12: =J11 -> 13215.64 | K12: y | L12: .
L13: .
B14: COMP-52766000 ADMINISTRAÇÃO LOCAL DE OBRA - INCLUINDO EXAMES, ALIMENTAÇÃO E SEGURO (SÃO SEBASTIÃO) (UND) | K14: x | L14: .
B15: Equipamento | E15: FONTE | G15: UNID | H15: COEFICIENTE | I15: PREÇO UNITÁRIO | J15: TOTAL | L15: .
B16: 2789 | C16: Veículo leve - pick up (97kw) | E16: ORSE | G16: h | H16: 8448 | I16: 10.35 | J16: =I16*H16 -> 87436.8 | L16: .
B17: 5896 | C17: Veículo tipo sedan ou pick-up capacidade 0,6 ton | E17: ORSE | G17: h | H17: 4224 | I17: 8.33 | J17: =I17*H17 -> 35185.92 | L17: .
H18: TOTAL Equipamento: | J18: =SUM(J16:J17) -> 122622.72 | L18: .
B19: Geral | E19: FONTE | G19: UNID | H19: COEFICIENTE | I19: PREÇO UNITÁRIO | J19: TOTAL | L19: .
B20: INS-948131 | C20: Aluguel de Terreno para instalação do Canteiro de Obra | E20: Composições | G20: MÊS | H20: 12 | I20: 3000 | J20: =I20*H20 -> 36000 | L20: .
B21: B8953 | C21: Mobiliário para Escritório | E21: Tabela de | G21: ocupan | H21: 144 | I21: 529.1 | J21: =I21*H21 -> 76190.4 | L21: .
H22: TOTAL Geral: | J22: =SUM(J20:J21) -> 112190.4 | L22: .
B23: Material | E23: FONTE | G23: UNID | H23: COEFICIENTE | I23: PREÇO UNITÁRIO | J23: TOTAL | L23: .
B24: 10540 | C24: Aluguel de computador notebook | E24: ORSE | G24: mês | H24: 120 | I24: 18.72 | J24: =I24*H24 -> 2246.4 | L24: .
B25: 10541 | C25: Aluguel de impressora colorida - laser | E25: ORSE | G25: mês | H25: 24 | I25: 12.47 | J25: =I25*H25 -> 299.28 | L25: .
B26: 9811 | C26: Micro computador com de monitor 19", software e ploter | E26: ORSE | G26: mês | H26: 72 | I26: 870 | J26: =I26*H26 -> 62640 | L26: .
H27: TOTAL Material: | J27: =SUM(J24:J26) -> 65185.68 | L27: .
B28: Mão de Obra com Encargos Complementares | E28: FONTE | G28: UNID | H28: COEFICIENTE | I28: PREÇO UNITÁRIO | J28: TOTAL | L28: .
B29: 93563 | C29: ALMOXARIFE COM ENCARGOS COMPLEMENTARES | E29: SINAPI | G29: MES | H29: 24 | I29: =IFERROR(VLOOKUP(B29,'SINAPI COMP AL'!$G:$L,5,FALSE),VLOOKUP(B29,'SINAPI INS AL'!A:E,5,FALSE)) -> 4038.54 | J29: =I29*H29 -> 96924.96 | L29: .
B30: 101390 | C30: AUXILIAR TÉCNICO / ASSISTENTE DE ENGENHARIA COM ENCARGOS COMPLEMENTARES | E30: SINAPI | G30: MES | H30: 24 | I30: =IFERROR(VLOOKUP(B30,'SINAPI COMP AL'!$G:$L,5,FALSE),VLOOKUP(B30,'SINAPI INS AL'!A:E,5,FALSE)) -> 5559.04 | J30: =I30*H30 -> 133416.96 | L30: .
B31: 93572 | C31: ENCARREGADO GERAL DE OBRAS COM ENCARGOS COMPLEMENTARES | E31: SINAPI | G31: MES | H31: 24 | I31: =IFERROR(VLOOKUP(B31,'SINAPI COMP AL'!$G:$L,5,FALSE),VLOOKUP(B31,'SINAPI INS AL'!A:E,5,FALSE)) -> 4577.5 | J31: =I31*H31 -> 109860 | L31: .
B32: 93565 | C32: ENGENHEIRO CIVIL DE OBRA JUNIOR COM ENCARGOS COMPLEMENTARES | E32: SINAPI | G32: MES | H32: 12 | I32: =IFERROR(VLOOKUP(B32,'SINAPI COMP AL'!$G:$L,5,FALSE),VLOOKUP(B32,'SINAPI INS AL'!A:E,5,FALSE)) -> 21711.49 | J32: =I32*H32 -> 260537.88 | L32: .
B33: 93567 | C33: ENGENHEIRO CIVIL DE OBRA PLENO COM ENCARGOS COMPLEMENTARES | E33: SINAPI | G33: MES | H33: 12 | I33: =IFERROR(VLOOKUP(B33,'SINAPI COMP AL'!$G:$L,5,FALSE),VLOOKUP(B33,'SINAPI INS AL'!A:E,5,FALSE)) -> 22771.1 | J33: =I33*H33 -> 273253.2 | L33: .
B34: 93568 | C34: ENGENHEIRO CIVIL DE OBRA SENIOR COM ENCARGOS COMPLEMENTARES | E34: SINAPI | G34: MES | H34: 12 | I34: =IFERROR(VLOOKUP(B34,'SINAPI COMP AL'!$G:$L,5,FALSE),VLOOKUP(B34,'SINAPI INS AL'!A:E,5,FALSE)) -> 27108.03 | J34: =I34*H34 -> 325296.36 | L34: .
B35: 94295 | C35: MESTRE DE OBRAS COM ENCARGOS COMPLEMENTARES | E35: SINAPI | G35: MES | H35: 12 | I35: =IFERROR(VLOOKUP(B35,'SINAPI COMP AL'!$G:$L,5,FALSE),VLOOKUP(B35,'SINAPI INS AL'!A:E,5,FALSE)) -> 6854.13 | J35: =I35*H35 -> 82249.56 | L35: .
B36: 101452 | C36: SERVENTE DE OBRAS COM ENCARGOS COMPLEMENTARES | E36: SINAPI | G36: MES | H36: 12 | I36: =IFERROR(VLOOKUP(B36,'SINAPI COMP AL'!$G:$L,5,FALSE),VLOOKUP(B36,'SINAPI INS AL'!A:E,5,FALSE)) -> 3604.86 | J36: =I36*H36 -> 43258.32 | L36: .
B37: 100321 | C37: TÉCNICO EM SEGURANÇA DO TRABALHO COM ENCARGOS COMPLEMENTARES | E37: SINAPI | G37: MES | H37: 12 | I37: =IFERROR(VLOOKUP(B37,'SINAPI COMP AL'!$G:$L,5,FALSE),VLOOKUP(B37,'SINAPI INS AL'!A:E,5,FALSE)) -> 4848.51 | J37: =I37*H37 -> 58182.12 | L37: .
H38: TOTAL Mão de Obra com Encargos Complementares: | J38: =SUM(J29:J37) -> 1382979.4 | L38: .
A39: COMP-52766000 | H39: VALOR: | J39: =SUM(J38,J27,J22,J18) -> 1682978.2 | K39: y | L39: .
L40: .
B41: COMP-00428179 PROJETOS EXECUTIVOS OBRA DE GRANDE PORTE - PAVIMENTAÇÃO E DRENAGEM.REV (UN) | K41: x | L41: .
B42: Equipamento | E42: FONTE | G42: UNID | H42: COEFICIENTE | I42: PREÇO UNITÁRIO | J42: TOTAL | L42: .
B43: H019701001 | C43: LOCACAO DE EQUIPAMENTO DE TOPOGRAFIA (ESTACAO TOTAL) | E43: EMBASA | G43: MES | H43: 3 | I43: 1581.68 | J43: =I43*H43 -> 4745.04 | L43: .
B44: H019701007 | C44: LOCACAO DE EQUIPAMENTO DE TOPOGRAFIA (GPS GEODESICO - RTK) | E44: EMBASA | G44: MES | H44: 6 | I44: 4000 | J44: =I44*H44 -> 24000 | L44: .
B45: 4415 | C45: Veículo leve - Volkswagen:GOL ou similar | E45: ORSE | G45: h | H45: 3000 | I45: 13.18 | J45: =I45*H45 -> 39540 | L45: .
H46: TOTAL Equipamento: | J46: =SUM(J43:J45) -> 68285.04 | L46: .
B47: Material | E47: FONTE | G47: UNID | H47: COEFICIENTE | I47: PREÇO UNITÁRIO | J47: TOTAL | L47: .
B48: 10535 | C48: Aluguel de arquivo em aço | E48: ORSE | G48: mês | H48: 27 | I48: 7.91 | J48: =I48*H48 -> 213.57 | L48: .
B49: 10529 | C49: Aluguel de bureau de madeira 1,40m | E49: ORSE | G49: mês | H49: 90 | I49: 5.83 | J49: =I49*H49 -> 524.7 | L49: .
B50: 10531 | C50: Aluguel de cadeira sem braços | E50: ORSE | G50: mês | H50: 90 | I50: 2.91 | J50: =I50*H50 -> 261.9 | L50: .
B51: 10541 | C51: Aluguel de impressora colorida - laser | E51: ORSE | G51: mês | H51: 200 | I51: 12.47 | J51: =I51*H51 -> 2494 | L51: .
B52: 10530 | C52: Aluguel de mesa para reunião | E52: ORSE | G52: mês | H52: 36 | I52: 5 | J52: =I52*H52 -> 180 | L52: .
B53: 10563 | C53: Material de limpeza | E53: ORSE | G53: mês | H53: 6 | I53: 126.93 | J53: =I53*H53 -> 761.58 | L53: .
B54: 9811 | C54: Micro computador com de monitor 19", software e ploter | E54: ORSE | G54: mês | H54: 38 | I54: 870 | J54: =I54*H54 -> 33060 | L54: .
H55: TOTAL Material: | J55: =SUM(J48:J54) -> 37495.75 | L55: .
B56: Mão de Obra com Encargos Complementares | E56: FONTE | G56: UNID | H56: COEFICIENTE | I56: PREÇO UNITÁRIO | J56: TOTAL | L56: .
B57: 101385 | C57: AUXILIAR DE LABORATORISTA DE SOLOS E DE CONCRETO COM ENCARGOS COMPLEMENTARES | E57: SINAPI | G57: MES | H57: 10 | I57: =IFERROR(VLOOKUP(B57,'SINAPI COMP AL'!$G:$L,5,FALSE),VLOOKUP(B57,'SINAPI INS AL'!A:E,5,FALSE)) -> 4565.62 | J57: =I57*H57 -> 45656.2 | L57: .
B58: 101389 | C58: AUXILIAR DE TOPÓGRAFO COM ENCARGOS COMPLEMENTARES | E58: SINAPI | G58: MES | H58: 18 | I58: =IFERROR(VLOOKUP(B58,'SINAPI COMP AL'!$G:$L,5,FALSE),VLOOKUP(B58,'SINAPI INS AL'!A:E,5,FALSE)) -> 3597.8 | J58: =I58*H58 -> 64760.4 | L58: .
B59: 101390 | C59: AUXILIAR TÉCNICO / ASSISTENTE DE ENGENHARIA COM ENCARGOS COMPLEMENTARES | E59: SINAPI | G59: MES | H59: 12 | I59: =IFERROR(VLOOKUP(B59,'SINAPI COMP AL'!$G:$L,5,FALSE),VLOOKUP(B59,'SINAPI INS AL'!A:E,5,FALSE)) -> 5559.04 | J59: =I59*H59 -> 66708.48 | L59: .
B60: 93561 | C60: DESENHISTA PROJETISTA COM ENCARGOS COMPLEMENTARES | E60: SINAPI | G60: MES | H60: 10 | I60: =IFERROR(VLOOKUP(B60,'SINAPI COMP AL'!$G:$L,5,FALSE),VLOOKUP(B60,'SINAPI INS AL'!A:E,5,FALSE)) -> 7025.34 | J60: =I60*H60 -> 70253.4 | L60: .
B61: 93565 | C61: ENGENHEIRO CIVIL DE OBRA JUNIOR COM ENCARGOS COMPLEMENTARES | E61: SINAPI | G61: MES | H61: 12 | I61: =IFERROR(VLOOKUP(B61,'SINAPI COMP AL'!$G:$L,5,FALSE),VLOOKUP(B61,'SINAPI INS AL'!A:E,5,FALSE)) -> 21711.49 | J61: =I61*H61 -> 260537.88 | L61: .
B62: 101456 | C62: TÉCNICO DE LABORATÓRIO E CAMPO DE CONSTRUÇÃO COM ENCARGOS COMPLEMENTARES | E62: SINAPI | G62: MES | H62: 6 | I62: =IFERROR(VLOOKUP(B62,'SINAPI COMP AL'!$G:$L,5,FALSE),VLOOKUP(B62,'SINAPI INS AL'!A:E,5,FALSE)) -> 4936.81 | J62: =I62*H62 -> 29620.86 | L62: .
B63: 100321 | C63: TÉCNICO EM SEGURANÇA DO TRABALHO COM ENCARGOS COMPLEMENTARES | E63: SINAPI | G63: MES | H63: 12 | I63: =IFERROR(VLOOKUP(B63,'SINAPI COMP AL'!$G:$L,5,FALSE),VLOOKUP(B63,'SINAPI INS AL'!A:E,5,FALSE)) -> 4848.51 | J63: =I63*H63 -> 58182.12 | L63: .
B64: 94296 | C64: TOPOGRAFO COM ENCARGOS COMPLEMENTARES | E64: SINAPI | G64: MES | H64: 10 | I64: =IFERROR(VLOOKUP(B64,'SINAPI COMP AL'!$G:$L,5,FALSE),VLOOKUP(B64,'SINAPI INS AL'!A:E,5,FALSE)) -> 7499.55 | J64: =I64*H64 -> 74995.5 | L64: .
H65: TOTAL Mão de Obra com Encargos Complementares: | J65: =SUM(J57:J64) -> 670714.84 | L65: .
B66: Serviço | E66: FONTE | G66: UNID | H66: COEFICIENTE | I66: PREÇO UNITÁRIO | J66: TOTAL | L66: .
B67: 10554 | C67: Água - dispêndio mensal | E67: ORSE | G67: mês | H67: 6 | I67: 394.99 | J67: =I67*H67 -> 2369.94 | L67: .
B68: 10568 | C68: Aluguel de aparelho de ar condicionado 18.000 BTU's | E68: ORSE | G68: mês | H68: 90 | I68: 26.3 | J68: =I68*H68 -> 2367 | L68: .
B69: 10555 | C69: Consumo de energia elétrica | E69: ORSE | G69: mês | H69: 6 | I69: 180 | J69: =I69*H69 -> 1080 | L69: .
B70: 11984 | C70: Encadernações | E70: ORSE | G70: un | H70: 200 | I70: 6 | J70: =I70*H70 -> 1200 | L70: .
H71: TOTAL Serviço: | J71: =SUM(J67:J70) -> 7016.94 | L71: .
A72: COMP-00428179 | H72: VALOR: | J72: =SUM(J71,J65,J55,J46) -> 783512.57 | K72: y | L72: .
L73: .
B74: CP-01.10.01-53334570 BANHEIRO QUIMICO 110X120X230CM COM MANUTENCAO (MES) | K74: x | L74: .
B75: Material | E75: FONTE | G75: UNID | H75: COEFICIENTE | I75: PREÇO UNITÁRIO | J75: TOTAL | L75: .
B76: 89.50.09 | C76: BANHEIRO QUIMICO 2 MANUT. 2 ROLOS PAPEL HIGIENICO | E76: SUDECAP | G76: MES | H76: 1 | I76: 680 | J76: =I76*H76 -> 680 | L76: .
H77: TOTAL Material: | J77: =J76 -> 680 | L77: .
A78: CP-01.10.01-53334570 | H78: VALOR: | J78: =J77 -> 680 | K78: y | L78: .
L79: .
B80: CP-103689-80233409 FORNECIMENTO E INSTALAÇÃO DE PLACA DE OBRA COM CHAPA GALVANIZADA E ESTRUTURA DE MADEIRA COM SUPORTE DE FIXAÇÃO. AF_03/2022_PS (M2) | K80: x | L80: .
B81: Material | E81: FONTE | G81: UNID | H81: COEFICIENTE | I81: PREÇO UNITÁRIO | J81: TOTAL | L81: .
B82: 4813 | C82: PLACA DE OBRA (PARA CONSTRUCAO CIVIL) EM CHAPA GALVANIZADA *N. 22*, ADESIVADA, DE *2,4 X 1,2* M (SEM POSTES PARA FIXACAO) | E82: SINAPI | G82: M2 | H82: 1 | I82: =IFERROR(VLOOKUP(B82,'SINAPI COMP AL'!$G:$L,5,FALSE),VLOOKUP(B82,'SINAPI INS AL'!A:E,5,FALSE)) -> 250 | J82: =I82*H82 -> 250 | L82: .
B83: 4491 | C83: PONTALETE *7,5 X 7,5* CM EM PINUS, MISTA OU EQUIVALENTE DA REGIAO - BRUTA | E83: SINAPI | G83: M | H83: 4 | I83: =IFERROR(VLOOKUP(B83,'SINAPI COMP AL'!$G:$L,5,FALSE),VLOOKUP(B83,'SINAPI INS AL'!A:E,5,FALSE)) -> 11.05 | J83: =I83*H83 -> 44.2 | L83: .
B84: 5065 | C84: PREGO DE ACO POLIDO COM CABECA 10 X 10 (7/8 X 17) | E84: SINAPI | G84: KG | H84: 0.0113 | I84: =IFERROR(VLOOKUP(B84,'SINAPI COMP AL'!$G:$L,5,FALSE),VLOOKUP(B84,'SINAPI INS AL'!A:E,5,FALSE)) -> 46.44 | J84: =I84*H84 -> 0.524772 | L84: .
B85: 5069 | C85: PREGO DE ACO POLIDO COM CABECA 17 X 27 (2 1/2 X 11) | E85: SINAPI | G85: KG | H85: 0.0132 | I85: =IFERROR(VLOOKUP(B85,'SINAPI COMP AL'!$G:$L,5,FALSE),VLOOKUP(B85,'SINAPI INS AL'!A:E,5,FALSE)) -> 24.88 | J85: =I85*H85 -> 0.328416 | L85: .
B86: 4509 | C86: SARRAFO *2,5 X 10* CM EM PINUS, MISTA OU EQUIVALENTE DA REGIAO - BRUTA | E86: SINAPI | G86: M | H86: 3.2083 | I86: =IFERROR(VLOOKUP(B86,'SINAPI COMP AL'!$G:$L,5,FALSE),VLOOKUP(B86,'SINAPI INS AL'!A:E,5,FALSE)) -> 5.61 | J86: =I86*H86 -> 17.998563 | L86: .
H87: TOTAL Material: | J87: =SUM(J82:J86) -> 313.05175 | L87: .
B88: Mão de Obra com Encargos Complementares | E88: FONTE | G88: UNID | H88: COEFICIENTE | I88: PREÇO UNITÁRIO | J88: TOTAL | L88: .
B89: 88262 | C89: CARPINTEIRO DE FORMAS COM ENCARGOS COMPLEMENTARES | E89: SINAPI | G89: H | H89: 0.3729 | I89: =IFERROR(VLOOKUP(B89,'SINAPI COMP AL'!$G:$L,5,FALSE),VLOOKUP(B89,'SINAPI INS AL'!A:E,5,FALSE)) -> 24.5 | J89: =I89*H89 -> 9.13605 | L89: .
B90: 88316 | C90: SERVENTE COM ENCARGOS COMPLEMENTARES | E90: SINAPI | G90: H | H90: 1.1186 | I90: =IFERROR(VLOOKUP(B90,'SINAPI COMP AL'!$G:$L,5,FALSE),VLOOKUP(B90,'SINAPI INS AL'!A:E,5,FALSE)) -> 20.28 | J90: =I90*H90 -> 22.685208 | L90: .
H91: TOTAL Mão de Obra com Encargos Complementares: | J91: =SUM(J89:J90) -> 31.821258 | L91: .
B92: Serviço | E92: FONTE | G92: UNID | H92: COEFICIENTE | I92: PREÇO UNITÁRIO | J92: TOTAL | L92: .
B93: 102234 | C93: PINTURA IMUNIZANTE PARA MADEIRA, 2 DEMÃOS. AF_01/2021 | E93: SINAPI | G93: M2 | H93: 0.5 | I93: =IFERROR(VLOOKUP(B93,'SINAPI COMP AL'!$G:$L,5,FALSE),VLOOKUP(B93,'SINAPI INS AL'!A:E,5,FALSE)) -> 25.32 | J93: =I93*H93 -> 12.66 | L93: .
H94: TOTAL Serviço: | J94: =SUM(J93) -> 12.66 | L94: .
A95: CP-103689-80233409 | H95: VALOR: | J95: =SUM(J94,J91,J87) -> 357.53301 | K95: y | L95: .
L96: .
B97: COMP-40581667 Ligação Predial de Água no Passeio em 1 1/2", com fornecimento do material, inclusive hidrômetro de 20m3/h e caixa de proteção c/tampa de concreto - REV.04 - 09/2023 (un) | K97: x | L97: .
B98: Equipamento | E98: FONTE | G98: UNID | H98: COEFICIENTE | I98: PREÇO UNITÁRIO | J98: TOTAL | L98: .
B99: 2480 | C99: Pick-up, capacidade 1,2 t | E99: ORSE | G99: h | H99: 0.33 | I99: 11.08 | J99: =I99*H99 -> 3.6564 | L99: .
H100: TOTAL Equipamento: | J100: =J99 -> 3.6564 | L100: .
B101: Material | E101: FONTE | G101: UNID | H101: COEFICIENTE | I101: PREÇO UNITÁRIO | J101: TOTAL | L101: .
...

Sheet Comp auxiliares
A1: CP-6169-S72897S.01 Carga manual de entulho em caminhao basculante 6 m3. REV.01(1O/2021) (m3)
A2: Mão de Obra com Encargos Complementares | C2: FONTE | D2: UNID | E2: COEFICIENTE | F2: PREÇO UNITÁRIO | G2: TOTAL
A3: 88316 | B3: SERVENTE COM ENCARGOS COMPLEMENTARES | C3: SINAPI | D3: H | E3: 0.7 | F3: =IFERROR(VLOOKUP(A3,'SINAPI COMP AL'!$G:$L,5,FALSE),VLOOKUP(A3,'SINAPI INS AL'!#REF!,5,FALSE)) -> 20.28 | G3: =F3*E3 -> 14.196
E4: TOTAL Mão de Obra com Encargos Complementares: | G4: =G3 -> 14.196
A5: Serviço | C5: FONTE | D5: UNID | E5: COEFICIENTE | F5: PREÇO UNITÁRIO | G5: TOTAL
A6: 53792 | B6: CAMINHÃO BASCULANTE 6 M3, PESO BRUTO TOTAL 16.000 KG, CARGA ÚTIL MÁXIMA 13.071 KG, DISTÂNCIA ENTRE EIXOS 4,80 M, POTÊNCIA 230 CV INCLUSIVE CAÇAMBA METÁLICA - MATERIAIS NA OPERAÇÃO. AF_06/2014 | C6: SINAPI | D6: H | E6: 0.25 | F6: =IFERROR(VLOOKUP(A6,'SINAPI COMP AL'!$G:$L,5,FALSE),VLOOKUP(A6,'SINAPI INS AL'!#REF!,5,FALSE)) -> 103.95 | G6: =F6*E6 -> 25.9875
E7: TOTAL Serviço: | G7: =G6 -> 25.9875
A8: Observações: COPIA ORSE - SE - 2020/07 (REF: 10/2020)24335 -S72897S/ORSE | E8: VALOR: | G8: =G7+G4 -> 40.1835
A10: COM-45346505 Laboratório de Asfalto (mês)
A11: Material | C11: FONTE | D11: UNID | E11: COEFICIENTE | F11: PREÇO UNITÁRIO | G11: TOTAL
A12: INS-79912236 | B12: Laboratório de Asfalto | C12: Composições | D12: mês | E12: 1 | F12: 5668.86 | G12: 5668.86
E13: TOTAL Material: | G13: 5668.86
A14: Observações: Composição elaborada conforme tabela de custo e pagamentos DNIT (JULHO/2022) | E14: VALOR: | G14: 5668.86
E15: VALOR ENCARGOS: | G15: 0
A18: CP-8414-83397 POSTE DE CONCRETO DUPLO T H=9M CARGA NOMINAL 300KG INCLUSIVE ESCAVACAO, EXCLUSIVE TRANSPORTE - FORNECIMENTO E INSTALACAO (UN)
A19: Equipamento Custo Horário | C19: FONTE | D19: UNID | E19: COEFICIENTE | F19: PREÇO UNITÁRIO | G19: TOTAL
A20: 91634 | B20: GUINDAUTO HIDRÁULICO, CAPACIDADE MÁXIMA DE CARGA 6500 KG, MOMENTO MÁXIMO DE CARGA 5,8 TM, ALCANCE MÁXIMO HORIZONTAL 7,60 M, INCLUSIVE CAMINHÃO TOCO PBT 9.700 KG, POTÊNCIA DE 160 CV - CHP DIURNO. AF_08/2015 | C20: SINAPI | D20: CHP | E20: 1.25 | F20: =IFERROR(VLOOKUP(A20,'SINAPI COMP AL'!$G:$L,5,FALSE),VLOOKUP(A20,'SINAPI INS AL'!#REF!,5,FALSE)) -> 231.97 | G20: =F20*E20 -> 289.9625
E21: TOTAL Equipamento Custo Horário: | G21: =G20 -> 289.9625
A22: Material | C22: FONTE | D22: UNID | E22: COEFICIENTE | F22: PREÇO UNITÁRIO | G22: TOTAL
A23: 5033 | B23: POSTE DE CONCRETO ARMADO DE SECAO DUPLO T, EXTENSAO DE 9,00 M, RESISTENCIA DE 300 A 400 DAN, TIPO B OU D | C23: SINAPI | D23: UN | E23: 1 | F23: =IFERROR(VLOOKUP(A23,'SINAPI COMP AL'!$G:$L,5,FALSE),VLOOKUP(A23,'SINAPI INS AL'!$A:$E,5,FALSE)) -> 794 | G23: =F23*E23 -> 794
E24: TOTAL Material: | G24: =G23 -> 794
A25: Mão de Obra com Encargos Complementares | C25: FONTE | D25: UNID | E25: COEFICIENTE | F25: PREÇO UNITÁRIO | G25: TOTAL
A26: 88316 | B26: SERVENTE COM ENCARGOS COMPLEMENTARES | C26: SINAPI | D26: H | E26: 6 | F26: =IFERROR(VLOOKUP(A26,'SINAPI COMP AL'!$G:$L,5,FALSE),VLOOKUP(A26,'SINAPI INS AL'!#REF!,5,FALSE)) -> 20.28 | G26: =F26*E26 -> 121.68
E27: TOTAL Mão de Obra com Encargos Complementares: | G27: =G26 -> 121.68
A28: Serviço | C28: FONTE | D28: UNID | E28: COEFICIENTE | F28: PREÇO UNITÁRIO | G28: TOTAL
A29: 94969 | B29: CONCRETO FCK = 15MPA, TRAÇO 1:3,4:3,5 (EM MASSA SECA DE CIMENTO/ AREIA MÉDIA/ BRITA 1) - PREPARO MECÂNICO COM BETONEIRA 600 L. AF_05/2021 | C29: SINAPI | D29: M3 | E29: 0.15 | F29: =IFERROR(VLOOKUP(A29,'SINAPI COMP AL'!$G:$L,5,FALSE),VLOOKUP(A29,'SINAPI INS AL'!#REF!,5,FALSE)) -> 400.71 | G29: =F29*E29 -> 60.1065
A30: 103670 | B30: LANÇAMENTO COM USO DE BALDES, ADENSAMENTO E ACABAMENTO DE CONCRETO EM ESTRUTURAS. AF_02/2022 | C30: SINAPI | D30: M3 | E30: 0.15 | F30: =IFERROR(VLOOKUP(A30,'SINAPI COMP AL'!$G:$L,5,FALSE),VLOOKUP(A30,'SINAPI INS AL'!#REF!,5,FALSE)) -> 273.03 | G30: =F30*E30 -> 40.9545
E31: TOTAL Serviço: | G31: =SUM(G29:G30) -> 101.061
A32: Observações: COPIA SINAPI - AL - 2019/10 COM DESONERAÇÃO (REF: 11/2019)20664 - 83397/SINAPI | E32: VALOR: | G32: =SUM(G31,G27,G24,G21) -> 1306.7035
A34: CP-101025-73976347 USINAGEM DE CONCRETO ASFÁLTICO COM CAP 50/70 PARA CAMADA DE ROLAMENTO, PADRÃO DNIT FAIXA C, EM USINA DE ASFALTO GRAVIMÉTRICA DE 150 TON/H. AF_03/2020_P (T)
A35: Equipamento Custo Horário | C35: FONTE | D35: UNID | E35: COEFICIENTE | F35: PREÇO UNITÁRIO | G35: TOTAL
A36: 95873 | B36: GRUPO GERADOR COM CARENAGEM, MOTOR DIESEL POTÊNCIA STANDART ENTRE 250 E 260 KVA - CHI DIURNO. AF_12/2016 | C36: SINAPI | D36: CHI | E36: 0.0027 | F36: =IFERROR(VLOOKUP(A36,'SINAPI COMP AL'!$G:$L,5,FALSE),VLOOKUP(A36,'SINAPI INS AL'!#REF!,5,FALSE)) -> 13.75 | G36: =F36*E36 -> 0.037125
A37: 95872 | B37: GRUPO GERADOR COM CARENAGEM, MOTOR DIESEL POTÊNCIA STANDART ENTRE 250 E 260 KVA - CHP DIURNO. AF_12/2016 | C37: SINAPI | D37: CHP | E37: 0.0095 | F37: =IFERROR(VLOOKUP(A37,'SINAPI COMP AL'!$G:$L,5,FALSE),VLOOKUP(A37,'SINAPI INS AL'!#REF!,5,FALSE)) -> 303.05 | G37: =F37*E37 -> 2.878975
A38: 5942 | B38: PÁ CARREGADEIRA SOBRE RODAS, POTÊNCIA LÍQUIDA 128 HP, CAPACIDADE DA CAÇAMBA 1,7 A 2,8 M3, PESO OPERACIONAL 11632 KG - CHI DIURNO. AF_06/2014 | C38: SINAPI | D38: CHI | E38: 0.0074 | F38: =IFERROR(VLOOKUP(A38,'SINAPI COMP AL'!$G:$L,5,FALSE),VLOOKUP(A38,'SINAPI INS AL'!#REF!,5,FALSE)) -> 64.89 | G38: =F38*E38 -> 0.480186
A39: 5940 | B39: PÁ CARREGADEIRA SOBRE RODAS, POTÊNCIA LÍQUIDA 128 HP, CAPACIDADE DA CAÇAMBA 1,7 A 2,8 M3, PESO OPERACIONAL 11632 KG - CHP DIURNO. AF_06/2014 | C39: SINAPI | D39: CHP | E39: 0.0048 | F39: =IFERROR(VLOOKUP(A39,'SINAPI COMP AL'!$G:$L,5,FALSE),VLOOKUP(A39,'SINAPI INS AL'!#REF!,5,FALSE)) -> 173.04 | G39: =F39*E39 -> 0.830592
A40: 7030 | B40: TANQUE DE ASFALTO ESTACIONÁRIO COM SERPENTINA, CAPACIDADE 30.000 L - CHP DIURNO. AF_05/2023 | C40: SINAPI | D40: CHP | E40: 0.0244 | F40: =IFERROR(VLOOKUP(A40,'SINAPI COMP AL'!$G:$L,5,FALSE),VLOOKUP(A40,'SINAPI INS AL'!#REF!,5,FALSE)) -> 274.74 | G40: =F40*E40 -> 6.703656
A41: 100648 | B41: USINA DE ASFALTO, TIPO GRAVIMÉTRICA, PROD 150 TON/HORA - CHI DIURNO. AF_12/2019 | C41: SINAPI | D41: CHI | E41: 0.0027 | F41: =IFERROR(VLOOKUP(A41,'SINAPI COMP AL'!$G:$L,5,FALSE),VLOOKUP(A41,'SINAPI INS AL'!#REF!,5,FALSE)) -> 551.81 | G41: =F41*E41 -> 1.489887
A42: 100647 | B42: USINA DE ASFALTO, TIPO GRAVIMÉTRICA, PROD 150 TON/HORA - CHP DIURNO. AF_12/2019 | C42: SINAPI | D42: CHP | E42: 0.0095 | F42: =IFERROR(VLOOKUP(A42,'SINAPI COMP AL'!$G:$L,5,FALSE),VLOOKUP(A42,'SINAPI INS AL'!#REF!,5,FALSE)) -> 6692.71 | G42: =F42*E42 -> 63.580745
E43: TOTAL Equipamento Custo Horário: | G43: =SUM(G36:G42) -> 76.001166
A44: Material | C44: FONTE | D44: UNID | E44: COEFICIENTE | F44: PREÇO UNITÁRIO | G44: TOTAL
A45: 370 | B45: AREIA MEDIA - POSTO JAZIDA/FORNECEDOR (RETIRADO NA JAZIDA, SEM TRANSPORTE) | C45: SINAPI | D45: M3 | E45: 0.3248 | F45: =IFERROR(VLOOKUP(A45,'SINAPI COMP AL'!$G:$L,5,FALSE),VLOOKUP(A45,'SINAPI INS AL'!$A:$E,5,FALSE)) -> 95 | G45: =F45*E45 -> 30.856
A46: 1106 | B46: CAL HIDRATADA CH-I PARA ARGAMASSAS | C46: SINAPI | D46: KG | E46: 56.2 | F46: =IFERROR(VLOOKUP(A46,'SINAPI COMP AL'!$G:$L,5,FALSE),VLOOKUP(A46,'SINAPI INS AL'!$A:$E,5,FALSE)) -> 1.2 | G46: =F46*E46 -> 67.44
A47: 4720 | B47: PEDRA BRITADA N. 0, OU PEDRISCO (4,8 A 9,5 MM) POSTO PEDREIRA/FORNECEDOR, SEM FRETE | C47: SINAPI | D47: M3 | E47: 0.1998 | F47: =IFERROR(VLOOKUP(A47,'SINAPI COMP AL'!$G:$L,5,FALSE),VLOOKUP(A47,'SINAPI INS AL'!$A:$E,5,FALSE)) -> 95.32 | G47: =F47*E47 -> 19.044936
A48: 4721 | B48: PEDRA BRITADA N. 1 (9,5 a 19 MM) POSTO PEDREIRA/FORNECEDOR, SEM FRETE | C48: SINAPI | D48: M3 | E48: 0.0625 | F48: =IFERROR(VLOOKUP(A48,'SINAPI COMP AL'!$G:$L,5,FALSE),VLOOKUP(A48,'SINAPI INS AL'!$A:$E,5,FALSE)) -> 82.56 | G48: =F48*E48 -> 5.16
E49: TOTAL Material: | G49: =SUM(G45:G48) -> 122.50094
A50: Mão de Obra com Encargos Complementares | C50: FONTE | D50: UNID | E50: COEFICIENTE | F50: PREÇO UNITÁRIO | G50: TOTAL
A51: 90776 | B51: ENCARREGADO GERAL COM ENCARGOS COMPLEMENTARES | C51: SINAPI | D51: H | E51: 0.0122 | F51: =IFERROR(VLOOKUP(A51,'SINAPI COMP AL'!$G:$L,5,FALSE),VLOOKUP(A51,'SINAPI INS AL'!$A:$E,5,FALSE)) -> 26.2 | G51: =F51*E51 -> 0.31964
A52: 88316 | B52: SERVENTE COM ENCARGOS COMPLEMENTARES | C52: SINAPI | D52: H | E52: 0.0244 | F52: =IFERROR(VLOOKUP(A52,'SINAPI COMP AL'!$G:$L,5,FALSE),VLOOKUP(A52,'SINAPI INS AL'!$A:$E,5,FALSE)) -> 20.28 | G52: =F52*E52 -> 0.494832
E53: TOTAL Mão de Obra com Encargos Complementares: | G53: =SUM(G51:G52) -> 0.814472
A54: Observações: COPIA SINAPI - AL - 2021/11 COM DESONERAÇÃO (REF: 12/2021)29989 - 101025/SINAPI | E54: VALOR: | G54: =SUM(G53,G49,G43) -> 199.31657

Sheet Comp adm local
A1: COMPOSIÇÃO DE ADMINISTRAÇÃO DE OBRA | M1: TEMPO DE OBRA= | O1: 12
A2: DESCRIÇÃO DA EQUIPE | B2: ITEM | C2: CÓDIGO | D2: FONTE | E2: DESCRIÇÃO | F2: UND. | G2: Quantidade Unid. | H2: QTD DE MESES DA OBRA | I2: QTD DE HORAS | J2: TOTAL H ou Mês | K2: PREÇO UNIT. (SEOBRA) | L2: Preço Total | M2: BDI | N2: 0.2649
A3: MÃO DE OBRA EQUIPE TÉCNICA CANTEIRO/OBRA | B3: 1 | C3: 93563 | D3: SINAPI | E3: ALMOXARIFE COM ENCARGOS COMPLEMENTARES | F3: MÊS | G3: 2 | H3: =$O$1 -> 12 | J3: =H3*G3 -> 24 | K3: =IFERROR(VLOOKUP(C3,'SINAPI COMP AL'!$G:$L,5,FALSE),VLOOKUP(C3,'SINAPI INS AL'!C:G,5,FALSE)) -> 4038.54 | L3: =J3*K3 -> 96924.96
B4: 2 | C4: 101390 | D4: SINAPI | E4: AUXILIAR TÉCNICO / ASSISTENTE DE ENGENHARIA COM ENCARGOS COMPLEMENTARES | F4: MÊS | G4: 2 | H4: =$O$1 -> 12 | J4: =H4*G4 -> 24 | K4: =IFERROR(VLOOKUP(C4,'SINAPI COMP AL'!$G:$L,5,FALSE),VLOOKUP(C4,'SINAPI INS AL'!C:G,5,FALSE)) -> 5559.04 | L4: =J4*K4 -> 133416.96
B5: 3 | C5: 93572 | D5: SINAPI | E5: ENCARREGADO GERAL DE OBRAS COM ENCARGOS COMPLEMENTARES | F5: MÊS | G5: 2 | H5: =$O$1 -> 12 | J5: =H5*G5 -> 24 | K5: =IFERROR(VLOOKUP(C5,'SINAPI COMP AL'!$G:$L,5,FALSE),VLOOKUP(C5,'SINAPI INS AL'!C:G,5,FALSE)) -> 4577.5 | L5: =J5*K5 -> 109860
B6: 4 | C6: 93565 | D6: SINAPI | E6: ENGENHEIRO CIVIL DE OBRA JUNIOR COM ENCARGOS COMPLEMENTARES | F6: MÊS | G6: 1 | H6: =$O$1 -> 12 | J6: =H6*G6 -> 12 | K6: =IFERROR(VLOOKUP(C6,'SINAPI COMP AL'!$G:$L,5,FALSE),VLOOKUP(C6,'SINAPI INS AL'!C:G,5,FALSE)) -> 21711.49 | L6: =J6*K6 -> 260537.88
B7: 5 | C7: 93567 | D7: SINAPI | E7: ENGENHEIRO CIVIL DE OBRA PLENO COM ENCARGOS COMPLEMENTARES | F7: MÊS | G7: 1 | H7: =$O$1 -> 12 | J7: =H7*G7 -> 12 | K7: =IFERROR(VLOOKUP(C7,'SINAPI COMP AL'!$G:$L,5,FALSE),VLOOKUP(C7,'SINAPI INS AL'!C:G,5,FALSE)) -> 22771.1 | L7: =J7*K7 -> 273253.2
B8: 6 | C8: 93568 | D8: SINAPI | E8: ENGENHEIRO CIVIL DE OBRA SENIOR COM ENCARGOS COMPLEMENTARES | F8: MÊS | G8: 1 | H8: =$O$1 -> 12 | J8: =H8*G8 -> 12 | K8: =IFERROR(VLOOKUP(C8,'SINAPI COMP AL'!$G:$L,5,FALSE),VLOOKUP(C8,'SINAPI INS AL'!C:G,5,FALSE)) -> 27108.03 | L8: =J8*K8 -> 325296.36
B9: 7 | C9: 94295 | D9: SINAPI | E9: MESTRE DE OBRAS COM ENCARGOS COMPLEMENTARES | F9: MÊS | G9: 1 | H9: =$O$1 -> 12 | J9: =H9*G9 -> 12 | K9: =IFERROR(VLOOKUP(C9,'SINAPI COMP AL'!$G:$L,5,FALSE),VLOOKUP(C9,'SINAPI INS AL'!C:G,5,FALSE)) -> 6854.13 | L9: =J9*K9 -> 82249.56
B10: 8 | C10: 101452 | D10: SINAPI | E10: SERVENTE DE OBRAS COM ENCARGOS COMPLEMENTARES | F10: MÊS | G10: 1 | H10: =$O$1 -> 12 | J10: =H10*G10 -> 12 | K10: =IFERROR(VLOOKUP(C10,'SINAPI COMP AL'!$G:$L,5,FALSE),VLOOKUP(C10,'SINAPI INS AL'!C:G,5,FALSE)) -> 3604.86 | L10: =J10*K10 -> 43258.32
B11: 9 | C11: 100321 | D11: SINAPI | E11: TÉCNICO EM SEGURANÇA DO TRABALHO COM ENCARGOS COMPLEMENTARES | F11: MÊS | G11: 1 | H11: =$O$1 -> 12 | J11: =H11*G11 -> 12 | K11: =IFERROR(VLOOKUP(C11,'SINAPI COMP AL'!$G:$L,5,FALSE),VLOOKUP(C11,'SINAPI INS AL'!C:G,5,FALSE)) -> 4848.51 | L11: =J11*K11 -> 58182.12
A12: MATERIAL | B12: 10 | C12: 10540 | D12: ORSE | E12: Aluguel de computador notebook | F12: MÊS | G12: 10 | H12: 12 | J12: =H12*G12 -> 120 | K12: 18.72 | L12: =J12*K12 -> 2246.4
B13: 11 | C13: 10541 | D13: ORSE | E13: Aluguel de impressora colorida - laser | F13: MÊS | G13: 2 | H13: 12 | J13: =H13*G13 -> 24 | K13: 12.47 | L13: =J13*K13 -> 299.28
B14: 12 | C14: 9811 | D14: ORSE | E14: Micro computador com de monitor 19", software e ploter | F14: MÊS | G14: 6 | H14: =$O$1 -> 12 | J14: =H14*G14 -> 72 | K14: 870 | L14: =J14*K14 -> 62640
A15: GERAL | B15: 13 | C15: INS-948131 | D15: Composições Próprias | E15: Aluguel de Terreno para instalação do Canteiro de Obra | F15: MÊS | G15: 1 | H15: =$O$1 -> 12 | J15: =G15*H15 -> 12 | K15: 3000 | L15: =J15*K15 -> 36000
B16: 14 | C16: B8953 | D16: Composições Próprias | E16: Mobiliário para Escritório | F16: MÊS | G16: 12 | H16: =$O$1 -> 12 | J16: =G16*H16 -> 144 | K16: 529.1 | L16: =J16*K16 -> 76190.4
A17: CARROS PARA OBRA | B17: 15 | C17: 2789 | D17: ORSE | E17: Veículo leve - pick up (97kw) | F17: H | G17: 4 | H17: 12 | I17: 176 | J17: =G17*H17*I17 -> 8448 | K17: 10.35 | L17: =J17*K17 -> 87436.8 | M17: 1 Carro Segurança + 2 Carros Eng. Junior + 2 Carros Eng. Pleno + 1 Carros Arq. Senior + 2 Carros Técnico Senior + 2 Carros Top. + 2 Carros Lab. = 12
B18: 16 | C18: 5896 | D18: ORSE | E18: Veículo tipo sedan ou pick-up capacidade 0,6 ton | F18: H | G18: 2 | H18: =$O$1 -> 12 | I18: 176 | J18: =G18*H18*I18 -> 4224 | K18: 8.33 | L18: =J18*K18 -> 35185.92 | M18: 5 Carros Eng. Senior + 2 Carros Coordenador = 7
K19: PREÇO ADM SEM BDI | L19: =SUM(L3:L18) -> 1682978.2
K20: PREÇO ADM COM BDI | L20: =L19*N2+L19 -> 2128799.1
K21: TOTAL DA OBRA | L21: 42039796 | M21: Pegar valor no SEOBRA
K22: PESO | L22: =L20/L21 -> 0.050637711

Sheet Transporte Cap 50-70
C2: MEMÓRIA DE CÁLCULO
C7: REAJUSTE | F7: TIPOLOGIA DO MATERIAL | I7: CIMENTOS ASFÁLTICOS CAP-50-70 | M7: IMPOSTOS | N7: COFINS | O7: 0.0065
G8: ÍNDICE DE PAVIMENTAÇÃO DNIT | H8: 41821 | I8: ÍNDICE INICIAL | J8: 270.237 | N8: PIS | O8: 0.03 | Q8: LEGENDA | Z8: As empresas tributadas pelo Lucro Presumido pagam 0,65% de PIS e 3% de COFINS
H9: 45383 | I9: ÍNDICE FINAL | J9: 567.092 | N9: ICMS | O9: 0.18 | P9: =1-(O9/1) -> 0.82 | Q9: ENTRADA DE DADOS | Z9: As empresas tributadas pelo Lucro Real pagam 1,65% de PIS e 7,60% de COFINS
F10: CAP50/70 | G10: Data ANP | H10: 45352
C11: DATA-BASE | D11: PRODUTOS | E11: LOCALIDADES | J11: CUSTO ANP (R$/Kg) | L11: CUSTO ANP | M11: IMPOSTOS DO PRODUTO | N11: CUSTO DO PRODUTO COM IMPOSTOS | O11: DMT's | P11: CUSTO DO TRANSPORTE RODOVIA PAVIMENTADA | Q11: ICMS | R11: ATUALIZAÇÃO DO CUSTO DE TRANSPORTE | S11: CUSTO DO TRANSPORTE RODOVIA PAVIMENTADA COM IMPOSTOS E ATUALIZAÇÃO MONETÁRIA | T11: PEDÁGIO | V11: TOTAL TRANSPORTE | W11: AQUISIÇÃO DO PRODUTO | X11: TOTAL GERAL ( TRANSP + AQUISIÇÃO) | Z11: 1 | AA11: 2 | AB11: 3
C12: =H9 -> 45383 | E12: REFINARIAS | F12: ENDEREÇO | G12: ESTADO | H12: CIDADE | I12: DESTINO | J12: ESTADO | K12: REGIÃO | L12: R$/t | M12: R$/t | N12: R$/t | O12: KM | P12: R$/t | Q12: R$/t | R12: R$/t | S12: R$/t | T12: CUSTO | U12: R$/t | V12: R$/t | W12: R$/t | X12: R$/t | Z12: TOTAL GERAL ( TRANSP + AQUISIÇÃO) | AA12: TOTAL TRANSPORTE | AB12: AQUISIÇÃO DO PRODUTO
B13: =X13 -> 4852.9095 | C13: 1 | D13: =I7 -> CIMENTOS ASFÁLTICOS CAP-50-70 | E13: Refinaria Abreu e Lima | F13: Rodovia PE 60, Km 10 - Ipojuca - PE CEP:55590-000 | G13: Pernambuco | H13: IPOJUCA - PE | I13: São Sebastião -AL | J13: - | K13: 3.5062399 | L13: =IF(AND(J13="-",K13="-"),"",IF(AND(J13<>0,K13="-"),J13*1000,IF(AND(J13="-",K13<>0),K13*1000,IF(AND(J13<>0,K13<>0),J13*1000,"")))) -> 3506.2399 | M13: =ROUND(((L13/(1-$O$7-$O$8-$O$9))-L13),2) -> 968.86 | N13: =L13+M13 -> 4475.0999 | O13: 356 | P13: =ROUND((26.939+0.253*O13),2) -> 117.01 | Q13: =TRUNC(P13*($O$9/(1-$O$9)),2) -> 25.68 | R13: =TRUNC(IF($J$8="","",(($J$9-$J$8)/$J$8)*(P13+Q13)),2) -> 156.74 | S13: =P13+Q13+R13 -> 299.43 | T13: 1086 | U13: =EVEN('[57] CONSUMO DE MAT. B TOTAL'!$P$13*2/28)*T13/'[57] CONSUMO DE MAT. B TOTAL'!$P$13 -> 78.379566 | V13: =IF(AND(P13="",Q13=""),"",S13+U13) -> 377.80957 | W13: =IF(OR(L13="",M13=""),"",L13+M13) -> 4475.0999 | X13: =IF(OR(V13="",W13=""),"",V13+W13) -> 4852.9095 | Z13: =X13 -> 4852.9095 | AA13: =V13 -> 377.80957 | AB13: =W13 -> 4475.0999 | AE13: =IF(OR(G13=$D$51,G13=$D$52,G13=$D$54,G13=$D$60,G13=$D$44,G13=$D$40,G13=$D$36,G13=$D$49,G13=$D$39),"NORDESTE",IF(OR(G13=$D$35,G13=$D$37,G13=$D$38,G13=$D$48,G13=$D$56,G13=$D$57,G13=$D$61),"NORTE",IF(OR(G13=$D$41,G13=$D$43,G13=$D$45,G13=$D$46),"CENTRO-OESTE",IF(OR(G13=$D$59,G13=$D$53,G13=$D$47,G13=$D$42),"SUDESTE",IF(OR(G13=$D$58,G13=$D$50,G13=$D$55),"SUL",""))))) -> NORDESTE
B14: =X14 -> 5066.5399 | C14: 2 | E14: Refinaria Potiguar Clara Camarão | F14: Rodovia RN 221, KM 25 - Guamaré - RN CEP:59598-000 | G14: Rio Grande do Norte | H14: GUAMARÉ - RN | I14: São Sebastião -AL | J14: - | K14: 3.5062399 | L14: =IF(AND(J14="-",K14=""),"",IF(AND(J14<>0,K14=""),J14*1000,IF(AND(J14="-",K14<>0),K14*1000,IF(AND(J14<>0,K14<>0),J14*1000,"")))) -> 3506.2399 | M14: =ROUND(((L14/(1-$O$7-$O$8-$O$9))-L14),2) -> 968.86 | N14: =L14+M14 -> 4475.0999 | O14: 807 | P14: =ROUND((26.939+0.253*O14),2) -> 231.11 | Q14: =TRUNC(P14*($O$9/(1-$O$9)),2) -> 50.73 | R14: =TRUNC(IF($J$8="","",(($J$9-$J$8)/$J$8)*(P14+Q14)),2) -> 309.6 | S14: =P14+Q14+R14 -> 591.44 | U14: =EVEN('[57] CONSUMO DE MAT. B TOTAL'!$P$13*2/28)*T14/'[57] CONSUMO DE MAT. B TOTAL'!$P$13 -> 0 | V14: =IF(AND(P14="",Q14=""),"",S14+U14) -> 591.44 | W14: =IF(OR(L14="",M14=""),"",L14+M14) -> 4475.0999 | X14: =IF(OR(V14="",W14=""),"",V14+W14) -> 5066.5399 | Z14: =X14 -> 5066.5399 | AA14: =V14 -> 591.44 | AB14: =W14 -> 4475.0999 | AE14: =IF(OR(G14=$D$51,G14=$D$52,G14=$D$54,G14=$D$60,G14=$D$44,G14=$D$40,G14=$D$36,G14=$D$49,G14=$D$39),"NORDESTE",IF(OR(G14=$D$35,G14=$D$37,G14=$D$38,G14=$D$48,G14=$D$56,G14=$D$57,G14=$D$61),"NORTE",IF(OR(G14=$D$41,G14=$D$43,G14=$D$45,G14=$D$46),"CENTRO-OESTE",IF(OR(G14=$D$59,G14=$D$53,G14=$D$47,G14=$D$42),"SUDESTE",IF(OR(G14=$D$58,G14=$D$50,G14=$D$55),"SUL",""))))) -> NORDESTE
B15: =X15 -> 4954.3 | C15: 3 | E15: Refinaria Landulpho Alves (RLAM) | F15: Rodovia BA 523, KM 4 – Mataripe São Francisco do Conde - BA CEP:43900-000 | G15: Bahia | H15: SÃO FRANCISCO DO CONDE - BA | I15: São Sebastião -AL | J15: 3.5253204 | K15: 3.5062399 | L15: =IF(AND(J15="-",K15=""),"",IF(AND(J15<>0,K15=""),J15*1000,IF(AND(J15="-",K15<>0),K15*1000,IF(AND(J15<>0,K15<>0),J15*1000,"")))) -> 3525.3204 | M15: =ROUND(((L15/(1-$O$7-$O$8-$O$9))-L15),2) -> 974.13 | N15: =L15+M15 -> 4499.4504 | O15: 475 | P15: =ROUND((26.939+0.253*O15),2) -> 147.11 | Q15: =TRUNC(P15*($O$9/(1-$O$9)),2) -> 32.29 | R15: =TRUNC(IF($J$8="","",(($J$9-$J$8)/$J$8)*(P15+Q15)),2) -> 197.07 | S15: =P15+Q15+R15 -> 376.47 | T15: 1086 | U15: =EVEN('[57] CONSUMO DE MAT. B TOTAL'!$P$13*2/28)*T15/'[57] CONSUMO DE MAT. B TOTAL'!$P$13 -> 78.379566 | V15: =IF(AND(P15="",Q15=""),"",S15+U15) -> 454.84957 | W15: =IF(OR(L15="",M15=""),"",L15+M15) -> 4499.4504 | X15: =IF(OR(V15="",W15=""),"",V15+W15) -> 4954.3 | Z15: =X15 -> 4954.3 | AA15: =V15 -> 454.84957 | AB15: =W15 -> 4499.4504 | AE15: =IF(OR(G15=$D$51,G15=$D$52,G15=$D$54,G15=$D$60,G15=$D$44,G15=$D$40,G15=$D$36,G15=$D$49,G15=$D$39),"NORDESTE",IF(OR(G15=$D$35,G15=$D$37,G15=$D$38,G15=$D$48,G15=$D$56,G15=$D$57,G15=$D$61),"NORTE",IF(OR(G15=$D$41,G15=$D$43,G15=$D$45,G15=$D$46),"CENTRO-OESTE",IF(OR(G15=$D$59,G15=$D$53,G15=$D$47,G15=$D$42),"SUDESTE",IF(OR(G15=$D$58,G15=$D$50,G15=$D$55),"SUL",""))))) -> NORDESTE
A16: 2403 | B16: =X16 -> 5153.4096 | C16: 4 | E16: Refinaria Lubrificantes e Derivados do Nordeste (Lubnor) | F16: Av. Leite Barbosa, s/nº - Mucuripe Fortaleza - Ceará CEP:60180-420 | G16: Ceará | H16: FORTALEZA - CE | I16: São Sebastião -AL | J16: 3.4905996 | K16: 3.5062399 | L16: =IF(AND(J16="-",K16=""),"",IF(AND(J16<>0,K16=""),J16*1000,IF(AND(J16="-",K16<>0),K16*1000,IF(AND(J16<>0,K16<>0),J16*1000,"")))) -> 3490.5996 | M16: =ROUND(((L16/(1-$O$7-$O$8-$O$9))-L16),2) -> 964.54 | N16: =L16+M16 -> 4455.1396 | O16: 972 | P16: =ROUND((26.939+0.253*O16),2) -> 272.86 | Q16: =TRUNC(P16*($O$9/(1-$O$9)),2) -> 59.89 | R16: =TRUNC(IF($J$8="","",(($J$9-$J$8)/$J$8)*(P16+Q16)),2) -> 365.52 | S16: =P16+Q16+R16 -> 698.27 | U16: =EVEN('[57] CONSUMO DE MAT. B TOTAL'!$P$13*2/28)*T16/'[57] CONSUMO DE MAT. B TOTAL'!$P$13 -> 0 | V16: =IF(AND(P16="",Q16=""),"",S16+U16) -> 698.27 | W16: =IF(OR(L16="",M16=""),"",L16+M16) -> 4455.1396 | X16: =IF(OR(V16="",W16=""),"",V16+W16) -> 5153.4096 | Z16: =X16 -> 5153.4096 | AA16: =V16 -> 698.27 | AB16: =W16 -> 4455.1396 | AE16: =IF(OR(G16=$D$51,G16=$D$52,G16=$D$54,G16=$D$60,G16=$D$44,G16=$D$40,G16=$D$36,G16=$D$49,G16=$D$39),"NORDESTE",IF(OR(G16=$D$35,G16=$D$37,G16=$D$38,G16=$D$48,G16=$D$56,G16=$D$57,G16=$D$61),"NORTE",IF(OR(G16=$D$41,G16=$D$43,G16=$D$45,G16=$D$46),"CENTRO-OESTE",IF(OR(G16=$D$59,G16=$D$53,G16=$D$47,G16=$D$42),"SUDESTE",IF(OR(G16=$D$58,G16=$D$50,G16=$D$55),"SUL",""))))) -> NORDESTE
B17: =X17 -> 5570.9477 | C17: 5 | E17: Refinaria Capuava (Recap) | F17: Av. Alberto Soares Sampaio, 2122-A Capuava – Mauá - SP | G17: São Paulo | H17: MAUÁ - SP | I17: São Sebastião -AL | J17: 3.1369777 | K17: 3.1396081 | L17: =IF(AND(J17="-",K17=""),"",IF(AND(J17<>0,K17=""),J17*1000,IF(AND(J17="-",K17<>0),K17*1000,IF(AND(J17<>0,K17<>0),J17*1000,"")))) -> 3136.9777 | M17: =ROUND(((L17/(1-$O$7-$O$8-$O$9))-L17),2) -> 866.82 | N17: =L17+M17 -> 4003.7977 | O17: 2314 | P17: =ROUND((26.939+0.253*O17),2) -> 612.38 | Q17: =TRUNC(P17*($O$9/(1-$O$9)),2) -> 134.42 | R17: =TRUNC(IF($J$8="","",(($J$9-$J$8)/$J$8)*(P17+Q17)),2) -> 820.35 | S17: =P17+Q17+R17 -> 1567.15 | U17: =EVEN('[57] CONSUMO DE MAT. B TOTAL'!$P$13*2/28)*T17/'[57] CONSUMO DE MAT. B TOTAL'!$P$13 -> 0 | V17: =IF(AND(P17="",Q17=""),"",S17+U17) -> 1567.15 | W17: =IF(OR(L17="",M17=""),"",L17+M17) -> 4003.7977 | X17: =IF(OR(V17="",W17=""),"",V17+W17) -> 5570.9477 | Z17: =X17 -> 5570.9477 | AA17: =V17 -> 1567.15 | AB17: =W17 -> 4003.7977 | AE17: =IF(OR(G17=$D$51,G17=$D$52,G17=$D$54,G17=$D$60,G17=$D$44,G17=$D$40,G17=$D$36,G17=$D$49,G17=$D$39),"NORDESTE",IF(OR(G17=$D$35,G17=$D$37,G17=$D$38,G17=$D$48,G17=$D$56,G17=$D$57,G17=$D$61),"NORTE",IF(OR(G17=$D$41,G17=$D$43,G17=$D$45,G17=$D$46),"CENTRO-OESTE",IF(OR(G17=$D$59,G17=$D$53,G17=$D$47,G17=$D$42),"SUDESTE",IF(OR(G17=$D$58,G17=$D$50,G17=$D$55),"SUL",""))))) -> SUDESTE
B18: =X18 -> 5515.6909 | C18: 6 | E18: Refinaria Duque de Caxias (Reduc) | F18: Rodovia Washington Luiz, km 113,7 Campos Elíseos – Duque de Caxias - RJ CEP:25213-005 | G18: Rio de Janeiro | H18: DUQUE DE CAXIAS - RJ | I18: São Sebastião -AL | J18: 3.2813809 | K18: 3.1396081 | L18: =IF(AND(J18="-",K18=""),"",IF(AND(J18<>0,K18=""),J18*1000,IF(AND(J18="-",K18<>0),K18*1000,IF(AND(J18<>0,K18<>0),J18*1000,"")))) -> 3281.3809 | M18: =ROUND(((L18/(1-$O$7-$O$8-$O$9))-L18),2) -> 906.72 | N18: =L18+M18 -> 4188.1009 | O18: 1944 | P18: =ROUND((26.939+0.253*O18),2) -> 518.77 | Q18: =TRUNC(P18*($O$9/(1-$O$9)),2) -> 113.87 | R18: =TRUNC(IF($J$8="","",(($J$9-$J$8)/$J$8)*(P18+Q18)),2) -> 694.95 | S18: =P18+Q18+R18 -> 1327.59 | U18: =EVEN('[57] CONSUMO DE MAT. B TOTAL'!$P$13*2/28)*T18/'[57] CONSUMO DE MAT. B TOTAL'!$P$13 -> 0 | V18: =IF(AND(P18="",Q18=""),"",S18+U18) -> 1327.59 | W18: =IF(OR(L18="",M18=""),"",L18+M18) -> 4188.1009 | X18: =IF(OR(V18="",W18=""),"",V18+W18) -> 5515.6909 | Z18: =X18 -> 5515.6909 | AA18: =V18 -> 1327.59 | AB18: =W18 -> 4188.1009 | AE18: =IF(OR(G18=$D$51,G18=$D$52,G18=$D$54,G18=$D$60,G18=$D$44,G18=$D$40,G18=$D$36,G18=$D$49,G18=$D$39),"NORDESTE",IF(OR(G18=$D$35,G18=$D$37,G18=$D$38,G18=$D$48,G18=$D$56,G18=$D$57,G18=$D$61),"NORTE",IF(OR(G18=$D$41,G18=$D$43,G18=$D$45,G18=$D$46),"CENTRO-OESTE",IF(OR(G18=$D$59,G18=$D$53,G18=$D$47,G18=$D$42),"SUDESTE",IF(OR(G18=$D$58,G18=$D$50,G18=$D$55),"SUL",""))))) -> SUDESTE
B19: =X19 -> 6389.068 | C19: 7 | E19: Refinaria Alberto Pasqualini (Refap) | F19: Avenida Getúlio Vargas, 11001 - Bairro Brigadeira Canoas - RS - Brasil CEP:92420-221 | G19: Rio grande do sul | H19: CANOAS - RS | I19: São Sebastião -AL | J19: 3.217938 | K19: 3.2273784 | L19: =IF(AND(J19="-",K19=""),"",IF(AND(J19<>0,K19=""),J19*1000,IF(AND(J19="-",K19<>0),K19*1000,IF(AND(J19<>0,K19<>0),J19*1000,"")))) -> 3217.938 | M19: =ROUND(((L19/(1-$O$7-$O$8-$O$9))-L19),2) -> 889.19 | N19: =L19+M19 -> 4107.128 | O19: 3418 | P19: =ROUND((26.939+0.253*O19),2) -> 891.69 | Q19: =TRUNC(P19*($O$9/(1-$O$9)),2) -> 195.73 | R19: =TRUNC(IF($J$8="","",(($J$9-$J$8)/$J$8)*(P19+Q19)),2) -> 1194.52 | S19: =P19+Q19+R19 -> 2281.94 | U19: =EVEN('[57] CONSUMO DE MAT. B TOTAL'!$P$13*2/28)*T19/'[57] CONSUMO DE MAT. B TOTAL'!$P$13 -> 0 | V19: =IF(AND(P19="",Q19=""),"",S19+U19) -> 2281.94 | W19: =IF(OR(L19="",M19=""),"",L19+M19) -> 4107.128 | X19: =IF(OR(V19="",W19=""),"",V19+W19) -> 6389.068 | Z19: =X19 -> 6389.068 | AA19: =V19 -> 2281.94 | AB19: =W19 -> 4107.128 | AE19: =IF(OR(G19=$D$51,G19=$D$52,G19=$D$54,G19=$D$60,G19=$D$44,G19=$D$40,G19=$D$36,G19=$D$49,G19=$D$39),"NORDESTE",IF(OR(G19=$D$35,G19=$D$37,G19=$D$38,G19=$D$48,G19=$D$56,G19=$D$57,G19=$D$61),"NORTE",IF(OR(G19=$D$41,G19=$D$43,G19=$D$45,G19=$D$46),"CENTRO-OESTE",IF(OR(G19=$D$59,G19=$D$53,G19=$D$47,G19=$D$42),"SUDESTE",IF(OR(G19=$D$58,G19=$D$50,G19=$D$55),"SUL",""))))) -> SUL
B20: =X20 -> 6035.9352 | C20: 8 | E20: Unidade de Industrialização do Xisto (SIX) | F20: Rodovia do Xisto, BR 476, km 153 São Mateus do Sul – PR CEP 83900-000 | G20: Paraná | H20: SÃO MATEUS DO SUL - PR | I20: São Sebastião -AL | J20: 3.2329252 | K20: 3.2273784 | L20: =IF(AND(J20="-",K20=""),"",IF(AND(J20<>0,K20=""),J20*1000,IF(AND(J20="-",K20<>0),K20*1000,IF(AND(J20<>0,K20<>0),J20*1000,"")))) -> 3232.9252 | M20: =ROUND(((L20/(1-$O$7-$O$8-$O$9))-L20),2) -> 893.34 | N20: =L20+M20 -> 4126.2652 | O20: 2843 | P20: =ROUND((26.939+0.253*O20),2) -> 746.22 | Q20: =TRUNC(P20*($O$9/(1-$O$9)),2) -> 163.8 | R20: =TRUNC(IF($J$8="","",(($J$9-$J$8)/$J$8)*(P20+Q20)),2) -> 999.65 | S20: =P20+Q20+R20 -> 1909.67 | U20: =EVEN('[57] CONSUMO DE MAT. B TOTAL'!$P$13*2/28)*T20/'[57] CONSUMO DE MAT. B TOTAL'!$P$13 -> 0 | V20: =IF(AND(P20="",Q20=""),"",S20+U20) -> 1909.67 | W20: =IF(OR(L20="",M20=""),"",L20+M20) -> 4126.2652 | X20: =IF(OR(V20="",W20=""),"",V20+W20) -> 6035.9352 | Z20: =X20 -> 6035.9352 | AA20: =V20 -> 1909.67 | AB20: =W20 -> 4126.2652 | AE20: =IF(OR(G20=$D$51,G20=$D$52,G20=$D$54,G20=$D$60,G20=$D$44,G20=$D$40,G20=$D$36,G20=$D$49,G20=$D$39),"NORDESTE",IF(OR(G20=$D$35,G20=$D$37,G20=$D$38,G20=$D$48,G20=$D$56,G20=$D$57,G20=$D$61),"NORTE",IF(OR(G20=$D$41,G20=$D$43,G20=$D$45,G20=$D$46),"CENTRO-OESTE",IF(OR(G20=$D$59,G20=$D$53,G20=$D$47,G20=$D$42),"SUDESTE",IF(OR(G20=$D$58,G20=$D$50,G20=$D$55),"SUL",""))))) -> SUL
B21: =X21 -> 5180.6898 | C21: 9 | E21: Refinaria Gabriel Passos (Regap) | F21: Av. Refinaria Gabriel Passos, 690 Distrito Industrial Paulo Camilo Sul Betim - MG CEP:32669-205 | G21: Minas Gerais | H21: BETIM - MG | I21: São Sebastião -AL | J21: 3.1203698 | K21: 3.1396081 | L21: =IF(AND(J21="-",K21=""),"",IF(AND(J21<>0,K21=""),J21*1000,IF(AND(J21="-",K21<>0),K21*1000,IF(AND(J21<>0,K21<>0),J21*1000,"")))) -> 3120.3698 | M21: =ROUND(((L21/(1-$O$7-$O$8-$O$9))-L21),2) -> 862.23 | N21: =L21+M21 -> 3982.5998 | O21: 1744 | P21: =ROUND((26.939+0.253*O21),2) -> 468.17 | Q21: =TRUNC(P21*($O$9/(1-$O$9)),2) -> 102.76 | R21: =TRUNC(IF($J$8="","",(($J$9-$J$8)/$J$8)*(P21+Q21)),2) -> 627.16 | S21: =P21+Q21+R21 -> 1198.09 | U21: =EVEN('[57] CONSUMO DE MAT. B TOTAL'!$P$13*2/28)*T21/'[57] CONSUMO DE MAT. B TOTAL'!$P$13 -> 0 | V21: =IF(AND(P21="",Q21=""),"",S21+U21) -> 1198.09 | W21: =IF(OR(L21="",M21=""),"",L21+M21) -> 3982.5998 | X21: =IF(OR(V21="",W21=""),"",V21+W21) -> 5180.6898 | Z21: =X21 -> 5180.6898 | AA21: =V21 -> 1198.09 | AB21: =W21 -> 3982.5998 | AE21: =IF(OR(G21=$D$51,G21=$D$52,G21=$D$54,G21=$D$60,G21=$D$44,G21=$D$40,G21=$D$36,G21=$D$49,G21=$D$39),"NORDESTE",IF(OR(G21=$D$35,G21=$D$37,G21=$D$38,G21=$D$48,G21=$D$56,G21=$D$57,G21=$D$61),"NORTE",IF(OR(G21=$D$41,G21=$D$43,G21=$D$45,G21=$D$46),"CENTRO-OESTE",IF(OR(G21=$D$59,G21=$D$53,G21=$D$47,G21=$D$42),"SUDESTE",IF(OR(G21=$D$58,G21=$D$50,G21=$D$55),"SUL",""))))) -> SUDESTE
B22: =X22 -> 5957.5952 | C22: 10 | E22: Refinaria Presidente Getúlio Vargas (Repar) | F22: Rodovia do Xisto, BR 476, km 16 Araucária - PR CEP:83707-440 | G22: Paraná | H22: ARAUCÁRIA - PR | I22: São Sebastião -AL | J22: 3.2329252 | K22: 3.2273784 | L22: =IF(AND(J22="-",K22=""),"",IF(AND(J22<>0,K22=""),J22*1000,IF(AND(J22="-",K22<>0),K22*1000,IF(AND(J22<>0,K22<>0),J22*1000,"")))) -> 3232.9252 | M22: =ROUND(((L22/(1-$O$7-$O$8-$O$9))-L22),2) -> 893.34 | N22: =L22+M22 -> 4126.2652 | O22: 2722 | P22: =ROUND((26.939+0.253*O22),2) -> 715.61 | Q22: =TRUNC(P22*($O$9/(1-$O$9)),2) -> 157.08 | R22: =TRUNC(IF($J$8="","",(($J$9-$J$8)/$J$8)*(P22+Q22)),2) -> 958.64 | S22: =P22+Q22+R22 -> 1831.33 | U22: =EVEN('[57] CONSUMO DE MAT. B TOTAL'!$P$13*2/28)*T22/'[57] CONSUMO DE MAT. B TOTAL'!$P$13 -> 0 | V22: =IF(AND(P22="",Q22=""),"",S22+U22) -> 1831.33 | W22: =IF(OR(L22="",M22=""),"",L22+M22) -> 4126.2652 | X22: =IF(OR(V22="",W22=""),"",V22+W22) -> 5957.5952 | Z22: =X22 -> 5957.5952 | AA22: =V22 -> 1831.33 | AB22: =W22 -> 4126.2652 | AE22: =IF(OR(G22=$D$51,G22=$D$52,G22=$D$54,G22=$D$60,G22=$D$44,G22=$D$40,G22=$D$36,G22=$D$49,G22=$D$39),"NORDESTE",IF(OR(G22=$D$35,G22=$D$37,G22=$D$38,G22=$D$48,G22=$D$56,G22=$D$57,G22=$D$61),"NORTE",IF(OR(G22=$D$41,G22=$D$43,G22=$D$45,G22=$D$46),"CENTRO-OESTE",IF(OR(G22=$D$59,G22=$D$53,G22=$D$47,G22=$D$42),"SUDESTE",IF(OR(G22=$D$58,G22=$D$50,G22=$D$55),"SUL",""))))) -> SUL
B23: =X23 -> 5602.6777 | C23: 11 | E23: Refinaria Presidente Bernardes (RPBC) | F23: Av. 9 de abril, 777 - Jardim das Indústrias Cubatão - SP CEP:11505-000 | G23: São Paulo | H23: CUBATÃO - SP | I23: São Sebastião -AL | J23: 3.1369777 | K23: 3.1396081 | L23: =IF(AND(J23="-",K23=""),"",IF(AND(J23<>0,K23=""),J23*1000,IF(AND(J23="-",K23<>0),K23*1000,IF(AND(J23<>0,K23<>0),J23*1000,"")))) -> 3136.9777 | M23: =ROUND(((L23/(1-$O$7-$O$8-$O$9))-L23),2) -> 866.82 | N23: =L23+M23 -> 4003.7977 | O23: 2363 | P23: =ROUND((26.939+0.253*O23),2) -> 624.78 | Q23: =TRUNC(P23*($O$9/(1-$O$9)),2) -> 137.14 | R23: =TRUNC(IF($J$8="","",(($J$9-$J$8)/$J$8)*(P23+Q23)),2) -> 836.96 | S23: =P23+Q23+R23 -> 1598.88 | U23: =EVEN('[57] CONSUMO DE MAT. B TOTAL'!$P$13*2/28)*T23/'[57] CONSUMO DE MAT. B TOTAL'!$P$13 -> 0 | V23: =IF(AND(P23="",Q23=""),"",S23+U23) -> 1598.88 | W23: =IF(OR(L23="",M23=""),"",L23+M23) -> 4003.7977 | X23: =IF(OR(V23="",W23=""),"",V23+W23) -> 5602.6777 | Z23: =X23 -> 5602.6777 | AA23: =V23 -> 1598.88 | AB23: =W23 -> 4003.7977 | AE23: =IF(OR(G23=$D$51,G23=$D$52,G23=$D$54,G23=$D$60,G23=$D$44,G23=$D$40,G23=$D$36,G23=$D$49,G23=$D$39),"NORDESTE",IF(OR(G23=$D$35,G23=$D$37,G23=$D$38,G23=$D$48,G23=$D$56,G23=$D$57,G23=$D$61),"NORTE",IF(OR(G23=$D$41,G23=$D$43,G23=$D$45,G23=$D$46),"CENTRO-OESTE",IF(OR(G23=$D$59,G23=$D$53,G23=$D$47,G23=$D$42),"SUDESTE",IF(OR(G23=$D$58,G23=$D$50,G23=$D$55),"SUL",""))))) -> SUDESTE
B24: =X24 -> 5570.9477 | C24: 12 | E24: Refinaria de Paulínia (Replan) | F24: Rodovia SP 332 - Km. 130 Bonfim - Paulínia – SP CEP:13140-000 | G24: São Paulo | H24: PAULÍNIA - SP | I24: São Sebastião -AL | J24: 3.1369777 | K24: 3.1396081 | L24: =IF(AND(J24="-",K24=""),"",IF(AND(J24<>0,K24=""),J24*1000,IF(AND(J24="-",K24<>0),K24*1000,IF(AND(J24<>0,K24<>0),J24*1000,"")))) -> 3136.9777 | M24: =ROUND(((L24/(1-$O$7-$O$8-$O$9))-L24),2) -> 866.82 | N24: =L24+M24 -> 4003.7977 | O24: 2314 | P24: =ROUND((26.939+0.253*O24),2) -> 612.38 | Q24: =TRUNC(P24*($O$9/(1-$O$9)),2) -> 134.42 | R24: =TRUNC(IF($J$8="","",(($J$9-$J$8)/$J$8)*(P24+Q24)),2) -> 820.35 | S24: =P24+Q24+R24 -> 1567.15 | U24: =EVEN('[57] CONSUMO DE MAT. B TOTAL'!$P$13*2/28)*T24/'[57] CONSUMO DE MAT. B TOTAL'!$P$13 -> 0 | V24: =IF(AND(P24="",Q24=""),"",S24+U24) -> 1567.15 | W24: =IF(OR(L24="",M24=""),"",L24+M24) -> 4003.7977 | X24: =IF(OR(V24="",W24=""),"",V24+W24) -> 5570.9477 | Z24: =X24 -> 5570.9477 | AA24: =V24 -> 1567.15 | AB24: =W24 -> 4003.7977 | AE24: =IF(OR(G24=$D$51,G24=$D$52,G24=$D$54,G24=$D$60,G24=$D$44,G24=$D$40,G24=$D$36,G24=$D$49,G24=$D$39),"NORDESTE",IF(OR(G24=$D$35,G24=$D$37,G24=$D$38,G24=$D$48,G24=$D$56,G24=$D$57,G24=$D$61),"NORTE",IF(OR(G24=$D$41,G24=$D$43,G24=$D$45,G24=$D$46),"CENTRO-OESTE",IF(OR(G24=$D$59,G24=$D$53,G24=$D$47,G24=$D$42),"SUDESTE",IF(OR(G24=$D$58,G24=$D$50,G24=$D$55),"SUL",""))))) -> SUDESTE
B25: =X25 -> 5575.4877 | C25: 13 | E25: Refinaria Henrique Lage (Revap) | F25: Rodovia Presidente Dutra, KM 143, S/N Bairro Jardim Diamante - São José dos Campos – SP CEP:12223-900 | G25: São Paulo | H25: SÃO JOSÉ DOS CAMPOS - SP | I25: São Sebastião -AL | J25: 3.1369777 | K25: 3.1396081 | L25: =IF(AND(J25="-",K25=""),"",IF(AND(J25<>0,K25=""),J25*1000,IF(AND(J25="-",K25<>0),K25*1000,IF(AND(J25<>0,K25<>0),J25*1000,"")))) -> 3136.9777 | M25: =ROUND(((L25/(1-$O$7-$O$8-$O$9))-L25),2) -> 866.82 | N25: =L25+M25 -> 4003.7977 | O25: 2321 | P25: =ROUND((26.939+0.253*O25),2) -> 614.15 | Q25: =TRUNC(P25*($O$9/(1-$O$9)),2) -> 134.81 | R25: =TRUNC(IF($J$8="","",(($J$9-$J$8)/$J$8)*(P25+Q25)),2) -> 822.73 | S25: =P25+Q25+R25 -> 1571.69 | U25: =EVEN('[57] CONSUMO DE MAT. B TOTAL'!$P$13*2/28)*T25/'[57] CONSUMO DE MAT. B TOTAL'!$P$13 -> 0 | V25: =IF(AND(P25="",Q25=""),"",S25+U25) -> 1571.69 | W25: =IF(OR(L25="",M25=""),"",L25+M25) -> 4003.7977 | X25: =IF(OR(V25="",W25=""),"",V25+W25) -> 5575.4877 | Z25: =X25 -> 5575.4877 | AA25: =V25 -> 1571.69 | AB25: =W25 -> 4003.7977 | AE25: =IF(OR(G25=$D$51,G25=$D$52,G25=$D$54,G25=$D$60,G25=$D$44,G25=$D$40,G25=$D$36,G25=$D$49,G25=$D$39),"NORDESTE",IF(OR(G25=$D$35,G25=$D$37,G25=$D$38,G25=$D$48,G25=$D$56,G25=$D$57,G25=$D$61),"NORTE",IF(OR(G25=$D$41,G25=$D$43,G25=$D$45,G25=$D$46),"CENTRO-OESTE",IF(OR(G25=$D$59,G25=$D$53,G25=$D$47,G25=$D$42),"SUDESTE",IF(OR(G25=$D$58,G25=$D$50,G25=$D$55),"SUL",""))))) -> SUDESTE
D35: Acre
D36: Alagoas
D37: Amapá
D38: Amazonas
D39: Bahia
D40: Ceará
D41: Distrito Federal
D42: Espírito Santo
D43: Goiás
D44: Maranhão
D45: Mato Grosso
D46: Mato Grosso do Sul
... D91: EMULSÕES ASFÁLTICAS RR-2C

Sheet Transporte RR-1C
C2: MEMÓRIA DE CÁLCULO
C7: REAJUSTE | F7: TIPOLOGIA DO MATERIAL | I7: EMULSÕES ASFÁLTICAS RR-1C | M7: IMPOSTOS | N7: COFINS | O7: 0.0065
G8: ÍNDICE DE PAVIMENTAÇÃO DNIT | H8: 41821 | I8: ÍNDICE INICIAL | J8: 270.237 | N8: PIS | O8: 0.03 | Q8: LEGENDA | Z8: As empresas tributadas pelo Lucro Presumido pagam 0,65% de PIS e 3% de COFINS
H9: ='[57]Transporte Cap 50-70'!H9 -> 45383 | I9: ÍNDICE FINAL | J9: ='[57]Transporte Cap 50-70'!J9 -> 567.092 | N9: ICMS | O9: 0.18 | P9: =1-(O9/1) -> 0.82 | Q9: ENTRADA DE DADOS | Z9: As empresas tributadas pelo Lucro Real pagam 1,65% de PIS e 7,60% de COFINS
G10: Data ANP | H10: ='[57]Transporte Cap 50-70'!H10 -> 45352
C11: DATA-BASE | D11: PRODUTOS | E11: LOCALIDADES | J11: CUSTO ANP (R$/Kg) | L11: CUSTO ANP | M11: IMPOSTOS DO PRODUTO | N11: CUSTO DO PRODUTO COM IMPOSTOS | O11: DMT's | P11: CUSTO DO TRANSPORTE RODOVIA PAVIMENTADA | Q11: ICMS | R11: ATUALIZAÇÃO DO CUSTO DE TRANSPORTE | S11: CUSTO DO TRANSPORTE RODOVIA PAVIMENTADA COM IMPOSTOS E ATUALIZAÇÃO MONETÁRIA | T11: PEDÁGIO | V11: TOTAL TRANSPORTE | W11: AQUISIÇÃO DO PRODUTO | X11: TOTAL GERAL ( TRANSP + AQUISIÇÃO) | Z11: 1 | AA11: 2 | AB11: 3
C12: =H9 -> 45383 | E12: REFINARIAS | F12: ENDEREÇO | G12: ESTADO | H12: CIDADE | I12: DESTINO | J12: ESTADO | K12: REGIÃO | L12: R$/t | M12: R$/t | N12: R$/t | O12: KM | P12: R$/t | Q12: R$/t | R12: R$/t | S12: R$/t | T12: CUSTO | U12: R$/t | V12: R$/t | W12: R$/t | X12: R$/t | Z12: TOTAL GERAL ( TRANSP + AQUISIÇÃO) | AA12: TOTAL TRANSPORTE | AB12: AQUISIÇÃO DO PRODUTO
B13: =X13 -> 4498.1912 | C13: 1 | D13: =I7 -> EMULSÕES ASFÁLTICAS RR-1C | E13: 'CENTRO OESTE ASFALTOS LTDA. | F13: SETOR DE INFLAMÁVEIS, S/N TRECHO 02 - LOTE 1.100 - GUARÁ - CEP:71225-000 | G13: Distrito Federal | H13: BRASÍLIA - DF | I13: São Sebastião -AL | J13: - | K13: 2.5714112 | L13: =IF(AND(J13="-",K13="-"),"",IF(AND(J13<>0,K13="-"),J13*1000,IF(AND(J13="-",K13<>0),K13*1000,IF(AND(J13<>0,K13<>0),J13*1000,"")))) -> 2571.4112 | M13: =ROUND(((L13/(1-$O$7-$O$8-$O$9))-L13),2) -> 710.54 | N13: =L13+M13 -> 3281.9512 | O13: 1772 | P13: =ROUND((26.939+0.253*O13),2) -> 475.26 | Q13: =TRUNC(P13*($O$9/(1-$O$9)),2) -> 104.32 | R13: =TRUNC(IF($J$8="","",(($J$9-$J$8)/$J$8)*(P13+Q13)),2) -> 636.66 | S13: =P13+Q13+R13 -> 1216.24 | U13: =EVEN('[57] CONSUMO DE MAT. B TOTAL'!$P$13*2/28)*T13/'[57] CONSUMO DE MAT. B TOTAL'!$P$13 -> 0 | V13: =IF(AND(P13="",Q13=""),"",S13+U13) -> 1216.24 | W13: =IF(OR(L13="",M13=""),"",L13+M13) -> 3281.9512 | X13: =IF(OR(V13="",W13=""),"",V13+W13) -> 4498.1912 | Z13: =X13 -> 4498.1912 | AA13: =V13 -> 1216.24 | AB13: =W13 -> 3281.9512 | AE13: =IF(OR(G13=$D$58,G13=$D$59,G13=$D$61,G13=$D$67,G13=$D$51,G13=$D$47,G13=$D$43,G13=$D$56,G13=$D$46),"NORDESTE",IF(OR(G13=$D$42,G13=$D$44,G13=$D$45,G13=$D$55,G13=$D$63,G13=$D$64,G13=$D$68),"NORTE",IF(OR(G13=$D$48,G13=$D$50,G13=$D$52,G13=$D$53),"CENTRO-OESTE",IF(OR(G13=$D$66,G13=$D$60,G13=$D$54,G13=$D$49),"SUDESTE",IF(OR(G13=$D$65,G13=$D$57,G13=$D$62),"SUL",""))))) -> CENTRO-OESTE
B14: =X14 -> 4477.5372 | C14: 2 | E14: STRATURA ASFALTOS S/A | F14: AVENIDA PRESIDENTE WILSON, 08 - JUNDIAÍ - CEP:75115-100 | G14: Goiás | H14: ANÁPOLIS - GO | I14: São Sebastião -AL | J14: 2.4806572 | K14: 2.5714112 | L14: =IF(AND(J14="-",K14="-"),"",IF(AND(J14<>0,K14="-"),J14*1000,IF(AND(J14="-",K14<>0),K14*1000,IF(AND(J14<>0,K14<>0),J14*1000,"")))) -> 2480.6572 | M14: =ROUND(((L14/(1-$O$7-$O$8-$O$9))-L14),2) -> 685.47 | N14: =L14+M14 -> 3166.1272 | O14: 1919 | P14: =ROUND((26.939+0.253*O14),2) -> 512.45 | Q14: =TRUNC(P14*($O$9/(1-$O$9)),2) -> 112.48 | R14: =TRUNC(IF($J$8="","",(($J$9-$J$8)/$J$8)*(P14+Q14)),2) -> 686.48 | S14: =P14+Q14+R14 -> 1311.41 | U14: =EVEN('[57] CONSUMO DE MAT. B TOTAL'!$P$13*2/28)*T14/'[57] CONSUMO DE MAT. B TOTAL'!$P$13 -> 0 | V14: =IF(AND(P14="",Q14=""),"",S14+U14) -> 1311.41 | W14: =IF(OR(L14="",M14=""),"",L14+M14) -> 3166.1272 | X14: =IF(OR(V14="",W14=""),"",V14+W14) -> 4477.5372 | Z14: =X14 -> 4477.5372 | AA14: =V14 -> 1311.41 | AB14: =W14 -> 3166.1272 | AE14: =IF(OR(G14=$D$58,G14=$D$59,G14=$D$61,G14=$D$67,G14=$D$51,G14=$D$47,G14=$D$43,G14=$D$56,G14=$D$46),"NORDESTE",IF(OR(G14=$D$42,G14=$D$44,G14=$D$45,G14=$D$55,G14=$D$63,G14=$D$64,G14=$D$68),"NORTE",IF(OR(G14=$D$48,G14=$D$50,G14=$D$52,G14=$D$53),"CENTRO-OESTE",IF(OR(G14=$D$66,G14=$D$60,G14=$D$54,G14=$D$49),"SUDESTE",IF(OR(G14=$D$65,G14=$D$57,G14=$D$62),"SUL",""))))) -> CENTRO-OESTE
B15: =X15 -> 4521.5672 | C15: 3 | E15: DISTRIBUIDORA BRASILEIRA DE ASFALTO SA - DISBRAL | F15: VIA PRIMARIA 8, S/N QD-18, MODS. 24/47 - DAIAG - CEP:74980-970 | G15: Goiás | H15: APARECIDA DE GOIANIA - GO | I15: São Sebastião -AL | J15: 2.4806572 | K15: 2.5714112 | L15: =IF(AND(J15="-",K15="-"),"",IF(AND(J15<>0,K15="-"),J15*1000,IF(AND(J15="-",K15<>0),K15*1000,IF(AND(J15<>0,K15<>0),J15*1000,"")))) -> 2480.6572 | M15: =ROUND(((L15/(1-$O$7-$O$8-$O$9))-L15),2) -> 685.47 | N15: =L15+M15 -> 3166.1272 | O15: 1987 | P15: =ROUND((26.939+0.253*O15),2) -> 529.65 | Q15: =TRUNC(P15*($O$9/(1-$O$9)),2) -> 116.26 | R15: =TRUNC(IF($J$8="","",(($J$9-$J$8)/$J$8)*(P15+Q15)),2) -> 709.53 | S15: =P15+Q15+R15 -> 1355.44 | U15: =EVEN('[57] CONSUMO DE MAT. B TOTAL'!$P$13*2/28)*T15/'[57] CONSUMO DE MAT. B TOTAL'!$P$13 -> 0 | V15: =IF(AND(P15="",Q15=""),"",S15+U15) -> 1355.44 | W15: =IF(OR(L15="",M15=""),"",L15+M15) -> 3166.1272 | X15: =IF(OR(V15="",W15=""),"",V15+W15) -> 4521.5672 | Z15: =X15 -> 4521.5672 | AA15: =V15 -> 1355.44 | AB15: =W15 -> 3166.1272 | AE15: =IF(OR(G15=$D$58,G15=$D$59,G15=$D$61,G15=$D$67,G15=$D$51,G15=$D$47,G15=$D$43,G15=$D$56,G15=$D$46),"NORDESTE",IF(OR(G15=$D$42,G15=$D$44,G15=$D$45,G15=$D$55,G15=$D$63,G15=$D$64,G15=$D$68),"NORTE",IF(OR(G15=$D$48,G15=$D$50,G15=$D$52,G15=$D$53),"CENTRO-OESTE",IF(OR(G15=$D$66,G15=$D$60,G15=$D$54,G15=$D$49),"SUDESTE",IF(OR(G15=$D$65,G15=$D$57,G15=$D$62),"SUL",""))))) -> CENTRO-OESTE
A16: 2403 | B16: =X16 -> 4524.1472 | C16: 4 | E16: INDÚSTRIA NACIONAL DE ASFALTOS LTDA. | F16: VIA PRIMEIRA E SEGUNDA 3, S/N.º LOTES 01 A 10 - DISTRITO AGROINDUSTRIAL - CEP:75370-000 | G16: Goiás | H16: GOIANIRA - GO | I16: São Sebastião -AL | J16: 2.4806572 | K16: 2.5714112 | L16: =IF(AND(J16="-",K16="-"),"",IF(AND(J16<>0,K16="-"),J16*1000,IF(AND(J16="-",K16<>0),K16*1000,IF(AND(J16<>0,K16<>0),J16*1000,"")))) -> 2480.6572 | M16: =ROUND(((L16/(1-$O$7-$O$8-$O$9))-L16),2) -> 685.47 | N16: =L16+M16 -> 3166.1272 | O16: 1991 | P16: =ROUND((26.939+0.253*O16),2) -> 530.66 | Q16: =TRUNC(P16*($O$9/(1-$O$9)),2) -> 116.48 | R16: =TRUNC(IF($J$8="","",(($J$9-$J$8)/$J$8)*(P16+Q16)),2) -> 710.88 | S16: =P16+Q16+R16 -> 1358.02 | U16: =EVEN('[57] CONSUMO DE MAT. B TOTAL'!$P$13*2/28)*T16/'[57] CONSUMO DE MAT. B TOTAL'!$P$13 -> 0 | V16: =IF(AND(P16="",Q16=""),"",S16+U16) -> 1358.02 | W16: =IF(OR(L16="",M16=""),"",L16+M16) -> 3166.1272 | X16: =IF(OR(V16="",W16=""),"",V16+W16) -> 4524.1472 | Z16: =X16 -> 4524.1472 | AA16: =V16 -> 1358.02 | AB16: =W16 -> 3166.1272 | AE16: =IF(OR(G16=$D$58,G16=$D$59,G16=$D$61,G16=$D$67,G16=$D$51,G16=$D$47,G16=$D$43,G16=$D$56,G16=$D$46),"NORDESTE",IF(OR(G16=$D$42,G16=$D$44,G16=$D$45,G16=$D$55,G16=$D$63,G16=$D$64,G16=$D$68),"NORTE",IF(OR(G16=$D$48,G16=$D$50,G16=$D$52,G16=$D$53),"CENTRO-OESTE",IF(OR(G16=$D$66,G16=$D$60,G16=$D$54,G16=$D$49),"SUDESTE",IF(OR(G16=$D$65,G16=$D$57,G16=$D$62),"SUL",""))))) -> CENTRO-OESTE
B17: =X17 -> 4337.5782 | C17: 5 | E17: STRATURA ASFALTOS S/A | F17: RUA VICTOR RODRIGUES RESENDE, 333 - DISTRITO IND. DE UBERLÂNDIA - CEP:38405-440 | G17: Minas Gerais | H17: UBERLANDIA - MG | I17: São Sebastião -AL | J17: 2.2974086 | K17: 2.6074361 | L17: =IF(AND(J17="-",K17="-"),"",IF(AND(J17<>0,K17="-"),J17*1000,IF(AND(J17="-",K17<>0),K17*1000,IF(AND(J17<>0,K17<>0),J17*1000,"")))) -> 2297.4086 | M17: =ROUND(((L17/(1-$O$7-$O$8-$O$9))-L17),2) -> 634.83 | N17: =L17+M17 -> 2932.2386 | O17: 1943 | P17: =ROUND((26.939+0.253*O17),2) -> 518.52 | Q17: =TRUNC(P17*($O$9/(1-$O$9)),2) -> 113.82 | R17: =TRUNC(IF($J$8="","",(($J$9-$J$8)/$J$8)*(P17+Q17)),2) -> 694.62 | S17: =P17+Q17+R17 -> 1326.96 | T17: 1086 | U17: =EVEN('[57] CONSUMO DE MAT. B TOTAL'!$P$13*2/28)*T17/'[57] CONSUMO DE MAT. B TOTAL'!$P$13 -> 78.379566 | V17: =IF(AND(P17="",Q17=""),"",S17+U17) -> 1405.3396 | W17: =IF(OR(L17="",M17=""),"",L17+M17) -> 2932.2386 | X17: =IF(OR(V17="",W17=""),"",V17+W17) -> 4337.5782 | Z17: =X17 -> 4337.5782 | AA17: =V17 -> 1405.3396 | AB17: =W17 -> 2932.2386 | AE17: =IF(OR(G17=$D$58,G17=$D$59,G17=$D$61,G17=$D$67,G17=$D$51,G17=$D$47,G17=$D$43,G17=$D$56,G17=$D$46),"NORDESTE",IF(OR(G17=$D$42,G17=$D$44,G17=$D$45,G17=$D$55,G17=$D$63,G17=$D$64,G17=$D$68),"NORTE",IF(OR(G17=$D$48,G17=$D$50,G17=$D$52,G17=$D$53),"CENTRO-OESTE",IF(OR(G17=$D$66,G17=$D$60,G17=$D$54,G17=$D$49),"SUDESTE",IF(OR(G17=$D$65,G17=$D$57,G17=$D$62),"SUL",""))))) -> SUDESTE
B18: =X18 -> 4337.5782 | C18: 6 | E18: BETUNEL INDÚSTRIA E COMÉRCIO LTDA. | F18: RUA VICTOR RODRIGUES DE REZENDE, 185 - DISTRITO INDUSTRIAL - CEP:38402-334 | G18: Minas Gerais | H18: UBERLANDIA - MG | I18: São Sebastião -AL | J18: 2.2974086 | K18: 2.6074361 | L18: =IF(AND(J18="-",K18="-"),"",IF(AND(J18<>0,K18="-"),J18*1000,IF(AND(J18="-",K18<>0),K18*1000,IF(AND(J18<>0,K18<>0),J18*1000,"")))) -> 2297.4086 | M18: =ROUND(((L18/(1-$O$7-$O$8-$O$9))-L18),2) -> 634.83 | N18: =L18+M18 -> 2932.2386 | O18: 1943 | P18: =ROUND((26.939+0.253*O18),2) -> 518.52 | Q18: =TRUNC(P18*($O$9/(1-$O$9)),2) -> 113.82 | R18: =TRUNC(IF($J$8="","",(($J$9-$J$8)/$J$8)*(P18+Q18)),2) -> 694.62 | S18: =P18+Q18+R18 -> 1326.96 | T18: 1086 | U18: =EVEN('[57] CONSUMO DE MAT. B TOTAL'!$P$13*2/28)*T18/'[57] CONSUMO DE MAT. B TOTAL'!$P$13 -> 78.379566 | V18: =IF(AND(P18="",Q18=""),"",S18+U18) -> 1405.3396 | W18: =IF(OR(L18="",M18=""),"",L18+M18) -> 2932.2386 | X18: =IF(OR(V18="",W18=""),"",V18+W18) -> 4337.5782 | Z18: =X18 -> 4337.5782 | AA18: =V18 -> 1405.3396 | AB18: =W18 -> 2932.2386 | AE18: =IF(OR(G18=$D$58,G18=$D$59,G18=$D$61,G18=$D$67,G18=$D$51,G18=$D$47,G18=$D$43,G18=$D$56,G18=$D$46),"NORDESTE",IF(OR(G18=$D$42,G18=$D$44,G18=$D$45,G18=$D$55,G18=$D$63,G18=$D$64,G18=$D$68),"NORTE",IF(OR(G18=$D$48,G18=$D$50,G18=$D$52,G18=$D$53),"CENTRO-OESTE",IF(OR(G18=$D$66,G18=$D$60,G18=$D$54,G18=$D$49),"SUDESTE",IF(OR(G18=$D$65,G18=$D$57,G18=$D$62),"SUL",""))))) -> SUDESTE
B19: =X19 -> 6287.7354 | C19: 7 | E19: ARAPETRO DISTRIBUIDORA DE PETRÓLEO LTDA. | F19: RUA 04, S/N° LOTES 17 A 20. - DISTRITO INDUSTRIAL 1/8 - CEP:78600-000 | G19: Mato grosso | H19: BARRA DO GARCAS - MT | I19: São Sebastião -AL | J19: 3.6950254 | K19: 2.5714112 | L19: =IF(AND(J19="-",K19="-"),"",IF(AND(J19<>0,K19="-"),J19*1000,IF(AND(J19="-",K19<>0),K19*1000,IF(AND(J19<>0,K19<>0),J19*1000,"")))) -> 3695.0254 | M19: =ROUND(((L19/(1-$O$7-$O$8-$O$9))-L19),2) -> 1021.02 | N19: =L19+M19 -> 4716.0454 | O19: 2321 | P19: =ROUND((26.939+0.253*O19),2) -> 614.15 | Q19: =TRUNC(P19*($O$9/(1-$O$9)),2) -> 134.81 | R19: =TRUNC(IF($J$8="","",(($J$9-$J$8)/$J$8)*(P19+Q19)),2) -> 822.73 | S19: =P19+Q19+R19 -> 1571.69 | U19: =EVEN('[57] CONSUMO DE MAT. B TOTAL'!$P$13*2/28)*T19/'[57] CONSUMO DE MAT. B TOTAL'!$P$13 -> 0 | V19: =IF(AND(P19="",Q19=""),"",S19+U19) -> 1571.69 | W19: =IF(OR(L19="",M19=""),"",L19+M19) -> 4716.0454 | X19: =IF(OR(V19="",W19=""),"",V19+W19) -> 6287.7354 | AE19: =IF(OR(G19=$D$58,G19=$D$59,G19=$D$61,G19=$D$67,G19=$D$51,G19=$D$47,G19=$D$43,G19=$D$56,G19=$D$46),"NORDESTE",IF(OR(G19=$D$42,G19=$D$44,G19=$D$45,G19=$D$55,G19=$D$63,G19=$D$64,G19=$D$68),"NORTE",IF(OR(G19=$D$48,G19=$D$50,G19=$D$52,G19=$D$53),"CENTRO-OESTE",IF(OR(G19=$D$66,G19=$D$60,G19=$D$54,G19=$D$49),"SUDESTE",IF(OR(G19=$D$65,G19=$D$57,G19=$D$62),"SUL",""))))) -> CENTRO-OESTE
B20: =X20 -> 4215.1982 | C20: 8 | E20: DISTRIBUIDORA BRASILEIRA DE ASFALTO SA - DISBRAL | F20: SÃO JUDAS TADEU, 288 - DISTRITO INDUSTRIAL - CEP:32450-000 | G20: Minas Gerais | H20: SARZEDO - MG | I20: São Sebastião -AL | J20: 2.2974086 | K20: 2.6074361 | L20: =IF(AND(J20="-",K20="-"),"",IF(AND(J20<>0,K20="-"),J20*1000,IF(AND(J20="-",K20<>0),K20*1000,IF(AND(J20<>0,K20<>0),J20*1000,"")))) -> 2297.4086 | M20: =ROUND(((L20/(1-$O$7-$O$8-$O$9))-L20),2) -> 634.83 | N20: =L20+M20 -> 2932.2386 | O20: 1754 | P20: =ROUND((26.939+0.253*O20),2) -> 470.7 | Q20: =TRUNC(P20*($O$9/(1-$O$9)),2) -> 103.32 | R20: =TRUNC(IF($J$8="","",(($J$9-$J$8)/$J$8)*(P20+Q20)),2) -> 630.56 | S20: =P20+Q20+R20 -> 1204.58 | T20: 1086 | U20: =EVEN('[57] CONSUMO DE MAT. B TOTAL'!$P$13*2/28)*T20/'[57] CONSUMO DE MAT. B TOTAL'!$P$13 -> 78.379566 | V20: =IF(AND(P20="",Q20=""),"",S20+U20) -> 1282.9596 | W20: =IF(OR(L20="",M20=""),"",L20+M20) -> 2932.2386 | X20: =IF(OR(V20="",W20=""),"",V20+W20) -> 4215.1982 | AE20: =IF(OR(G20=$D$58,G20=$D$59,G20=$D$61,G20=$D$67,G20=$D$51,G20=$D$47,G20=$D$43,G20=$D$56,G20=$D$46),"NORDESTE",IF(OR(G20=$D$42,G20=$D$44,G20=$D$45,G20=$D$55,G20=$D$63,G20=$D$64,G20=$D$68),"NORTE",IF(OR(G20=$D$48,G20=$D$50,G20=$D$52,G20=$D$53),"CENTRO-OESTE",IF(OR(G20=$D$66,G20=$D$60,G20=$D$54,G20=$D$49),"SUDESTE",IF(OR(G20=$D$65,G20=$D$57,G20=$D$62),"SUL",""))))) -> SUDESTE
B21: =X21 -> 5721.1068 | C21: 9 | E21: 'INDÚSTRIA NACIONAL DE ASFALTOS LTDA. | F21: INDÚSTRIA NACIONAL DE ASFALTOS LTDA - CEP:77053-080 | G21: Tocantins | H21: PALMAS - TO | I21: São Sebastião -AL | J21: - | K21: 3.5326068 | L21: =IF(AND(J21="-",K21="-"),"",IF(AND(J21<>0,K21="-"),J21*1000,IF(AND(J21="-",K21<>0),K21*1000,IF(AND(J21<>0,K21<>0),J21*1000,"")))) -> 3532.6068 | M21: =ROUND(((L21/(1-$O$7-$O$8-$O$9))-L21),2) -> 976.14 | N21: =L21+M21 -> 4508.7468 | O21: 1766 | P21: =ROUND((26.939+0.253*O21),2) -> 473.74 | Q21: =TRUNC(P21*($O$9/(1-$O$9)),2) -> 103.99 | R21: =TRUNC(IF($J$8="","",(($J$9-$J$8)/$J$8)*(P21+Q21)),2) -> 634.63 | S21: =P21+Q21+R21 -> 1212.36 | U21: =EVEN('[57] CONSUMO DE MAT. B TOTAL'!$P$13*2/28)*T21/'[57] CONSUMO DE MAT. B TOTAL'!$P$13 -> 0 | V21: =IF(AND(P21="",Q21=""),"",S21+U21) -> 1212.36 | W21: =IF(OR(L21="",M21=""),"",L21+M21) -> 4508.7468 | X21: =IF(OR(V21="",W21=""),"",V21+W21) -> 5721.1068 | AE21: =IF(OR(G21=$D$58,G21=$D$59,G21=$D$61,G21=$D$67,G21=$D$51,G21=$D$47,G21=$D$43,G21=$D$56,G21=$D$46),"NORDESTE",IF(OR(G21=$D$42,G21=$D$44,G21=$D$45,G21=$D$55,G21=$D$63,G21=$D$64,G21=$D$68),"NORTE",IF(OR(G21=$D$48,G21=$D$50,G21=$D$52,G21=$D$53),"CENTRO-OESTE",IF(OR(G21=$D$66,G21=$D$60,G21=$D$54,G21=$D$49),"SUDESTE",IF(OR(G21=$D$65,G21=$D$57,G21=$D$62),"SUL",""))))) -> NORTE
B22: =X22 -> 5311.1516 | C22: 10 | E22: 'NTA - NOVAS TÉCNICAS DE ASFALTOS S/A | F22: RUA SOFIA ATAURI FADIN, 150 SALA A - B. SANTA TEREZINHA - CEP:13140-000 | G22: São Paulo | H22: PAULINIA - SP | I22: São Sebastião -AL | J22: 2.9334216 | K22: 2.6074361 | L22: =IF(AND(J22="-",K22="-"),"",IF(AND(J22<>0,K22="-"),J22*1000,IF(AND(J22="-",K22<>0),K22*1000,IF(AND(J22<>0,K22<>0),J22*1000,"")))) -> 2933.4216 | M22: =ROUND(((L22/(1-$O$7-$O$8-$O$9))-L22),2) -> 810.58 | N22: =L22+M22 -> 3744.0016 | O22: 2314 | P22: =ROUND((26.939+0.253*O22),2) -> 612.38 | Q22: =TRUNC(P22*($O$9/(1-$O$9)),2) -> 134.42 | R22: =TRUNC(IF($J$8="","",(($J$9-$J$8)/$J$8)*(P22+Q22)),2) -> 820.35 | S22: =P22+Q22+R22 -> 1567.15 | U22: =EVEN('[57] CONSUMO DE MAT. B TOTAL'!$P$13*2/28)*T22/'[57] CONSUMO DE MAT. B TOTAL'!$P$13 -> 0 | V22: =IF(AND(P22="",Q22=""),"",S22+U22) -> 1567.15 | W22: =IF(OR(L22="",M22=""),"",L22+M22) -> 3744.0016 | X22: =IF(OR(V22="",W22=""),"",V22+W22) -> 5311.1516 | Z22: =X22 -> 5311.1516 | AA22: =V22 -> 1567.15 | AB22: =W22 -> 3744.0016 | AE22: =IF(OR(G22=$D$58,G22=$D$59,G22=$D$61,G22=$D$67,G22=$D$51,G22=$D$47,G22=$D$43,G22=$D$56,G22=$D$46),"NORDESTE",IF(OR(G22=$D$42,G22=$D$44,G22=$D$45,G22=$D$55,G22=$D$63,G22=$D$64,G22=$D$68),"NORTE",IF(OR(G22=$D$48,G22=$D$50,G22=$D$52,G22=$D$53),"CENTRO-OESTE",IF(OR(G22=$D$66,G22=$D$60,G22=$D$54,G22=$D$49),"SUDESTE",IF(OR(G22=$D$65,G22=$D$57,G22=$D$62),"SUL",""))))) -> SUDESTE
B23: =X23 -> 5291.0916 | C23: 11 | E23: COMPANHIA BRASILEIRA DE ASFALTOS DA AMAZÔNIA - IMPORTAÇÃO E EXPORTAÇÃO | F23: Avenida Doutor Olindo Dártora 2451, Galpão 02, Morro Grande - CEP:07726-555 | G23: São Paulo | H23: CAIEIRAS - SP | I23: São Sebastião -AL | J23: 2.9334216 | K23: 2.6074361 | L23: =IF(AND(J23="-",K23="-"),"",IF(AND(J23<>0,K23="-"),J23*1000,IF(AND(J23="-",K23<>0),K23*1000,IF(AND(J23<>0,K23<>0),J23*1000,"")))) -> 2933.4216 | M23: =ROUND(((L23/(1-$O$7-$O$8-$O$9))-L23),2) -> 810.58 | N23: =L23+M23 -> 3744.0016 | O23: 2283 | P23: =ROUND((26.939+0.253*O23),2) -> 604.54 | Q23: =TRUNC(P23*($O$9/(1-$O$9)),2) -> 132.7 | R23: =TRUNC(IF($J$8="","",(($J$9-$J$8)/$J$8)*(P23+Q23)),2) -> 809.85 | S23: =P23+Q23+R23 -> 1547.09 | U23: =EVEN('[57] CONSUMO DE MAT. B TOTAL'!$P$13*2/28)*T23/'[57] CONSUMO DE MAT. B TOTAL'!$P$13 -> 0 | V23: =IF(AND(P23="",Q23=""),"",S23+U23) -> 1547.09 | W23: =IF(OR(L23="",M23=""),"",L23+M23) -> 3744.0016 | X23: =IF(OR(V23="",W23=""),"",V23+W23) -> 5291.0916 | AE23: =IF(OR(G23=$D$58,G23=$D$59,G23=$D$61,G23=$D$67,G23=$D$51,G23=$D$47,G23=$D$43,G23=$D$56,G23=$D$46),"NORDESTE",IF(OR(G23=$D$42,G23=$D$44,G23=$D$45,G23=$D$55,G23=$D$63,G23=$D$64,G23=$D$68),"NORTE",IF(OR(G23=$D$48,G23=$D$50,G23=$D$52,G23=$D$53),"CENTRO-OESTE",IF(OR(G23=$D$66,G23=$D$60,G23=$D$54,G23=$D$49),"SUDESTE",IF(OR(G23=$D$65,G23=$D$57,G23=$D$62),"SUL",""))))) -> SUDESTE
B24: =X24 -> 5364.0959 | C24: 12 | E24: BETUNEL INDÚSTRIA E COMÉRCIO LTDA. | F24: R 16 , 82, Vila Nova Campo Grande - CEP:79.103-834 | G24: Mato Grosso do Sul | H24: CAMPO GRANDE - MS | I24: São Sebastião -AL | J24: 2.7217659 | K24: 2.5714112 | L24: =IF(AND(J24="-",K24="-"),"",IF(AND(J24<>0,K24="-"),J24*1000,IF(AND(J24="-",K24<>0),K24*1000,IF(AND(J24<>0,K24<>0),J24*1000,"")))) -> 2721.7659 | M24: =ROUND(((L24/(1-$O$7-$O$8-$O$9))-L24),2) -> 752.09 | N24: =L24+M24 -> 3473.8559 | O24: 2813 | P24: =ROUND((26.939+0.253*O24),2) -> 738.63 | Q24: =TRUNC(P24*($O$9/(1-$O$9)),2) -> 162.13 | R24: =TRUNC(IF($J$8="","",(($J$9-$J$8)/$J$8)*(P24+Q24)),2) -> 989.48 | S24: =P24+Q24+R24 -> 1890.24 | U24: =EVEN('[57] CONSUMO DE MAT. B TOTAL'!$P$13*2/28)*T24/'[57] CONSUMO DE MAT. B TOTAL'!$P$13 -> 0 | V24: =IF(AND(P24="",Q24=""),"",S24+U24) -> 1890.24 | W24: =IF(OR(L24="",M24=""),"",L24+M24) -> 3473.8559 | X24: =IF(OR(V24="",W24=""),"",V24+W24) -> 5364.0959 | AE24: =IF(OR(G24=$D$58,G24=$D$59,G24=$D$61,G24=$D$67,G24=$D$51,G24=$D$47,G24=$D$43,G24=$D$56,G24=$D$46),"NORDESTE",IF(OR(G24=$D$42,G24=$D$44,G24=$D$45,G24=$D$55,G24=$D$63,G24=$D$64,G24=$D$68),"NORTE",IF(OR(G24=$D$48,G24=$D$50,G24=$D$52,G24=$D$53),"CENTRO-OESTE",IF(OR(G24=$D$66,G24=$D$60,G24=$D$54,G24=$D$49),"SUDESTE",IF(OR(G24=$D$65,G24=$D$57,G24=$D$62),"SUL",""))))) -> CENTRO-OESTE
B25: =X25 -> 6618.6054 | C25: 13 | E25: CENTRO OESTE ASFALTOS LTDA. | F25: RUA N, S/N.º LOTES 39/43 E LOTES 129/133 - DISTRITO INDUSTRIAL - CEP:78098-400 | G25: Mato Grosso | H25: CUIABA - MT | I25: São Sebastião -AL | J25: 3.6950254 | K25: 2.5714112 | L25: =IF(AND(J25="-",K25="-"),"",IF(AND(J25<>0,K25="-"),J25*1000,IF(AND(J25="-",K25<>0),K25*1000,IF(AND(J25<>0,K25<>0),J25*1000,"")))) -> 3695.0254 | M25: =ROUND(((L25/(1-$O$7-$O$8-$O$9))-L25),2) -> 1021.02 | N25: =L25+M25 -> 4716.0454 | O25: 2832 | P25: =ROUND((26.939+0.253*O25),2) -> 743.44 | Q25: =TRUNC(P25*($O$9/(1-$O$9)),2) -> 163.19 | R25: =TRUNC(IF($J$8="","",(($J$9-$J$8)/$J$8)*(P25+Q25)),2) -> 995.93 | S25: =P25+Q25+R25 -> 1902.56 | U25: =EVEN('[57] CONSUMO DE MAT. B TOTAL'!$P$13*2/28)*T25/'[57] CONSUMO DE MAT. B TOTAL'!$P$13 -> 0 | V25: =IF(AND(P25="",Q25=""),"",S25+U25) -> 1902.56 | W25: =IF(OR(L25="",M25=""),"",L25+M25) -> 4716.0454 | X25: =IF(OR(V25="",W25=""),"",V25+W25) -> 6618.6054 | AE25: =IF(OR(G25=$D$58,G25=$D$59,G25=$D$61,G25=$D$67,G25=$D$51,G25=$D$47,G25=$D$43,G25=$D$56,G25=$D$46),"NORDESTE",IF(OR(G25=$D$42,G25=$D$44,G25=$D$45,G25=$D$55,G25=$D$63,G25=$D$64,G25=$D$68),"NORTE",IF(OR(G25=$D$48,G25=$D$50,G25=$D$52,G25=$D$53),"CENTRO-OESTE",IF(OR(G25=$D$66,G25=$D$60,G25=$D$54,G25=$D$49),"SUDESTE",IF(OR(G25=$D$65,G25=$D$57,G25=$D$62),"SUL",""))))) -> CENTRO-OESTE
B26: =X26 -> 6618.6054 | C26: 14 | E26: BETUNEL INDÚSTRIA E COMÉRCIO LTDA. | F26: RUA N ESQUINA COM RUA X, S/N QD. IND. 7 L 01/08 - DIST. IND. - CEP:78015-285 | G26: Mato Grosso | H26: CUIABA - MT | I26: São Sebastião -AL | J26: 3.6950254 | K26: 2.5714112 | L26: =IF(AND(J26="-",K26="-"),"",IF(AND(J26<>0,K26="-"),J26*1000,IF(AND(J26="-",K26<>0),K26*1000,IF(AND(J26<>0,K26<>0),J26*1000,"")))) -> 3695.0254 | M26: =ROUND(((L26/(1-$O$7-$O$8-$O$9))-L26),2) -> 1021.02 | N26: =L26+M26 -> 4716.0454 | O26: 2832 | P26: =ROUND((26.939+0.253*O26),2) -> 743.44 | Q26: =TRUNC(P26*($O$9/(1-$O$9)),2) -> 163.19 | R26: =TRUNC(IF($J$8="","",(($J$9-$J$8)/$J$8)*(P26+Q26)),2) -> 995.93 | S26: =P26+Q26+R26 -> 1902.56 | U26: =EVEN('[57] CONSUMO DE MAT. B TOTAL'!$P$13*2/28)*T26/'[57] CONSUMO DE MAT. B TOTAL'!$P$13 -> 0 | V26: =IF(AND(P26="",Q26=""),"",S26+U26) -> 1902.56 | W26: =IF(OR(L26="",M26=""),"",L26+M26) -> 4716.0454 | X26: =IF(OR(V26="",W26=""),"",V26+W26) -> 6618.6054 | AE26: =IF(OR(G26=$D$58,G26=$D$59,G26=$D$61,G26=$D$67,G26=$D$51,G26=$D$47,G26=$D$43,G26=$D$56,G26=$D$46),"NORDESTE",IF(OR(G26=$D$42,G26=$D$44,G26=$D$45,G26=$D$55,G26=$D$63,G26=$D$64,G26=$D$68),"NORTE",IF(OR(G26=$D$48,G26=$D$50,G26=$D$52,G26=$D$53),"CENTRO-OESTE",IF(OR(G26=$D$66,G26=$D$60,G26=$D$54,G26=$D$49),"SUDESTE",IF(OR(G26=$D$65,G26=$D$57,G26=$D$62),"SUL",""))))) -> CENTRO-OESTE
B27: =X27 -> 6621.8354 | C27: 15 | E27: EMAM - EMULSÕES E TRANSPORTES LTDA. | F27: RODOVIA DOS IMIGRANTES, S/Nº KM 8,6 - - CEP:60035-351 | G27: Mato Grosso | H27: VARZEA GRANDE - MT | I27: São Sebastião -AL | J27: 3.6950254 | K27: 2.5714112 | L27: =IF(AND(J27="-",K27="-"),"",IF(AND(J27<>0,K27="-"),J27*1000,IF(AND(J27="-",K27<>0),K27*1000,IF(AND(J27<>0,K27<>0),J27*1000,"")))) -> 3695.0254 | M27: =ROUND(((L27/(1-$O$7-$O$8-$O$9))-L27),2) -> 1021.02 | N27: =L27+M27 -> 4716.0454 | O27: 2837 | P27: =ROUND((26.939+0.253*O27),2) -> 744.7 | Q27: =TRUNC(P27*($O$9/(1-$O$9)),2) -> 163.47 | R27: =TRUNC(IF($J$8="","",(($J$9-$J$8)/$J$8)*(P27+Q27)),2) -> 997.62 | S27: =P27+Q27+R27 -> 1905.79 | U27: =EVEN('[57] CONSUMO DE MAT. B TOTAL'!$P$13*2/28)*T27/'[57] CONSUMO DE MAT. B TOTAL'!$P$13 -> 0 | V27: =IF(AND(P27="",Q27=""),"",S27+U27) -> 1905.79 | W27: =IF(OR(L27="",M27=""),"",L27+M27) -> 4716.0454 | X27: =IF(OR(V27="",W27=""),"",V27+W27) -> 6621.8354 | Z27: =X27 -> 6621.8354 | AA27: =V27 -> 1905.79 | AB27: =W27 -> 4716.0454 | AE27: =IF(OR(G27=$D$58,G27=$D$59,G27=$D$61,G27=$D$67,G27=$D$51,G27=$D$47,G27=$D$43,G27=$D$56,G27=$D$46),"NORDESTE",IF(OR(G27=$D$42,G27=$D$44,G27=$D$45,G27=$D$55,G27=$D$63,G27=$D$64,G27=$D$68),"NORTE",IF(OR(G27=$D$48,G27=$D$50,G27=$D$52,G27=$D$53),"CENTRO-OESTE",IF(OR(G27=$D$66,G27=$D$60,G27=$D$54,G27=$D$49),"SUDESTE",IF(OR(G27=$D$65,G27=$D$57,G27=$D$62),"SUL",""))))) -> CENTRO-OESTE
B28: =X28 -> 5265.2016 | C28: 16 | E28: VIAPOL LTDA. | F28: VITO ARDITO, 6401 KM 118,5 - JARDIM CAMPO GRANDE - CEP:12282-535 | G28: São Paulo | H28: CACAPAVA - SP | I28: São Sebastião -AL | J28: 2.9334216 | K28: 2.6074361 | L28: =IF(AND(J28="-",K28="-"),"",IF(AND(J28<>0,K28="-"),J28*1000,IF(AND(J28="-",K28<>0),K28*1000,IF(AND(J28<>0,K28<>0),J28*1000,"")))) -> 2933.4216 | M28: =ROUND(((L28/(1-$O$7-$O$8-$O$9))-L28),2) -> 810.58 | N28: =L28+M28 -> 3744.0016 | O28: 2243 | P28: =ROUND((26.939+0.253*O28),2) -> 594.42 | Q28: =TRUNC(P28*($O$9/(1-$O$9)),2) -> 130.48 | R28: =TRUNC(IF($J$8="","",(($J$9-$J$8)/$J$8)*(P28+Q28)),2) -> 796.3 | S28: =P28+Q28+R28 -> 1521.2 | U28: =EVEN('[57] CONSUMO DE MAT. B TOTAL'!$P$13*2/28)*T28/'[57] CONSUMO DE MAT. B TOTAL'!$P$13 -> 0 | V28: =IF(AND(P28="",Q28=""),"",S28+U28) -> 1521.2 | W28: =IF(OR(L28="",M28=""),"",L28+M28) -> 3744.0016 | X28: =IF(OR(V28="",W28=""),"",V28+W28) -> 5265.2016 | Z28: =X28 -> 5265.2016 | AA28: =V28 -> 1521.2 | AB28: =W28 -> 3744.0016 | AE28: =IF(OR(G28=$D$58,G28=$D$59,G28=$D$61,G28=$D$67,G28=$D$51,G28=$D$47,G28=$D$43,G28=$D$56,G28=$D$46),"NORDESTE",IF(OR(G28=$D$42,G28=$D$44,G28=$D$45,G28=$D$55,G28=$D$63,G28=$D$64,G28=$D$68),"NORTE",IF(OR(G28=$D$48,G28=$D$50,G28=$D$52,G28=$D$53),"CENTRO-OESTE",IF(OR(G28=$D$66,G28=$D$60,G28=$D$54,G28=$D$49),"SUDESTE",IF(OR(G28=$D$65,G28=$D$57,G28=$D$62),"SUL",""))))) -> SUDESTE
B29: =X29 -> 4655.5261 | C29: 17 | E29: STRATURA ASFALTOS S/A | F29: RUA LUIS DE CAMÕES, 26 - CAMPOS ELÍSEOS - CEP:25225-030 | G29: Rio de Janeiro | H29: DUQUE DE CAXIAS - RJ | I29: São Sebastião -AL | J29: - | K29: 2.6074361 | L29: =IF(AND(J29="-",K29="-"),"",IF(AND(J29<>0,K29="-"),J29*1000,IF(AND(J29="-",K29<>0),K29*1000,IF(AND(J29<>0,K29<>0),J29*1000,"")))) -> 2607.4361 | M29: =ROUND(((L29/(1-$O$7-$O$8-$O$9))-L29),2) -> 720.5 | N29: =L29+M29 -> 3327.9361 | O29: 1944 | P29: =ROUND((26.939+0.253*O29),2) -> 518.77 | Q29: =TRUNC(P29*($O$9/(1-$O$9)),2) -> 113.87 | R29: =TRUNC(IF($J$8="","",(($J$9-$J$8)/$J$8)*(P29+Q29)),2) -> 694.95 | S29: =P29+Q29+R29 -> 1327.59 | U29: =EVEN('[57] CONSUMO DE MAT. B TOTAL'!$P$13*2/28)*T29/'[57] CONSUMO DE MAT. B TOTAL'!$P$13 -> 0 | V29: =IF(AND(P29="",Q29=""),"",S29+U29) -> 1327.59 | W29: =IF(OR(L29="",M29=""),"",L29+M29) -> 3327.9361 | X29: =IF(OR(V29="",W29=""),"",V29+W29) -> 4655.5261 | Z29: =X29 -> 4655.5261 | AA29: =V29 -> 1327.59 | AB29: =W29 -> 3327.9361 | AE29: =IF(OR(G29=$D$58,G29=$D$59,G29=$D$61,G29=$D$67,G29=$D$51,G29=$D$47,G29=$D$43,G29=$D$56,G29=$D$46),"NORDESTE",IF(OR(G29=$D$42,G29=$D$44,G29=$D$45,G29=$D$55,G29=$D$63,G29=$D$64,G29=$D$68),"NORTE",IF(OR(G29=$D$48,G29=$D$50,G29=$D$52,G29=$D$53),"CENTRO-OESTE",IF(OR(G29=$D$66,G29=$D$60,G29=$D$54,G29=$D$49),"SUDESTE",IF(OR(G29=$D$65,G29=$D$57,G29=$D$62),"SUL",""))))) -> SUDESTE
B30: =X30 -> 4666.5461 | C30: 18 | E30: PROBITEC - PRODUTOS BETUMINOSOS E TECNOLOGIA DE APLICAÇÃO LTDA. | F30: AVENIDA CANAL DA PAVUNA, 620 - PAVUNA - CEP:21535-630 | G30: Rio de Janeiro | H30: RIO DE JANEIRO - RJ | I30: São Sebastião -AL | J30: - | K30: 2.6074361 | L30: =IF(AND(J30="-",K30="-"),"",IF(AND(J30<>0,K30="-"),J30*1000,IF(AND(J30="-",K30<>0),K30*1000,IF(AND(J30<>0,K30<>0),J30*1000,"")))) -> 2607.4361 | M30: =ROUND(((L30/(1-$O$7-$O$8-$O$9))-L30),2) -> 720.5 | N30: =L30+M30 -> 3327.9361 | O30: 1961 | P30: =ROUND((26.939+0.253*O30),2) -> 523.07 | Q30: =TRUNC(P30*($O$9/(1-$O$9)),2) -> 114.82 | R30: =TRUNC(IF($J$8="","",(($J$9-$J$8)/$J$8)*(P30+Q30)),2) -> 700.72 | S30: =P30+Q30+R30 -> 1338.61 | U30: =EVEN('[57] CONSUMO DE MAT. B TOTAL'!$P$13*2/28)*T30/'[57] CONSUMO DE MAT. B TOTAL'!$P$13 -> 0 | V30: =IF(AND(P30="",Q30=""),"",S30+U30) -> 1338.61 | W30: =IF(OR(L30="",M30=""),"",L30+M30) -> 3327.9361 | X30: =IF(OR(V30="",W30=""),"",V30+W30) -> 4666.5461 | Z30: =X30 -> 4666.5461 | AA30: =V30 -> 1338.61 | AB30: =W30 -> 3327.9361 | AE30: =IF(OR(G30=$D$58,G30=$D$59,G30=$D$61,G30=$D$67,G30=$D$51,G30=$D$47,G30=$D$43,G30=$D$56,G30=$D$46),"NORDESTE",IF(OR(G30=$D$42,G30=$D$44,G30=$D$45,G30=$D$55,G30=$D$63,G30=$D$64,G30=$D$68),"NORTE",IF(OR(G30=$D$48,G30=$D$50,G30=$D$52,G30=$D$53),"CENTRO-OESTE",IF(OR(G30=$D$66,G30=$D$60,G30=$D$54,G30=$D$49),"SUDESTE",IF(OR(G30=$D$65,G30=$D$57,G30=$D$62),"SUL",""))))) -> SUDESTE
B31: =X31 -> 4847.4228 | C31: 19 | E31: CASA DO ASFALTO DISTRIBUIDORA, INDÚSTRIA E COMÉRCIO DE ASFALTO LTDA. | F31: BR 376, PARQUE INDUSTRIAL, S/N LOTE 6/7/7-A-3-1 - GL.PATR.MARIALVA - CEP:86990-000 | G31: Paraná | H31: MARIALVA - PR | I31: São Sebastião -AL | J31: 2.3899928 | K31: 2.4093027 | L31: =IF(AND(J31="-",K31="-"),"",IF(AND(J31<>0,K31="-"),J31*1000,IF(AND(J31="-",K31<>0),K31*1000,IF(AND(J31<>0,K31<>0),J31*1000,"")))) -> 2389.9928 | M31: =ROUND(((L31/(1-$O$7-$O$8-$O$9))-L31),2) -> 660.41 | N31: =L31+M31 -> 3050.4028 | O31: 2669 | P31: =ROUND((26.939+0.253*O31),2) -> 702.2 | Q31: =TRUNC(P31*($O$9/(1-$O$9)),2) -> 154.14 | R31: =TRUNC(IF($J$8="","",(($J$9-$J$8)/$J$8)*(P31+Q31)),2) -> 940.68 | S31: =P31+Q31+R31 -> 1797.02 | U31: =EVEN('[57] CONSUMO DE MAT. B TOTAL'!$P$13*2/28)*T31/'[57] CONSUMO DE MAT. B TOTAL'!$P$13 -> 0 | V31: =IF(AND(P31="",Q31=""),"",S31+U31) -> 1797.02 | W31: =IF(OR(L31="",M31=""),"",L31+M31) -> 3050.4028 | X31: =IF(OR(V31="",W31=""),"",V31+W31) -> 4847.4228 | Z31: =X31 -> 4847.4228 | AA31: =V31 -> 1797.02 | AB31: =W31 -> 3050.4028 | AE31: =IF(OR(G31=$D$58,G31=$D$59,G31=$D$61,G31=$D$67,G31=$D$51,G31=$D$47,G31=$D$43,G31=$D$56,G31=$D$46),"NORDESTE",IF(OR(G31=$D$42,G31=$D$44,G31=$D$45,G31=$D$55,G31=$D$63,G31=$D$64,G31=$D$68),"NORTE",IF(OR(G31=$D$48,G31=$D$50,G31=$D$52,G31=$D$53),"CENTRO-OESTE",IF(OR(G31=$D$66,G31=$D$60,G31=$D$54,G31=$D$49),"SUDESTE",IF(OR(G31=$D$65,G31=$D$57,G31=$D$62),"SUL",""))))) -> SUL
B32: =X32 -> 4881.0628 | C32: 20 | E32: PETROBRAS DISTRIBUIDORA S.A. | F32: RUA MAQUINISTA ELEODORO JACINTO, 100 - OFICINAS - CEP:84045-170 | G32: Paraná | H32: PONTA GROSSA - PR | I32: São Sebastião -AL | J32: 2.3899928 | K32: 2.4093027 | L32: =IF(AND(J32="-",K32="-"),"",IF(AND(J32<>0,K32="-"),J32*1000,IF(AND(J32="-",K32<>0),K32*1000,IF(AND(J32<>0,K32<>0),J32*1000,"")))) -> 2389.9928 | M32: =ROUND(((L32/(1-$O$7-$O$8-$O$9))-L32),2) -> 660.41 | N32: =L32+M32 -> 3050.4028 | O32: 2721 | P32: =ROUND((26.939+0.253*O32),2) -> 715.35 | Q32: =TRUNC(P32*($O$9/(1-$O$9)),2) -> 157.02 | R32: =TRUNC(IF($J$8="","",(($J$9-$J$8)/$J$8)*(P32+Q32)),2) -> 958.29 | S32: =P32+Q32+R32 -> 1830.66 | U32: =EVEN('[57] CONSUMO DE MAT. B TOTAL'!$P$13*2/28)*T32/'[57] CONSUMO DE MAT. B TOTAL'!$P$13 -> 0 | V32: =IF(AND(P32="",Q32=""),"",S32+U32) -> 1830.66 | W32: =IF(OR(L32="",M32=""),"",L32+M32) -> 3050.4028 | X32: =IF(OR(V32="",W32=""),"",V32+W32) -> 4881.0628 | Z32: =X32 -> 4881.0628 | AA32: =V32 -> 1830.66 | AB32: =W32 -> 3050.4028 | AE32: =IF(OR(G32=$D$58,G32=$D$59,G32=$D$61,G32=$D$67,G32=$D$51,G32=$D$47,G32=$D$43,G32=$D$56,G32=$D$46),"NORDESTE",IF(OR(G32=$D$42,G32=$D$44,G32=$D$45,G32=$D$55,G32=$D$63,G32=$D$64,G32=$D$68),"NORTE",IF(OR(G32=$D$48,G32=$D$50,G32=$D$52,G32=$D$53),"CENTRO-OESTE",IF(OR(G32=$D$66,G32=$D$60,G32=$D$54,G32=$D$49),"SUDESTE",IF(OR(G32=$D$65,G32=$D$57,G32=$D$62),"SUL",""))))) -> SUL
D42: Acre
D43: Alagoas
D44: Amapá
D45: Amazonas
D46: Bahia
D47: Ceará
D48: Distrito Federal
D49: Espírito Santo
D50: Goiás
D51: Maranhão
D52: Mato Grosso
D53: Mato Grosso do Sul
... D98: EMULSÕES ASFÁLTICAS RR-2C

Sheet Transporte CM-30
C2: MEMÓRIA DE CÁLCULO
C7: REAJUSTE | F7: TIPOLOGIA DO MATERIAL | I7: ASFALTOS DILUÍDOS CM-30 | M7: IMPOSTOS | N7: COFINS | O7: 0.0065
G8: ÍNDICE DE PAVIMENTAÇÃO DNIT | H8: 41821 | I8: ÍNDICE INICIAL | J8: 270.237 | N8: PIS | O8: 0.03 | Q8: LEGENDA | Z8: As empresas tributadas pelo Lucro Presumido pagam 0,65% de PIS e 3% de COFINS
H9: ='[57]Transporte Cap 50-70'!H9 -> 45383 | I9: ÍNDICE FINAL | J9: ='[57]Transporte Cap 50-70'!J9 -> 567.092 | N9: ICMS | O9: 0.18 | P9: =1-(O9/1) -> 0.82 | Q9: ENTRADA DE DADOS | Z9: As empresas tributadas pelo Lucro Real pagam 1,65% de PIS e 7,60% de COFINS
G10: Data ANP | H10: ='[57]Transporte Cap 50-70'!H10 -> 45352
C11: DATA-BASE | D11: PRODUTOS | E11: LOCALIDADES | J11: CUSTO ANP (R$/Kg) | L11: CUSTO ANP | M11: IMPOSTOS DO PRODUTO | N11: CUSTO DO PRODUTO COM IMPOSTOS | O11: DMT's | P11: CUSTO DO TRANSPORTE RODOVIA PAVIMENTADA | Q11: ICMS | R11: ATUALIZAÇÃO DO CUSTO DE TRANSPORTE | S11: CUSTO DO TRANSPORTE RODOVIA PAVIMENTADA COM IMPOSTOS E ATUALIZAÇÃO MONETÁRIA | T11: PEDÁGIO | V11: TOTAL TRANSPORTE | W11: AQUISIÇÃO DO PRODUTO | X11: TOTAL GERAL ( TRANSP + AQUISIÇÃO) | Z11: 1 | AA11: 2 | AB11: 3
C12: =H9 -> 45383 | E12: REFINARIAS | F12: ENDEREÇO | G12: ESTADO | H12: CIDADE | I12: DESTINO | J12: ESTADO | K12: REGIÃO | L12: R$/t | M12: R$/t | N12: R$/t | O12: KM | P12: R$/t | Q12: R$/t | R12: R$/t | S12: R$/t | T12: CUSTO | U12: R$/t | V12: R$/t | W12: R$/t | X12: R$/t | Z12: TOTAL GERAL ( TRANSP + AQUISIÇÃO) | AA12: TOTAL TRANSPORTE | AB12: AQUISIÇÃO DO PRODUTO
B13: =X13 -> 7590.2459 | C13: 1 | D13: =I7 -> ASFALTOS DILUÍDOS CM-30 | E13: 'CENTRO OESTE ASFALTOS LTDA. | F13: SETOR DE INFLAMÁVEIS, S/N TRECHO 02 - LOTE 1.100 - GUARÁ - CEP:71225-000 | G13: Distrito Federal | H13: BRASÍLIA - DF | I13: ='[57]Transporte RR-1C'!I13 -> São Sebastião -AL | J13: - | K13: 4.9940359 | L13: =IF(AND(J13="-",K13="-"),"",IF(AND(J13<>0,K13="-"),J13*1000,IF(AND(J13="-",K13<>0),K13*1000,IF(AND(J13<>0,K13<>0),J13*1000,"")))) -> 4994.0359 | M13: =ROUND(((L13/(1-$O$7-$O$8-$O$9))-L13),2) -> 1379.97 | N13: =L13+M13 -> 6374.0059 | O13: ='[57]Transporte RR-1C'!O13 -> 1772 | P13: =ROUND((26.939+0.253*O13),2) -> 475.26 | Q13: =TRUNC(P13*($O$9/(1-$O$9)),2) -> 104.32 | R13: =TRUNC(IF($J$8="","",(($J$9-$J$8)/$J$8)*(P13+Q13)),2) -> 636.66 | S13: =P13+Q13+R13 -> 1216.24 | U13: =EVEN('[57] CONSUMO DE MAT. B TOTAL'!$P$13*2/28)*T13/'[57] CONSUMO DE MAT. B TOTAL'!$P$13 -> 0 | V13: =IF(AND(P13="",Q13=""),"",S13+U13) -> 1216.24 | W13: =IF(OR(L13="",M13=""),"",L13+M13) -> 6374.0059 | X13: =IF(OR(V13="",W13=""),"",V13+W13) -> 7590.2459 | Z13: =X13 -> 7590.2459 | AA13: =V13 -> 1216.24 | AB13: =W13 -> 6374.0059 | AE13: =IF(OR(G13=$D$58,G13=$D$59,G13=$D$61,G13=$D$67,G13=$D$51,G13=$D$47,G13=$D$43,G13=$D$56,G13=$D$46),"NORDESTE",IF(OR(G13=$D$42,G13=$D$44,G13=$D$45,G13=$D$55,G13=$D$63,G13=$D$64,G13=$D$68),"NORTE",IF(OR(G13=$D$48,G13=$D$50,G13=$D$52,G13=$D$53),"CENTRO-OESTE",IF(OR(G13=$D$66,G13=$D$60,G13=$D$54,G13=$D$49),"SUDESTE",IF(OR(G13=$D$65,G13=$D$57,G13=$D$62),"SUL",""))))) -> CENTRO-OESTE
B14: =X14 -> 7685.4159 | C14: 2 | E14: STRATURA ASFALTOS S/A | F14: AVENIDA PRESIDENTE WILSON, 08 - JUNDIAÍ - CEP:75115-100 | G14: Goiás | H14: ANÁPOLIS - GO | I14: ='[57]Transporte RR-1C'!I14 -> São Sebastião -AL | J14: - | K14: 4.9940359 | L14: =IF(AND(J14="-",K14="-"),"",IF(AND(J14<>0,K14="-"),J14*1000,IF(AND(J14="-",K14<>0),K14*1000,IF(AND(J14<>0,K14<>0),J14*1000,"")))) -> 4994.0359 | M14: =ROUND(((L14/(1-$O$7-$O$8-$O$9))-L14),2) -> 1379.97 | N14: =L14+M14 -> 6374.0059 | O14: ='[57]Transporte RR-1C'!O14 -> 1919 | P14: =ROUND((26.939+0.253*O14),2) -> 512.45 | Q14: =TRUNC(P14*($O$9/(1-$O$9)),2) -> 112.48 | R14: =TRUNC(IF($J$8="","",(($J$9-$J$8)/$J$8)*(P14+Q14)),2) -> 686.48 | S14: =P14+Q14+R14 -> 1311.41 | U14: =EVEN('[57] CONSUMO DE MAT. B TOTAL'!$P$13*2/28)*T14/'[57] CONSUMO DE MAT. B TOTAL'!$P$13 -> 0 | V14: =IF(AND(P14="",Q14=""),"",S14+U14) -> 1311.41 | W14: =IF(OR(L14="",M14=""),"",L14+M14) -> 6374.0059 | X14: =IF(OR(V14="",W14=""),"",V14+W14) -> 7685.4159 | Z14: =X14 -> 7685.4159 | AA14: =V14 -> 1311.41 | AB14: =W14 -> 6374.0059 | AE14: =IF(OR(G14=$D$58,G14=$D$59,G14=$D$61,G14=$D$67,G14=$D$51,G14=$D$47,G14=$D$43,G14=$D$56,G14=$D$46),"NORDESTE",IF(OR(G14=$D$42,G14=$D$44,G14=$D$45,G14=$D$55,G14=$D$63,G14=$D$64,G14=$D$68),"NORTE",IF(OR(G14=$D$48,G14=$D$50,G14=$D$52,G14=$D$53),"CENTRO-OESTE",IF(OR(G14=$D$66,G14=$D$60,G14=$D$54,G14=$D$49),"SUDESTE",IF(OR(G14=$D$65,G14=$D$57,G14=$D$62),"SUL",""))))) -> CENTRO-OESTE
B15: =X15 -> 7729.4459 | C15: 3 | E15: DISTRIBUIDORA BRASILEIRA DE ASFALTO SA - DISBRAL | F15: VIA PRIMARIA 8, S/N QD-18, MODS. 24/47 - DAIAG - CEP:74980-970 | G15: Goiás | H15: APARECIDA DE GOIANIA - GO | I15: ='[57]Transporte RR-1C'!I15 -> São Sebastião -AL | J15: - | K15: 4.9940359 | L15: =IF(AND(J15="-",K15="-"),"",IF(AND(J15<>0,K15="-"),J15*1000,IF(AND(J15="-",K15<>0),K15*1000,IF(AND(J15<>0,K15<>0),J15*1000,"")))) -> 4994.0359 | M15: =ROUND(((L15/(1-$O$7-$O$8-$O$9))-L15),2) -> 1379.97 | N15: =L15+M15 -> 6374.0059 | O15: ='[57]Transporte RR-1C'!O15 -> 1987 | P15: =ROUND((26.939+0.253*O15),2) -> 529.65 | Q15: =TRUNC(P15*($O$9/(1-$O$9)),2) -> 116.26 | R15: =TRUNC(IF($J$8="","",(($J$9-$J$8)/$J$8)*(P15+Q15)),2) -> 709.53 | S15: =P15+Q15+R15 -> 1355.44 | U15: =EVEN('[57] CONSUMO DE MAT. B TOTAL'!$P$13*2/28)*T15/'[57] CONSUMO DE MAT. B TOTAL'!$P$13 -> 0 | V15: =IF(AND(P15="",Q15=""),"",S15+U15) -> 1355.44 | W15: =IF(OR(L15="",M15=""),"",L15+M15) -> 6374.0059 | X15: =IF(OR(V15="",W15=""),"",V15+W15) -> 7729.4459 | Z15: =X15 -> 7729.4459 | AA15: =V15 -> 1355.44 | AB15: =W15 -> 6374.0059 | AE15: =IF(OR(G15=$D$58,G15=$D$59,G15=$D$61,G15=$D$67,G15=$D$51,G15=$D$47,G15=$D$43,G15=$D$56,G15=$D$46),"NORDESTE",IF(OR(G15=$D$42,G15=$D$44,G15=$D$45,G15=$D$55,G15=$D$63,G15=$D$64,G15=$D$68),"NORTE",IF(OR(G15=$D$48,G15=$D$50,G15=$D$52,G15=$D$53),"CENTRO-OESTE",IF(OR(G15=$D$66,G15=$D$60,G15=$D$54,G15=$D$49),"SUDESTE",IF(OR(G15=$D$65,G15=$D$57,G15=$D$62),"SUL",""))))) -> CENTRO-OESTE
A16: 2403 | B16: =X16 -> 7732.0259 | C16: 4 | E16: INDÚSTRIA NACIONAL DE ASFALTOS LTDA. | F16: VIA PRIMEIRA E SEGUNDA 3, S/N.º LOTES 01 A 10 - DISTRITO AGROINDUSTRIAL - CEP:75370-000 | G16: Goiás | H16: GOIANIRA - GO | I16: ='[57]Transporte RR-1C'!I16 -> São Sebastião -AL | J16: - | K16: 4.9940359 | L16: =IF(AND(J16="-",K16="-"),"",IF(AND(J16<>0,K16="-"),J16*1000,IF(AND(J16="-",K16<>0),K16*1000,IF(AND(J16<>0,K16<>0),J16*1000,"")))) -> 4994.0359 | M16: =ROUND(((L16/(1-$O$7-$O$8-$O$9))-L16),2) -> 1379.97 | N16: =L16+M16 -> 6374.0059 | O16: ='[57]Transporte RR-1C'!O16 -> 1991 | P16: =ROUND((26.939+0.253*O16),2) -> 530.66 | Q16: =TRUNC(P16*($O$9/(1-$O$9)),2) -> 116.48 | R16: =TRUNC(IF($J$8="","",(($J$9-$J$8)/$J$8)*(P16+Q16)),2) -> 710.88 | S16: =P16+Q16+R16 -> 1358.02 | U16: =EVEN('[57] CONSUMO DE MAT. B TOTAL'!$P$13*2/28)*T16/'[57] CONSUMO DE MAT. B TOTAL'!$P$13 -> 0 | V16: =IF(AND(P16="",Q16=""),"",S16+U16) -> 1358.02 | W16: =IF(OR(L16="",M16=""),"",L16+M16) -> 6374.0059 | X16: =IF(OR(V16="",W16=""),"",V16+W16) -> 7732.0259 | Z16: =X16 -> 7732.0259 | AA16: =V16 -> 1358.02 | AB16: =W16 -> 6374.0059 | AE16: =IF(OR(G16=$D$58,G16=$D$59,G16=$D$61,G16=$D$67,G16=$D$51,G16=$D$47,G16=$D$43,G16=$D$56,G16=$D$46),"NORDESTE",IF(OR(G16=$D$42,G16=$D$44,G16=$D$45,G16=$D$55,G16=$D$63,G16=$D$64,G16=$D$68),"NORTE",IF(OR(G16=$D$48,G16=$D$50,G16=$D$52,G16=$D$53),"CENTRO-OESTE",IF(OR(G16=$D$66,G16=$D$60,G16=$D$54,G16=$D$49),"SUDESTE",IF(OR(G16=$D$65,G16=$D$57,G16=$D$62),"SUL",""))))) -> CENTRO-OESTE
B17: =X17 -> 7379.3199 | C17: 5 | E17: STRATURA ASFALTOS S/A | F17: RUA VICTOR RODRIGUES RESENDE, 333 - DISTRITO IND. DE UBERLÂNDIA - CEP:38405-440 | G17: Minas Gerais | H17: UBERLANDIA - MG | I17: ='[57]Transporte RR-1C'!I17 -> São Sebastião -AL | J17: - | K17: 4.6806103 | L17: =IF(AND(J17="-",K17="-"),"",IF(AND(J17<>0,K17="-"),J17*1000,IF(AND(J17="-",K17<>0),K17*1000,IF(AND(J17<>0,K17<>0),J17*1000,"")))) -> 4680.6103 | M17: =ROUND(((L17/(1-$O$7-$O$8-$O$9))-L17),2) -> 1293.37 | N17: =L17+M17 -> 5973.9803 | O17: ='[57]Transporte RR-1C'!O17 -> 1943 | P17: =ROUND((26.939+0.253*O17),2) -> 518.52 | Q17: =TRUNC(P17*($O$9/(1-$O$9)),2) -> 113.82 | R17: =TRUNC(IF($J$8="","",(($J$9-$J$8)/$J$8)*(P17+Q17)),2) -> 694.62 | S17: =P17+Q17+R17 -> 1326.96 | T17: 1086 | U17: =EVEN('[57] CONSUMO DE MAT. B TOTAL'!$P$13*2/28)*T17/'[57] CONSUMO DE MAT. B TOTAL'!$P$13 -> 78.379566 | V17: =IF(AND(P17="",Q17=""),"",S17+U17) -> 1405.3396 | W17: =IF(OR(L17="",M17=""),"",L17+M17) -> 5973.9803 | X17: =IF(OR(V17="",W17=""),"",V17+W17) -> 7379.3199 | Z17: =X17 -> 7379.3199 | AA17: =V17 -> 1405.3396 | AB17: =W17 -> 5973.9803 | AE17: =IF(OR(G17=$D$58,G17=$D$59,G17=$D$61,G17=$D$67,G17=$D$51,G17=$D$47,G17=$D$43,G17=$D$56,G17=$D$46),"NORDESTE",IF(OR(G17=$D$42,G17=$D$44,G17=$D$45,G17=$D$55,G17=$D$63,G17=$D$64,G17=$D$68),"NORTE",IF(OR(G17=$D$48,G17=$D$50,G17=$D$52,G17=$D$53),"CENTRO-OESTE",IF(OR(G17=$D$66,G17=$D$60,G17=$D$54,G17=$D$49),"SUDESTE",IF(OR(G17=$D$65,G17=$D$57,G17=$D$62),"SUL",""))))) -> SUDESTE
B18: =X18 -> 7379.3199 | C18: 6 | E18: BETUNEL INDÚSTRIA E COMÉRCIO LTDA. | F18: RUA VICTOR RODRIGUES DE REZENDE, 185 - DISTRITO INDUSTRIAL - CEP:38402-334 | G18: Minas Gerais | H18: UBERLANDIA - MG | I18: ='[57]Transporte RR-1C'!I18 -> São Sebastião -AL | J18: - | K18: 4.6806103 | L18: =IF(AND(J18="-",K18="-"),"",IF(AND(J18<>0,K18="-"),J18*1000,IF(AND(J18="-",K18<>0),K18*1000,IF(AND(J18<>0,K18<>0),J18*1000,"")))) -> 4680.6103 | M18: =ROUND(((L18/(1-$O$7-$O$8-$O$9))-L18),2) -> 1293.37 | N18: =L18+M18 -> 5973.9803 | O18: ='[57]Transporte RR-1C'!O18 -> 1943 | P18: =ROUND((26.939+0.253*O18),2) -> 518.52 | Q18: =TRUNC(P18*($O$9/(1-$O$9)),2) -> 113.82 | R18: =TRUNC(IF($J$8="","",(($J$9-$J$8)/$J$8)*(P18+Q18)),2) -> 694.62 | S18: =P18+Q18+R18 -> 1326.96 | T18: 1086 | U18: =EVEN('[57] CONSUMO DE MAT. B TOTAL'!$P$13*2/28)*T18/'[57] CONSUMO DE MAT. B TOTAL'!$P$13 -> 78.379566 | V18: =IF(AND(P18="",Q18=""),"",S18+U18) -> 1405.3396 | W18: =IF(OR(L18="",M18=""),"",L18+M18) -> 5973.9803 | X18: =IF(OR(V18="",W18=""),"",V18+W18) -> 7379.3199 | Z18: =X18 -> 7379.3199 | AA18: =V18 -> 1405.3396 | AB18: =W18 -> 5973.9803 | AE18: =IF(OR(G18=$D$58,G18=$D$59,G18=$D$61,G18=$D$67,G18=$D$51,G18=$D$47,G18=$D$43,G18=$D$56,G18=$D$46),"NORDESTE",IF(OR(G18=$D$42,G18=$D$44,G18=$D$45,G18=$D$55,G18=$D$63,G18=$D$64,G18=$D$68),"NORTE",IF(OR(G18=$D$48,G18=$D$50,G18=$D$52,G18=$D$53),"CENTRO-OESTE",IF(OR(G18=$D$66,G18=$D$60,G18=$D$54,G18=$D$49),"SUDESTE",IF(OR(G18=$D$65,G18=$D$57,G18=$D$62),"SUL",""))))) -> SUDESTE
B19: =X19 -> 8104.0983 | C19: 7 | E19: ARAPETRO DISTRIBUIDORA DE PETRÓLEO LTDA. | F19: RUA 04, S/N° LOTES 17 A 20. - DISTRITO INDUSTRIAL 1/8 - CEP:78600-000 | G19: Mato grosso | H19: BARRA DO GARCAS - MT | I19: ='[57]Transporte RR-1C'!I19 -> São Sebastião -AL | J19: 5.1181383 | K19: 4.9940359 | L19: =IF(AND(J19="-",K19="-"),"",IF(AND(J19<>0,K19="-"),J19*1000,IF(AND(J19="-",K19<>0),K19*1000,IF(AND(J19<>0,K19<>0),J19*1000,"")))) -> 5118.1383 | M19: =ROUND(((L19/(1-$O$7-$O$8-$O$9))-L19),2) -> 1414.27 | N19: =L19+M19 -> 6532.4083 | O19: ='[57]Transporte RR-1C'!O19 -> 2321 | P19: =ROUND((26.939+0.253*O19),2) -> 614.15 | Q19: =TRUNC(P19*($O$9/(1-$O$9)),2) -> 134.81 | R19: =TRUNC(IF($J$8="","",(($J$9-$J$8)/$J$8)*(P19+Q19)),2) -> 822.73 | S19: =P19+Q19+R19 -> 1571.69 | U19: =EVEN('[57] CONSUMO DE MAT. B TOTAL'!$P$13*2/28)*T19/'[57] CONSUMO DE MAT. B TOTAL'!$P$13 -> 0 | V19: =IF(AND(P19="",Q19=""),"",S19+U19) -> 1571.69 | W19: =IF(OR(L19="",M19=""),"",L19+M19) -> 6532.4083 | X19: =IF(OR(V19="",W19=""),"",V19+W19) -> 8104.0983 | AE19: =IF(OR(G19=$D$58,G19=$D$59,G19=$D$61,G19=$D$67,G19=$D$51,G19=$D$47,G19=$D$43,G19=$D$56,G19=$D$46),"NORDESTE",IF(OR(G19=$D$42,G19=$D$44,G19=$D$45,G19=$D$55,G19=$D$63,G19=$D$64,G19=$D$68),"NORTE",IF(OR(G19=$D$48,G19=$D$50,G19=$D$52,G19=$D$53),"CENTRO-OESTE",IF(OR(G19=$D$66,G19=$D$60,G19=$D$54,G19=$D$49),"SUDESTE",IF(OR(G19=$D$65,G19=$D$57,G19=$D$62),"SUL",""))))) -> CENTRO-OESTE
B20: =X20 -> 7256.9399 | C20: 8 | E20: DISTRIBUIDORA BRASILEIRA DE ASFALTO SA - DISBRAL | F20: SÃO JUDAS TADEU, 288 - DISTRITO INDUSTRIAL - CEP:32450-000 | G20: Minas Gerais | H20: SARZEDO - MG | I20: ='[57]Transporte RR-1C'!I20 -> São Sebastião -AL | J20: - | K20: 4.6806103 | L20: =IF(AND(J20="-",K20="-"),"",IF(AND(J20<>0,K20="-"),J20*1000,IF(AND(J20="-",K20<>0),K20*1000,IF(AND(J20<>0,K20<>0),J20*1000,"")))) -> 4680.6103 | M20: =ROUND(((L20/(1-$O$7-$O$8-$O$9))-L20),2) -> 1293.37 | N20: =L20+M20 -> 5973.9803 | O20: ='[57]Transporte RR-1C'!O20 -> 1754 | P20: =ROUND((26.939+0.253*O20),2) -> 470.7 | Q20: =TRUNC(P20*($O$9/(1-$O$9)),2) -> 103.32 | R20: =TRUNC(IF($J$8="","",(($J$9-$J$8)/$J$8)*(P20+Q20)),2) -> 630.56 | S20: =P20+Q20+R20 -> 1204.58 | T20: 1086 | U20: =EVEN('[57] CONSUMO DE MAT. B TOTAL'!$P$13*2/28)*T20/'[57] CONSUMO DE MAT. B TOTAL'!$P$13 -> 78.379566 | V20: =IF(AND(P20="",Q20=""),"",S20+U20) -> 1282.9596 | W20: =IF(OR(L20="",M20=""),"",L20+M20) -> 5973.9803 | X20: =IF(OR(V20="",W20=""),"",V20+W20) -> 7256.9399 | AE20: =IF(OR(G20=$D$58,G20=$D$59,G20=$D$61,G20=$D$67,G20=$D$51,G20=$D$47,G20=$D$43,G20=$D$56,G20=$D$46),"NORDESTE",IF(OR(G20=$D$42,G20=$D$44,G20=$D$45,G20=$D$55,G20=$D$63,G20=$D$64,G20=$D$68),"NORTE",IF(OR(G20=$D$48,G20=$D$50,G20=$D$52,G20=$D$53),"CENTRO-OESTE",IF(OR(G20=$D$66,G20=$D$60,G20=$D$54,G20=$D$49),"SUDESTE",IF(OR(G20=$D$65,G20=$D$57,G20=$D$62),"SUL",""))))) -> SUDESTE
B21: =X21 -> 9428.8542 | C21: 9 | E21: 'INDÚSTRIA NACIONAL DE ASFALTOS LTDA. | F21: INDÚSTRIA NACIONAL DE ASFALTOS LTDA - CEP:77053-080 | G21: Tocantins | H21: PALMAS - TO | I21: ='[57]Transporte RR-1C'!I21 -> São Sebastião -AL | J21: - | K21: 6.4376242 | L21: =IF(AND(J21="-",K21="-"),"",IF(AND(J21<>0,K21="-"),J21*1000,IF(AND(J21="-",K21<>0),K21*1000,IF(AND(J21<>0,K21<>0),J21*1000,"")))) -> 6437.6242 | M21: =ROUND(((L21/(1-$O$7-$O$8-$O$9))-L21),2) -> 1778.87 | N21: =L21+M21 -> 8216.4942 | O21: ='[57]Transporte RR-1C'!O21 -> 1766 | P21: =ROUND((26.939+0.253*O21),2) -> 473.74 | Q21: =TRUNC(P21*($O$9/(1-$O$9)),2) -> 103.99 | R21: =TRUNC(IF($J$8="","",(($J$9-$J$8)/$J$8)*(P21+Q21)),2) -> 634.63 | S21: =P21+Q21+R21 -> 1212.36 | U21: =EVEN('[57] CONSUMO DE MAT. B TOTAL'!$P$13*2/28)*T21/'[57] CONSUMO DE MAT. B TOTAL'!$P$13 -> 0 | V21: =IF(AND(P21="",Q21=""),"",S21+U21) -> 1212.36 | W21: =IF(OR(L21="",M21=""),"",L21+M21) -> 8216.4942 | X21: =IF(OR(V21="",W21=""),"",V21+W21) -> 9428.8542 | AE21: =IF(OR(G21=$D$58,G21=$D$59,G21=$D$61,G21=$D$67,G21=$D$51,G21=$D$47,G21=$D$43,G21=$D$56,G21=$D$46),"NORDESTE",IF(OR(G21=$D$42,G21=$D$44,G21=$D$45,G21=$D$55,G21=$D$63,G21=$D$64,G21=$D$68),"NORTE",IF(OR(G21=$D$48,G21=$D$50,G21=$D$52,G21=$D$53),"CENTRO-OESTE",IF(OR(G21=$D$66,G21=$D$60,G21=$D$54,G21=$D$49),"SUDESTE",IF(OR(G21=$D$65,G21=$D$57,G21=$D$62),"SUL",""))))) -> NORTE
B22: =X22 -> 7541.1303 | C22: 10 | E22: 'NTA - NOVAS TÉCNICAS DE ASFALTOS S/A | F22: RUA SOFIA ATAURI FADIN, 150 SALA A - B. SANTA TEREZINHA - CEP:13140-000 | G22: São Paulo | H22: PAULINIA - SP | I22: ='[57]Transporte RR-1C'!I22 -> São Sebastião -AL | J22: - | K22: 4.6806103 | L22: =IF(AND(J22="-",K22="-"),"",IF(AND(J22<>0,K22="-"),J22*1000,IF(AND(J22="-",K22<>0),K22*1000,IF(AND(J22<>0,K22<>0),J22*1000,"")))) -> 4680.6103 | M22: =ROUND(((L22/(1-$O$7-$O$8-$O$9))-L22),2) -> 1293.37 | N22: =L22+M22 -> 5973.9803 | O22: ='[57]Transporte RR-1C'!O22 -> 2314 | P22: =ROUND((26.939+0.253*O22),2) -> 612.38 | Q22: =TRUNC(P22*($O$9/(1-$O$9)),2) -> 134.42 | R22: =TRUNC(IF($J$8="","",(($J$9-$J$8)/$J$8)*(P22+Q22)),2) -> 820.35 | S22: =P22+Q22+R22 -> 1567.15 | U22: =EVEN('[57] CONSUMO DE MAT. B TOTAL'!$P$13*2/28)*T22/'[57] CONSUMO DE MAT. B TOTAL'!$P$13 -> 0 | V22: =IF(AND(P22="",Q22=""),"",S22+U22) -> 1567.15 | W22: =IF(OR(L22="",M22=""),"",L22+M22) -> 5973.9803 | X22: =IF(OR(V22="",W22=""),"",V22+W22) -> 7541.1303 | Z22: =X22 -> 7541.1303 | AA22: =V22 -> 1567.15 | AB22: =W22 -> 5973.9803 | AE22: =IF(OR(G22=$D$58,G22=$D$59,G22=$D$61,G22=$D$67,G22=$D$51,G22=$D$47,G22=$D$43,G22=$D$56,G22=$D$46),"NORDESTE",IF(OR(G22=$D$42,G22=$D$44,G22=$D$45,G22=$D$55,G22=$D$63,G22=$D$64,G22=$D$68),"NORTE",IF(OR(G22=$D$48,G22=$D$50,G22=$D$52,G22=$D$53),"CENTRO-OESTE",IF(OR(G22=$D$66,G22=$D$60,G22=$D$54,G22=$D$49),"SUDESTE",IF(OR(G22=$D$65,G22=$D$57,G22=$D$62),"SUL",""))))) -> SUDESTE
B23: =X23 -> 7521.0703 | C23: 11 | E23: COMPANHIA BRASILEIRA DE ASFALTOS DA AMAZÔNIA - IMPORTAÇÃO E EXPORTAÇÃO | F23: Avenida Doutor Olindo Dártora 2451, Galpão 02, Morro Grande - CEP:07726-555 | G23: São Paulo | H23: CAIEIRAS - SP | I23: ='[57]Transporte RR-1C'!I23 -> São Sebastião -AL | J23: - | K23: 4.6806103 | L23: =IF(AND(J23="-",K23="-"),"",IF(AND(J23<>0,K23="-"),J23*1000,IF(AND(J23="-",K23<>0),K23*1000,IF(AND(J23<>0,K23<>0),J23*1000,"")))) -> 4680.6103 | M23: =ROUND(((L23/(1-$O$7-$O$8-$O$9))-L23),2) -> 1293.37 | N23: =L23+M23 -> 5973.9803 | O23: ='[57]Transporte RR-1C'!O23 -> 2283 | P23: =ROUND((26.939+0.253*O23),2) -> 604.54 | Q23: =TRUNC(P23*($O$9/(1-$O$9)),2) -> 132.7 | R23: =TRUNC(IF($J$8="","",(($J$9-$J$8)/$J$8)*(P23+Q23)),2) -> 809.85 | S23: =P23+Q23+R23 -> 1547.09 | U23: =EVEN('[57] CONSUMO DE MAT. B TOTAL'!$P$13*2/28)*T23/'[57] CONSUMO DE MAT. B TOTAL'!$P$13 -> 0 | V23: =IF(AND(P23="",Q23=""),"",S23+U23) -> 1547.09 | W23: =IF(OR(L23="",M23=""),"",L23+M23) -> 5973.9803 | X23: =IF(OR(V23="",W23=""),"",V23+W23) -> 7521.0703 | AE23: =IF(OR(G23=$D$58,G23=$D$59,G23=$D$61,G23=$D$67,G23=$D$51,G23=$D$47,G23=$D$43,G23=$D$56,G23=$D$46),"NORDESTE",IF(OR(G23=$D$42,G23=$D$44,G23=$D$45,G23=$D$55,G23=$D$63,G23=$D$64,G23=$D$68),"NORTE",IF(OR(G23=$D$48,G23=$D$50,G23=$D$52,G23=$D$53),"CENTRO-OESTE",IF(OR(G23=$D$66,G23=$D$60,G23=$D$54,G23=$D$49),"SUDESTE",IF(OR(G23=$D$65,G23=$D$57,G23=$D$62),"SUL",""))))) -> SUDESTE
B24: =X24 -> 8264.2459 | C24: 12 | E24: BETUNEL INDÚSTRIA E COMÉRCIO LTDA. | F24: R 16 , 82, Vila Nova Campo Grande - CEP:79.103-834 | G24: Mato Grosso do Sul | H24: CAMPO GRANDE - MS | I24: ='[57]Transporte RR-1C'!I24 -> São Sebastião -AL | J24: - | K24: 4.9940359 | L24: =IF(AND(J24="-",K24="-"),"",IF(AND(J24<>0,K24="-"),J24*1000,IF(AND(J24="-",K24<>0),K24*1000,IF(AND(J24<>0,K24<>0),J24*1000,"")))) -> 4994.0359 | M24: =ROUND(((L24/(1-$O$7-$O$8-$O$9))-L24),2) -> 1379.97 | N24: =L24+M24 -> 6374.0059 | O24: ='[57]Transporte RR-1C'!O24 -> 2813 | P24: =ROUND((26.939+0.253*O24),2) -> 738.63 | Q24: =TRUNC(P24*($O$9/(1-$O$9)),2) -> 162.13 | R24: =TRUNC(IF($J$8="","",(($J$9-$J$8)/$J$8)*(P24+Q24)),2) -> 989.48 | S24: =P24+Q24+R24 -> 1890.24 | U24: =EVEN('[57] CONSUMO DE MAT. B TOTAL'!$P$13*2/28)*T24/'[57] CONSUMO DE MAT. B TOTAL'!$P$13 -> 0 | V24: =IF(AND(P24="",Q24=""),"",S24+U24) -> 1890.24 | W24: =IF(OR(L24="",M24=""),"",L24+M24) -> 6374.0059 | X24: =IF(OR(V24="",W24=""),"",V24+W24) -> 8264.2459 | AE24: =IF(OR(G24=$D$58,G24=$D$59,G24=$D$61,G24=$D$67,G24=$D$51,G24=$D$47,G24=$D$43,G24=$D$56,G24=$D$46),"NORDESTE",IF(OR(G24=$D$42,G24=$D$44,G24=$D$45,G24=$D$55,G24=$D$63,G24=$D$64,G24=$D$68),"NORTE",IF(OR(G24=$D$48,G24=$D$50,G24=$D$52,G24=$D$53),"CENTRO-OESTE",IF(OR(G24=$D$66,G24=$D$60,G24=$D$54,G24=$D$49),"SUDESTE",IF(OR(G24=$D$65,G24=$D$57,G24=$D$62),"SUL",""))))) -> CENTRO-OESTE
B25: =X25 -> 8434.9683 | C25: 13 | E25: CENTRO OESTE ASFALTOS LTDA. | F25: RUA N, S/N.º LOTES 39/43 E LOTES 129/133 - DISTRITO INDUSTRIAL - CEP:78098-400 | G25: Mato Grosso | H25: CUIABA - MT | I25: ='[57]Transporte RR-1C'!I25 -> São Sebastião -AL | J25: 5.1181383 | K25: 4.9940359 | L25: =IF(AND(J25="-",K25="-"),"",IF(AND(J25<>0,K25="-"),J25*1000,IF(AND(J25="-",K25<>0),K25*1000,IF(AND(J25<>0,K25<>0),J25*1000,"")))) -> 5118.1383 | M25: =ROUND(((L25/(1-$O$7-$O$8-$O$9))-L25),2) -> 1414.27 | N25: =L25+M25 -> 6532.4083 | O25: ='[57]Transporte RR-1C'!O25 -> 2832 | P25: =ROUND((26.939+0.253*O25),2) -> 743.44 | Q25: =TRUNC(P25*($O$9/(1-$O$9)),2) -> 163.19 | R25: =TRUNC(IF($J$8="","",(($J$9-$J$8)/$J$8)*(P25+Q25)),2) -> 995.93 | S25: =P25+Q25+R25 -> 1902.56 | U25: =EVEN('[57] CONSUMO DE MAT. B TOTAL'!$P$13*2/28)*T25/'[57] CONSUMO DE MAT. B TOTAL'!$P$13 -> 0 | V25: =IF(AND(P25="",Q25=""),"",S25+U25) -> 1902.56 | W25: =IF(OR(L25="",M25=""),"",L25+M25) -> 6532.4083 | X25: =IF(OR(V25="",W25=""),"",V25+W25) -> 8434.9683 | AE25: =IF(OR(G25=$D$58,G25=$D$59,G25=$D$61,G25=$D$67,G25=$D$51,G25=$D$47,G25=$D$43,G25=$D$56,G25=$D$46),"NORDESTE",IF(OR(G25=$D$42,G25=$D$44,G25=$D$45,G25=$D$55,G25=$D$63,G25=$D$64,G25=$D$68),"NORTE",IF(OR(G25=$D$48,G25=$D$50,G25=$D$52,G25=$D$53),"CENTRO-OESTE",IF(OR(G25=$D$66,G25=$D$60,G25=$D$54,G25=$D$49),"SUDESTE",IF(OR(G25=$D$65,G25=$D$57,G25=$D$62),"SUL",""))))) -> CENTRO-OESTE
B26: =X26 -> 8434.9683 | C26: 14 | E26: BETUNEL INDÚSTRIA E COMÉRCIO LTDA. | F26: RUA N ESQUINA COM RUA X, S/N QD. IND. 7 L 01/08 - DIST. IND. - CEP:78015-285 | G26: Mato Grosso | H26: CUIABA - MT | I26: ='[57]Transporte RR-1C'!I26 -> São Sebastião -AL | J26: 5.1181383 | K26: 4.9940359 | L26: =IF(AND(J26="-",K26="-"),"",IF(AND(J26<>0,K26="-"),J26*1000,IF(AND(J26="-",K26<>0),K26*1000,IF(AND(J26<>0,K26<>0),J26*1000,"")))) -> 5118.1383 | M26: =ROUND(((L26/(1-$O$7-$O$8-$O$9))-L26),2) -> 1414.27 | N26: =L26+M26 -> 6532.4083 | O26: ='[57]Transporte RR-1C'!O26 -> 2832 | P26: =ROUND((26.939+0.253*O26),2) -> 743.44 | Q26: =TRUNC(P26*($O$9/(1-$O$9)),2) -> 163.19 | R26: =TRUNC(IF($J$8="","",(($J$9-$J$8)/$J$8)*(P26+Q26)),2) -> 995.93 | S26: =P26+Q26+R26 -> 1902.56 | U26: =EVEN('[57] CONSUMO DE MAT. B TOTAL'!$P$13*2/28)*T26/'[57] CONSUMO DE MAT. B TOTAL'!$P$13 -> 0 | V26: =IF(AND(P26="",Q26=""),"",S26+U26) -> 1902.56 | W26: =IF(OR(L26="",M26=""),"",L26+M26) -> 6532.4083 | X26: =IF(OR(V26="",W26=""),"",V26+W26) -> 8434.9683 | AE26: =IF(OR(G26=$D$58,G26=$D$59,G26=$D$61,G26=$D$67,G26=$D$51,G26=$D$47,G26=$D$43,G26=$D$56,G26=$D$46),"NORDESTE",IF(OR(G26=$D$42,G26=$D$44,G26=$D$45,G26=$D$55,G26=$D$63,G26=$D$64,G26=$D$68),"NORTE",IF(OR(G26=$D$48,G26=$D$50,G26=$D$52,G26=$D$53),"CENTRO-OESTE",IF(OR(G26=$D$66,G26=$D$60,G26=$D$54,G26=$D$49),"SUDESTE",IF(OR(G26=$D$65,G26=$D$57,G26=$D$62),"SUL",""))))) -> CENTRO-OESTE
B27: =X27 -> 8438.1983 | C27: 15 | E27: EMAM - EMULSÕES E TRANSPORTES LTDA. | F27: RODOVIA DOS IMIGRANTES, S/Nº KM 8,6 - - CEP:60035-351 | G27: Mato Grosso | H27: VARZEA GRANDE - MT | I27: ='[57]Transporte RR-1C'!I27 -> São Sebastião -AL | J27: 5.1181383 | K27: 4.9940359 | L27: =IF(AND(J27="-",K27="-"),"",IF(AND(J27<>0,K27="-"),J27*1000,IF(AND(J27="-",K27<>0),K27*1000,IF(AND(J27<>0,K27<>0),J27*1000,"")))) -> 5118.1383 | M27: =ROUND(((L27/(1-$O$7-$O$8-$O$9))-L27),2) -> 1414.27 | N27: =L27+M27 -> 6532.4083 | O27: ='[57]Transporte RR-1C'!O27 -> 2837 | P27: =ROUND((26.939+0.253*O27),2) -> 744.7 | Q27: =TRUNC(P27*($O$9/(1-$O$9)),2) -> 163.47 | R27: =TRUNC(IF($J$8="","",(($J$9-$J$8)/$J$8)*(P27+Q27)),2) -> 997.62 | S27: =P27+Q27+R27 -> 1905.79 | U27: =EVEN('[57] CONSUMO DE MAT. B TOTAL'!$P$13*2/28)*T27/'[57] CONSUMO DE MAT. B TOTAL'!$P$13 -> 0 | V27: =IF(AND(P27="",Q27=""),"",S27+U27) -> 1905.79 | W27: =IF(OR(L27="",M27=""),"",L27+M27) -> 6532.4083 | X27: =IF(OR(V27="",W27=""),"",V27+W27) -> 8438.1983 | Z27: =X27 -> 8438.1983 | AA27: =V27 -> 1905.79 | AB27: =W27 -> 6532.4083 | AE27: =IF(OR(G27=$D$58,G27=$D$59,G27=$D$61,G27=$D$67,G27=$D$51,G27=$D$47,G27=$D$43,G27=$D$56,G27=$D$46),"NORDESTE",IF(OR(G27=$D$42,G27=$D$44,G27=$D$45,G27=$D$55,G27=$D$63,G27=$D$64,G27=$D$68),"NORTE",IF(OR(G27=$D$48,G27=$D$50,G27=$D$52,G27=$D$53),"CENTRO-OESTE",IF(OR(G27=$D$66,G27=$D$60,G27=$D$54,G27=$D$49),"SUDESTE",IF(OR(G27=$D$65,G27=$D$57,G27=$D$62),"SUL",""))))) -> CENTRO-OESTE
B28: =X28 -> 7495.1803 | C28: 16 | E28: VIAPOL LTDA. | F28: VITO ARDITO, 6401 KM 118,5 - JARDIM CAMPO GRANDE - CEP:12282-535 | G28: São Paulo | H28: CACAPAVA - SP | I28: ='[57]Transporte RR-1C'!I28 -> São Sebastião -AL | J28: - | K28: 4.6806103 | L28: =IF(AND(J28="-",K28="-"),"",IF(AND(J28<>0,K28="-"),J28*1000,IF(AND(J28="-",K28<>0),K28*1000,IF(AND(J28<>0,K28<>0),J28*1000,"")))) -> 4680.6103 | M28: =ROUND(((L28/(1-$O$7-$O$8-$O$9))-L28),2) -> 1293.37 | N28: =L28+M28 -> 5973.9803 | O28: ='[57]Transporte RR-1C'!O28 -> 2243 | P28: =ROUND((26.939+0.253*O28),2) -> 594.42 | Q28: =TRUNC(P28*($O$9/(1-$O$9)),2) -> 130.48 | R28: =TRUNC(IF($J$8="","",(($J$9-$J$8)/$J$8)*(P28+Q28)),2) -> 796.3 | S28: =P28+Q28+R28 -> 1521.2 | U28: =EVEN('[57] CONSUMO DE MAT. B TOTAL'!$P$13*2/28)*T28/'[57] CONSUMO DE MAT. B TOTAL'!$P$13 -> 0 | V28: =IF(AND(P28="",Q28=""),"",S28+U28) -> 1521.2 | W28: =IF(OR(L28="",M28=""),"",L28+M28) -> 5973.9803 | X28: =IF(OR(V28="",W28=""),"",V28+W28) -> 7495.1803 | Z28: =X28 -> 7495.1803 | AA28: =V28 -> 1521.2 | AB28: =W28 -> 5973.9803 | AE28: =IF(OR(G28=$D$58,G28=$D$59,G28=$D$61,G28=$D$67,G28=$D$51,G28=$D$47,G28=$D$43,G28=$D$56,G28=$D$46),"NORDESTE",IF(OR(G28=$D$42,G28=$D$44,G28=$D$45,G28=$D$55,G28=$D$63,G28=$D$64,G28=$D$68),"NORTE",IF(OR(G28=$D$48,G28=$D$50,G28=$D$52,G28=$D$53),"CENTRO-OESTE",IF(OR(G28=$D$66,G28=$D$60,G28=$D$54,G28=$D$49),"SUDESTE",IF(OR(G28=$D$65,G28=$D$57,G28=$D$62),"SUL",""))))) -> SUDESTE
B29: =X29 -> 7301.5703 | C29: 17 | E29: STRATURA ASFALTOS S/A | F29: RUA LUIS DE CAMÕES, 26 - CAMPOS ELÍSEOS - CEP:25225-030 | G29: Rio de Janeiro | H29: DUQUE DE CAXIAS - RJ | I29: ='[57]Transporte RR-1C'!I29 -> São Sebastião -AL | J29: - | K29: 4.6806103 | L29: =IF(AND(J29="-",K29="-"),"",IF(AND(J29<>0,K29="-"),J29*1000,IF(AND(J29="-",K29<>0),K29*1000,IF(AND(J29<>0,K29<>0),J29*1000,"")))) -> 4680.6103 | M29: =ROUND(((L29/(1-$O$7-$O$8-$O$9))-L29),2) -> 1293.37 | N29: =L29+M29 -> 5973.9803 | O29: ='[57]Transporte RR-1C'!O29 -> 1944 | P29: =ROUND((26.939+0.253*O29),2) -> 518.77 | Q29: =TRUNC(P29*($O$9/(1-$O$9)),2) -> 113.87 | R29: =TRUNC(IF($J$8="","",(($J$9-$J$8)/$J$8)*(P29+Q29)),2) -> 694.95 | S29: =P29+Q29+R29 -> 1327.59 | U29: =EVEN('[57] CONSUMO DE MAT. B TOTAL'!$P$13*2/28)*T29/'[57] CONSUMO DE MAT. B TOTAL'!$P$13 -> 0 | V29: =IF(AND(P29="",Q29=""),"",S29+U29) -> 1327.59 | W29: =IF(OR(L29="",M29=""),"",L29+M29) -> 5973.9803 | X29: =IF(OR(V29="",W29=""),"",V29+W29) -> 7301.5703 | Z29: =X29 -> 7301.5703 | AA29: =V29 -> 1327.59 | AB29: =W29 -> 5973.9803 | AE29: =IF(OR(G29=$D$58,G29=$D$59,G29=$D$61,G29=$D$67,G29=$D$51,G29=$D$47,G29=$D$43,G29=$D$56,G29=$D$46),"NORDESTE",IF(OR(G29=$D$42,G29=$D$44,G29=$D$45,G29=$D$55,G29=$D$63,G29=$D$64,G29=$D$68),"NORTE",IF(OR(G29=$D$48,G29=$D$50,G29=$D$52,G29=$D$53),"CENTRO-OESTE",IF(OR(G29=$D$66,G29=$D$60,G29=$D$54,G29=$D$49),"SUDESTE",IF(OR(G29=$D$65,G29=$D$57,G29=$D$62),"SUL",""))))) -> SUDESTE
B30: =X30 -> 7312.5903 | C30: 18 | E30: PROBITEC - PRODUTOS BETUMINOSOS E TECNOLOGIA DE APLICAÇÃO LTDA. | F30: AVENIDA CANAL DA PAVUNA, 620 - PAVUNA - CEP:21535-630 | G30: Rio de Janeiro | H30: RIO DE JANEIRO - RJ | I30: ='[57]Transporte RR-1C'!I30 -> São Sebastião -AL | J30: - | K30: 4.6806103 | L30: =IF(AND(J30="-",K30="-"),"",IF(AND(J30<>0,K30="-"),J30*1000,IF(AND(J30="-",K30<>0),K30*1000,IF(AND(J30<>0,K30<>0),J30*1000,"")))) -> 4680.6103 | M30: =ROUND(((L30/(1-$O$7-$O$8-$O$9))-L30),2) -> 1293.37 | N30: =L30+M30 -> 5973.9803 | O30: ='[57]Transporte RR-1C'!O30 -> 1961 | P30: =ROUND((26.939+0.253*O30),2) -> 523.07 | Q30: =TRUNC(P30*($O$9/(1-$O$9)),2) -> 114.82 | R30: =TRUNC(IF($J$8="","",(($J$9-$J$8)/$J$8)*(P30+Q30)),2) -> 700.72 | S30: =P30+Q30+R30 -> 1338.61 | U30: =EVEN('[57] CONSUMO DE MAT. B TOTAL'!$P$13*2/28)*T30/'[57] CONSUMO DE MAT. B TOTAL'!$P$13 -> 0 | V30: =IF(AND(P30="",Q30=""),"",S30+U30) -> 1338.61 | W30: =IF(OR(L30="",M30=""),"",L30+M30) -> 5973.9803 | X30: =IF(OR(V30="",W30=""),"",V30+W30) -> 7312.5903 | Z30: =X30 -> 7312.5903 | AA30: =V30 -> 1338.61 | AB30: =W30 -> 5973.9803 | AE30: =IF(OR(G30=$D$58,G30=$D$59,G30=$D$61,G30=$D$67,G30=$D$51,G30=$D$47,G30=$D$43,G30=$D$56,G30=$D$46),"NORDESTE",IF(OR(G30=$D$42,G30=$D$44,G30=$D$45,G30=$D$55,G30=$D$63,G30=$D$64,G30=$D$68),"NORTE",IF(OR(G30=$D$48,G30=$D$50,G30=$D$52,G30=$D$53),"CENTRO-OESTE",IF(OR(G30=$D$66,G30=$D$60,G30=$D$54,G30=$D$49),"SUDESTE",IF(OR(G30=$D$65,G30=$D$57,G30=$D$62),"SUL",""))))) -> SUDESTE
B31: =X31 -> 7608.0654 | C31: 19 | E31: CASA DO ASFALTO DISTRIBUIDORA, INDÚSTRIA E COMÉRCIO DE ASFALTO LTDA. | F31: BR 376, PARQUE INDUSTRIAL, S/N LOTE 6/7/7-A-3-1 - GL.PATR.MARIALVA - CEP:86990-000 | G31: Paraná | H31: MARIALVA - PR | I31: ='[57]Transporte RR-1C'!I31 -> São Sebastião -AL | J31: 4.5529554 | K31: 4.1973881 | L31: =IF(AND(J31="-",K31="-"),"",IF(AND(J31<>0,K31="-"),J31*1000,IF(AND(J31="-",K31<>0),K31*1000,IF(AND(J31<>0,K31<>0),J31*1000,"")))) -> 4552.9554 | M31: =ROUND(((L31/(1-$O$7-$O$8-$O$9))-L31),2) -> 1258.09 | N31: =L31+M31 -> 5811.0454 | O31: ='[57]Transporte RR-1C'!O31 -> 2669 | P31: =ROUND((26.939+0.253*O31),2) -> 702.2 | Q31: =TRUNC(P31*($O$9/(1-$O$9)),2) -> 154.14 | R31: =TRUNC(IF($J$8="","",(($J$9-$J$8)/$J$8)*(P31+Q31)),2) -> 940.68 | S31: =P31+Q31+R31 -> 1797.02 | U31: =EVEN('[57] CONSUMO DE MAT. B TOTAL'!$P$13*2/28)*T31/'[57] CONSUMO DE MAT. B TOTAL'!$P$13 -> 0 | V31: =IF(AND(P31="",Q31=""),"",S31+U31) -> 1797.02 | W31: =IF(OR(L31="",M31=""),"",L31+M31) -> 5811.0454 | X31: =IF(OR(V31="",W31=""),"",V31+W31) -> 7608.0654 | Z31: =X31 -> 7608.0654 | AA31: =V31 -> 1797.02 | AB31: =W31 -> 5811.0454 | AE31: =IF(OR(G31=$D$58,G31=$D$59,G31=$D$61,G31=$D$67,G31=$D$51,G31=$D$47,G31=$D$43,G31=$D$56,G31=$D$46),"NORDESTE",IF(OR(G31=$D$42,G31=$D$44,G31=$D$45,G31=$D$55,G31=$D$63,G31=$D$64,G31=$D$68),"NORTE",IF(OR(G31=$D$48,G31=$D$50,G31=$D$52,G31=$D$53),"CENTRO-OESTE",IF(OR(G31=$D$66,G31=$D$60,G31=$D$54,G31=$D$49),"SUDESTE",IF(OR(G31=$D$65,G31=$D$57,G31=$D$62),"SUL",""))))) -> SUL
B32: =X32 -> 7641.7054 | C32: 20 | E32: PETROBRAS DISTRIBUIDORA S.A. | F32: RUA MAQUINISTA ELEODORO JACINTO, 100 - OFICINAS - CEP:84045-170 | G32: Paraná | H32: PONTA GROSSA - PR | I32: ='[57]Transporte RR-1C'!I32 -> São Sebastião -AL | J32: 4.5529554 | K32: 4.1973881 | L32: =IF(AND(J32="-",K32="-"),"",IF(AND(J32<>0,K32="-"),J32*1000,IF(AND(J32="-",K32<>0),K32*1000,IF(AND(J32<>0,K32<>0),J32*1000,"")))) -> 4552.9554 | M32: =ROUND(((L32/(1-$O$7-$O$8-$O$9))-L32),2) -> 1258.09 | N32: =L32+M32 -> 5811.0454 | O32: ='[57]Transporte RR-1C'!O32 -> 2721 | P32: =ROUND((26.939+0.253*O32),2) -> 715.35 | Q32: =TRUNC(P32*($O$9/(1-$O$9)),2) -> 157.02 | R32: =TRUNC(IF($J$8="","",(($J$9-$J$8)/$J$8)*(P32+Q32)),2) -> 958.29 | S32: =P32+Q32+R32 -> 1830.66 | U32: =EVEN('[57] CONSUMO DE MAT. B TOTAL'!$P$13*2/28)*T32/'[57] CONSUMO DE MAT. B TOTAL'!$P$13 -> 0 | V32: =IF(AND(P32="",Q32=""),"",S32+U32) -> 1830.66 | W32: =IF(OR(L32="",M32=""),"",L32+M32) -> 5811.0454 | X32: =IF(OR(V32="",W32=""),"",V32+W32) -> 7641.7054 | Z32: =X32 -> 7641.7054 | AA32: =V32 -> 1830.66 | AB32: =W32 -> 5811.0454 | AE32: =IF(OR(G32=$D$58,G32=$D$59,G32=$D$61,G32=$D$67,G32=$D$51,G32=$D$47,G32=$D$43,G32=$D$56,G32=$D$46),"NORDESTE",IF(OR(G32=$D$42,G32=$D$44,G32=$D$45,G32=$D$55,G32=$D$63,G32=$D$64,G32=$D$68),"NORTE",IF(OR(G32=$D$48,G32=$D$50,G32=$D$52,G32=$D$53),"CENTRO-OESTE",IF(OR(G32=$D$66,G32=$D$60,G32=$D$54,G32=$D$49),"SUDESTE",IF(OR(G32=$D$65,G32=$D$57,G32=$D$62),"SUL",""))))) -> SUL
D42: Acre
D43: Alagoas
D44: Amapá
D45: Amazonas
D46: Bahia
D47: Ceará
D48: Distrito Federal
D49: Espírito Santo
D50: Goiás
D51: Maranhão
D52: Mato Grosso
D53: Mato Grosso do Sul
... D98: EMULSÕES ASFÁLTICAS RR-2C

Sheet RESUMO_Transp
B11: ÍNDICE DE PAVIMENTAÇÃO DNIT | E11: TIPOLOGIA DO MATERIAL | G11: LIGANTE BETUMINOSO | K11: IMPOSTOS | L11: COFINS | M11: ='[57]Transporte Cap 50-70'!O7 -> 0.0065
C12: DATA INICIAL | F12: 41821 | G12: ÍNDICE INICIAL | H12: ='[57]Transporte Cap 50-70'!J8 -> 270.237 | L12: PIS | M12: ='[57]Transporte Cap 50-70'!O8 -> 0.03 | O12: LEGENDA
C13: DATA FINAL | F13: 44927 | G13: ÍNDICE FINAL | H13: ='[57]Transporte Cap 50-70'!J9 -> 567.092 | L13: ICMS | M13: ='[57]Transporte Cap 50-70'!O9 -> 0.18 | O13: ENTRADA DE DADOS
B15: DATA-BASE | C15: PRODUTOS | D15: LOCALIDADES | H15: CUSTO ANP (R$/Kg) | J15: CUSTO ANP | K15: IMPOSTOS DO PRODUTO | L15: CUSTO DO PRODUTO COM IMPOSTOS | M15: DMT's | N15: CUSTO DO TRANSPORTE RODOVIA PAVIMENTADA | O15: ICMS | P15: ATUALIZAÇÃO DO CUSTO DE TRANSPORTE | Q15: CUSTO DO TRANSPORTE RODOVIA PAVIMENTADA COM IMPOSTOS E ATUALIZAÇÃO MONETÁRIA | R15: PEDÁGIO | T15: TOTAL TRANSPORTE | U15: TOTAL PRODUTO | V15: TOTAL GERAL
B16: =F13 -> 44927 | D16: REFINARIAS | E16: ENDEREÇO | F16: ORIGEM REFINARIAS / DISTRIBUIDORAS | G16: DESTINO | H16: ESTADO | I16: REGIÃO | J16: R$/t | K16: R$/t | L16: R$/t | M16: KM | N16: R$/t | O16: R$/t | P16: R$/t | Q16: R$/t | R16: CUSTO | S16: R$/t | T16: R$/t | U16: R$/t | V16: R$/t
B17: 1 | C17: CAP 50/70 | D17: Refinaria Abreu e Lima | E17: Rodovia PE 60, Km 10 - Ipojuca - PE CEP:55590-000 | F17: =VLOOKUP($V17,'[57]Transporte Cap 50-70'!$B:$X,7,FALSE) -> IPOJUCA - PE | G17: =VLOOKUP($V17,'[57]Transporte Cap 50-70'!$B:$X,8,FALSE) -> São Sebastião -AL | H17: =VLOOKUP($V17,'[57]Transporte Cap 50-70'!$B:$X,9,FALSE) -> - | I17: =VLOOKUP($V17,'[57]Transporte Cap 50-70'!$B:$X,10,FALSE) -> 3.5062399 | J17: =VLOOKUP($V17,'[57]Transporte Cap 50-70'!$B:$X,11,FALSE) -> 3506.2399 | K17: =VLOOKUP($V17,'[57]Transporte Cap 50-70'!$B:$X,12,FALSE) -> 968.86 | L17: =VLOOKUP($V17,'[57]Transporte Cap 50-70'!$B:$X,13,FALSE) -> 4475.0999 | M17: =VLOOKUP($V17,'[57]Transporte Cap 50-70'!$B:$X,14,FALSE) -> 356 | N17: =VLOOKUP($V17,'[57]Transporte Cap 50-70'!$B:$X,15,FALSE) -> 117.01 | O17: =VLOOKUP($V17,'[57]Transporte Cap 50-70'!$B:$X,16,FALSE) -> 25.68 | P17: =VLOOKUP($V17,'[57]Transporte Cap 50-70'!$B:$X,17,FALSE) -> 156.74 | Q17: =VLOOKUP($V17,'[57]Transporte Cap 50-70'!$B:$X,18,FALSE) -> 299.43 | R17: 1086 | S17: =VLOOKUP($V17,'[57]Transporte Cap 50-70'!$B:$X,20,FALSE) -> 0 | T17: =VLOOKUP($V17,'[57]Transporte Cap 50-70'!$B:$X,21,FALSE) -> 299.43 | U17: =VLOOKUP($V17,'[57]Transporte Cap 50-70'!$B:$X,22,FALSE) -> 4475.0999 | V17: =SMALL('[57]Transporte Cap 50-70'!$X$13:$X$25,1) -> 4774.5299
B18: 2 | D18: Refinaria Potiguar Clara Camarão | E18: Rodovia RN 221, KM 25 - Guamaré - RN CEP:59598-000 | F18: =VLOOKUP($V18,'[57]Transporte Cap 50-70'!$B:$X,7,FALSE) -> SÃO FRANCISCO DO CONDE - BA | G18: =VLOOKUP($V18,'[57]Transporte Cap 50-70'!$B:$X,8,FALSE) -> São Sebastião -AL | H18: =VLOOKUP($V18,'[57]Transporte Cap 50-70'!$B:$X,9,FALSE) -> 3.5253204 | I18: =VLOOKUP($V18,'[57]Transporte Cap 50-70'!$B:$X,10,FALSE) -> 3.5062399 | J18: =VLOOKUP($V18,'[57]Transporte Cap 50-70'!$B:$X,11,FALSE) -> 3525.3204 | K18: =VLOOKUP($V18,'[57]Transporte Cap 50-70'!$B:$X,12,FALSE) -> 974.13 | L18: =VLOOKUP($V18,'[57]Transporte Cap 50-70'!$B:$X,13,FALSE) -> 4499.4504 | M18: =VLOOKUP($V18,'[57]Transporte Cap 50-70'!$B:$X,14,FALSE) -> 475 | N18: =VLOOKUP($V18,'[57]Transporte Cap 50-70'!$B:$X,15,FALSE) -> 147.11 | O18: =VLOOKUP($V18,'[57]Transporte Cap 50-70'!$B:$X,16,FALSE) -> 32.29 | P18: =VLOOKUP($V18,'[57]Transporte Cap 50-70'!$B:$X,17,FALSE) -> 197.07 | Q18: =VLOOKUP($V18,'[57]Transporte Cap 50-70'!$B:$X,18,FALSE) -> 376.47 | R18: =VLOOKUP($V18,'[57]Transporte Cap 50-70'!$B:$X,19,FALSE) -> 1086 | S18: =VLOOKUP($V18,'[57]Transporte Cap 50-70'!$B:$X,20,FALSE) -> 78.379566 | T18: =VLOOKUP($V18,'[57]Transporte Cap 50-70'!$B:$X,21,FALSE) -> 454.84957 | U18: =VLOOKUP($V18,'[57]Transporte Cap 50-70'!$B:$X,22,FALSE) -> 4499.4504 | V18: =SMALL('[57]Transporte Cap 50-70'!$X$13:$X$25,2) -> 4954.3
B19: 3 | D19: Complexo Petroquímico do Rio de Janeiro (Comperj) | E19: Rodovia Estadual RJ-116 - Km 5,2 - Acesso A-1, s/n, Complemento Sambaetiba - Zona Urbana do 4º Distrito de Itaboraí - RJ CEP:24841-203 | F19: =VLOOKUP($V19,'[57]Transporte Cap 50-70'!$B:$X,7,FALSE) -> GUAMARÉ - RN | G19: =VLOOKUP($V19,'[57]Transporte Cap 50-70'!$B:$X,8,FALSE) -> São Sebastião -AL | H19: =VLOOKUP($V19,'[57]Transporte Cap 50-70'!$B:$X,9,FALSE) -> - | I19: =VLOOKUP($V19,'[57]Transporte Cap 50-70'!$B:$X,10,FALSE) -> 3.5062399 | J19: =VLOOKUP($V19,'[57]Transporte Cap 50-70'!$B:$X,11,FALSE) -> 3506.2399 | K19: =VLOOKUP($V19,'[57]Transporte Cap 50-70'!$B:$X,12,FALSE) -> 968.86 | L19: =VLOOKUP($V19,'[57]Transporte Cap 50-70'!$B:$X,13,FALSE) -> 4475.0999 | M19: =VLOOKUP($V19,'[57]Transporte Cap 50-70'!$B:$X,14,FALSE) -> 807 | N19: =VLOOKUP($V19,'[57]Transporte Cap 50-70'!$B:$X,15,FALSE) -> 231.11 | O19: =VLOOKUP($V19,'[57]Transporte Cap 50-70'!$B:$X,16,FALSE) -> 50.73 | P19: =VLOOKUP($V19,'[57]Transporte Cap 50-70'!$B:$X,17,FALSE) -> 309.6 | Q19: =VLOOKUP($V19,'[57]Transporte Cap 50-70'!$B:$X,18,FALSE) -> 591.44 | R19: =VLOOKUP($V19,'[57]Transporte Cap 50-70'!$B:$X,19,FALSE) -> 0 | S19: =VLOOKUP($V19,'[57]Transporte Cap 50-70'!$B:$X,20,FALSE) -> 0 | T19: =VLOOKUP($V19,'[57]Transporte Cap 50-70'!$B:$X,21,FALSE) -> 591.44 | U19: =VLOOKUP($V19,'[57]Transporte Cap 50-70'!$B:$X,22,FALSE) -> 4475.0999 | V19: =SMALL('[57]Transporte Cap 50-70'!$X$13:$X$25,3) -> 5066.5399
B20: 4 | F20: =VLOOKUP($V20,'[57]Transporte Cap 50-70'!$B:$X,7,FALSE) -> FORTALEZA - CE | G20: =VLOOKUP($V20,'[57]Transporte Cap 50-70'!$B:$X,8,FALSE) -> São Sebastião -AL | H20: =VLOOKUP($V20,'[57]Transporte Cap 50-70'!$B:$X,9,FALSE) -> 3.4905996 | I20: =VLOOKUP($V20,'[57]Transporte Cap 50-70'!$B:$X,10,FALSE) -> 3.5062399 | J20: =VLOOKUP($V20,'[57]Transporte Cap 50-70'!$B:$X,11,FALSE) -> 3490.5996 | K20: =VLOOKUP($V20,'[57]Transporte Cap 50-70'!$B:$X,12,FALSE) -> 964.54 | L20: =VLOOKUP($V20,'[57]Transporte Cap 50-70'!$B:$X,13,FALSE) -> 4455.1396 | M20: =VLOOKUP($V20,'[57]Transporte Cap 50-70'!$B:$X,14,FALSE) -> 972 | N20: =VLOOKUP($V20,'[57]Transporte Cap 50-70'!$B:$X,15,FALSE) -> 272.86 | O20: =VLOOKUP($V20,'[57]Transporte Cap 50-70'!$B:$X,16,FALSE) -> 59.89 | P20: =VLOOKUP($V20,'[57]Transporte Cap 50-70'!$B:$X,17,FALSE) -> 365.52 | Q20: =VLOOKUP($V20,'[57]Transporte Cap 50-70'!$B:$X,18,FALSE) -> 698.27 | R20: =VLOOKUP($V20,'[57]Transporte Cap 50-70'!$B:$X,19,FALSE) -> 0 | S20: =VLOOKUP($V20,'[57]Transporte Cap 50-70'!$B:$X,20,FALSE) -> 0 | T20: =VLOOKUP($V20,'[57]Transporte Cap 50-70'!$B:$X,21,FALSE) -> 698.27 | U20: =VLOOKUP($V20,'[57]Transporte Cap 50-70'!$B:$X,22,FALSE) -> 4455.1396 | V20: =SMALL('[57]Transporte Cap 50-70'!$X$13:$X$25,4) -> 5153.4096
B21: 5 | F21: =VLOOKUP($V21,'[57]Transporte Cap 50-70'!$B:$X,7,FALSE) -> BETIM - MG | G21: =VLOOKUP($V21,'[57]Transporte Cap 50-70'!$B:$X,8,FALSE) -> São Sebastião -AL | H21: =VLOOKUP($V21,'[57]Transporte Cap 50-70'!$B:$X,9,FALSE) -> 3.1203698 | I21: =VLOOKUP($V21,'[57]Transporte Cap 50-70'!$B:$X,10,FALSE) -> 3.1396081 | J21: =VLOOKUP($V21,'[57]Transporte Cap 50-70'!$B:$X,11,FALSE) -> 3120.3698 | K21: =VLOOKUP($V21,'[57]Transporte Cap 50-70'!$B:$X,12,FALSE) -> 862.23 | L21: =VLOOKUP($V21,'[57]Transporte Cap 50-70'!$B:$X,13,FALSE) -> 3982.5998 | M21: =VLOOKUP($V21,'[57]Transporte Cap 50-70'!$B:$X,14,FALSE) -> 1744 | N21: =VLOOKUP($V21,'[57]Transporte Cap 50-70'!$B:$X,15,FALSE) -> 468.17 | O21: =VLOOKUP($V21,'[57]Transporte Cap 50-70'!$B:$X,16,FALSE) -> 102.76 | P21: =VLOOKUP($V21,'[57]Transporte Cap 50-70'!$B:$X,17,FALSE) -> 627.16 | Q21: =VLOOKUP($V21,'[57]Transporte Cap 50-70'!$B:$X,18,FALSE) -> 1198.09 | R21: =VLOOKUP($V21,'[57]Transporte Cap 50-70'!$B:$X,19,FALSE) -> 0 | S21: =VLOOKUP($V21,'[57]Transporte Cap 50-70'!$B:$X,20,FALSE) -> 0 | T21: =VLOOKUP($V21,'[57]Transporte Cap 50-70'!$B:$X,21,FALSE) -> 1198.09 | U21: =VLOOKUP($V21,'[57]Transporte Cap 50-70'!$B:$X,22,FALSE) -> 3982.5998 | V21: =SMALL('[57]Transporte Cap 50-70'!$X$13:$X$25,5) -> 5180.6898
B22: 6 | F22: =VLOOKUP($V22,'[57]Transporte Cap 50-70'!$B:$X,7,FALSE) -> DUQUE DE CAXIAS - RJ | G22: =VLOOKUP($V22,'[57]Transporte Cap 50-70'!$B:$X,8,FALSE) -> São Sebastião -AL | H22: =VLOOKUP($V22,'[57]Transporte Cap 50-70'!$B:$X,9,FALSE) -> 3.2813809 | I22: =VLOOKUP($V22,'[57]Transporte Cap 50-70'!$B:$X,10,FALSE) -> 3.1396081 | J22: =VLOOKUP($V22,'[57]Transporte Cap 50-70'!$B:$X,11,FALSE) -> 3281.3809 | K22: =VLOOKUP($V22,'[57]Transporte Cap 50-70'!$B:$X,12,FALSE) -> 906.72 | L22: =VLOOKUP($V22,'[57]Transporte Cap 50-70'!$B:$X,13,FALSE) -> 4188.1009 | M22: =VLOOKUP($V22,'[57]Transporte Cap 50-70'!$B:$X,14,FALSE) -> 1944 | N22: =VLOOKUP($V22,'[57]Transporte Cap 50-70'!$B:$X,15,FALSE) -> 518.77 | O22: =VLOOKUP($V22,'[57]Transporte Cap 50-70'!$B:$X,16,FALSE) -> 113.87 | P22: =VLOOKUP($V22,'[57]Transporte Cap 50-70'!$B:$X,17,FALSE) -> 694.95 | Q22: =VLOOKUP($V22,'[57]Transporte Cap 50-70'!$B:$X,18,FALSE) -> 1327.59 | R22: =VLOOKUP($V22,'[57]Transporte Cap 50-70'!$B:$X,19,FALSE) -> 0 | S22: =VLOOKUP($V22,'[57]Transporte Cap 50-70'!$B:$X,20,FALSE) -> 0 | T22: =VLOOKUP($V22,'[57]Transporte Cap 50-70'!$B:$X,21,FALSE) -> 1327.59 | U22: =VLOOKUP($V22,'[57]Transporte Cap 50-70'!$B:$X,22,FALSE) -> 4188.1009 | V22: =SMALL('[57]Transporte Cap 50-70'!$X$13:$X$25,6) -> 5515.6909
Q23: =INDEX('[57]Transporte Cap 50-70'!$H$13:$X$25,MATCH(V23,'[57]Transporte Cap 50-70'!$X$13:$X$25,0),12) -> #N/A
Q24: =INDEX('[57]Transporte Cap 50-70'!$H$13:$X$25,MATCH(V24,'[57]Transporte Cap 50-70'!$X$13:$X$25,0),12) -> #N/A
Q25: =INDEX('[57]Transporte Cap 50-70'!$H$13:$X$25,MATCH(V25,'[57]Transporte Cap 50-70'!$X$13:$X$25,0),12) -> #N/A
Q26: =INDEX('[57]Transporte Cap 50-70'!$H$13:$X$25,MATCH(V26,'[57]Transporte Cap 50-70'!$X$13:$X$25,0),12) -> #N/A
Q27: =INDEX('[57]Transporte Cap 50-70'!$H$13:$X$25,MATCH(V27,'[57]Transporte Cap 50-70'!$X$13:$X$25,0),12) -> #N/A
B28: 1 | C28: CAP MODIF. C/ POLÍMERO 60/85 | D28: Refinaria Abreu e Lima | E28: Rodovia PE 60, Km 10 - Ipojuca - PE CEP:55590-000 | F28: #REF! | G28: Palmas - TO | H28: 2.2618949 | I28: 2.3534139 | J28: 2261.8949 | K28: 393.19 | L28: 2655.0849 | M28: 1181 | N28: 325.73 | O28: 44.41 | P28: 202.55 | Q28: =INDEX('[57]Transporte Cap 50-70'!$H$13:$X$25,MATCH(V28,'[57]Transporte Cap 50-70'!$X$13:$X$25,0),12) -> #N/A | R28: 102 | S28: 102 | T28: 674.69 | U28: 2655.0849 | V28: 3329.7749
B29: 2 | D29: Refinaria Potiguar Clara Camarão | E29: Rodovia RN 221, KM 25 - Guamaré - RN CEP:59598-000 | F29: UBERLANDIA - MG | G29: Palmas - TO | H29: 2.2618949 | I29: 2.3534139 | J29: 2261.8949 | K29: 393.19 | L29: 2655.0849 | M29: 1182 | N29: 325.98 | O29: 44.45 | P29: 202.71 | Q29: =INDEX('[57]Transporte Cap 50-70'!$H$13:$X$25,MATCH(V29,'[57]Transporte Cap 50-70'!$X$13:$X$25,0),12) -> #N/A | R29: 102 | S29: 102 | T29: 675.14 | U29: 2655.0849 | V29: 3330.2249
B30: 3 | D30: Complexo Petroquímico do Rio de Janeiro (Comperj) | E30: Rodovia Estadual RJ-116 - Km 5,2 - Acesso A-1, s/n, Complemento Sambaetiba - Zona Urbana do 4º Distrito de Itaboraí - RJ CEP:24841-203 | F30: GOIANIRA - GO | G30: Palmas - TO | I30: 2.555207 | J30: 2555.207 | K30: 444.18 | L30: 2999.387 | M30: 814 | N30: 232.88 | O30: 31.75 | P30: 144.81 | Q30: =INDEX('[57]Transporte Cap 50-70'!$H$13:$X$25,MATCH(V30,'[57]Transporte Cap 50-70'!$X$13:$X$25,0),12) -> #N/A | R30: 0 | S30: 0 | T30: 409.44 | U30: 2999.387 | V30: 3408.827
B31: 4 | F31: BRASÍLIA - DF | G31: Palmas - TO | I31: 2.555207 | J31: 2555.207 | K31: 444.18 | L31: 2999.387 | M31: 822 | N31: 234.9 | O31: 32.03 | P31: 146.07 | Q31: =INDEX('[57]Transporte Cap 50-70'!$H$13:$X$25,MATCH(V31,'[57]Transporte Cap 50-70'!$X$13:$X$25,0),12) -> #N/A | R31: 0 | S31: 0 | T31: 413 | U31: 2999.387 | V31: 3412.387
B32: 5 | F32: APARECIDA DE GOIANIA - GO | G32: Palmas - TO | I32: 2.555207 | J32: 2555.207 | K32: 444.18 | L32: 2999.387 | M32: 842 | N32: 239.96 | O32: 32.72 | P32: 149.22 | Q32: =INDEX('[57]Transporte Cap 50-70'!$H$13:$X$25,MATCH(V32,'[57]Transporte Cap 50-70'!$X$13:$X$25,0),12) -> #N/A | R32: 0 | S32: 0 | T32: 421.9 | U32: 2999.387 | V32: 3421.287
B33: 6 | F33: ANÁPOLIS - GO | G33: Palmas - TO | I33: 2.555207 | J33: 2555.207 | K33: 444.18 | L33: 2999.387 | M33: 950 | N33: 267.28 | O33: 36.44 | P33: 166.21 | Q33: =INDEX('[57]Transporte Cap 50-70'!$H$13:$X$25,MATCH(V33,'[57]Transporte Cap 50-70'!$X$13:$X$25,0),12) -> #N/A | R33: 0 | S33: 0 | T33: 469.93 | U33: 2999.387 | V33: 3469.317
B35: 1 | C35: CM-30 | D35: Refinaria Abreu e Lima | E35: Rodovia PE 60, Km 10 - Ipojuca - PE CEP:55590-000 | F35: =VLOOKUP($V35,'[57]Transporte CM-30'!$B:$X,7,FALSE) -> SARZEDO - MG | G35: =VLOOKUP($V35,'[57]Transporte CM-30'!$B:$X,8,FALSE) -> São Sebastião -AL | H35: =VLOOKUP($V35,'[57]Transporte CM-30'!$B:$X,9,FALSE) -> - | I35: =VLOOKUP($V35,'[57]Transporte CM-30'!$B:$X,10,FALSE) -> 4.6806103 | J35: =VLOOKUP($V35,'[57]Transporte CM-30'!$B:$X,11,FALSE) -> 4680.6103 | K35: =VLOOKUP($V35,'[57]Transporte CM-30'!$B:$X,12,FALSE) -> 1293.37 | L35: =VLOOKUP($V35,'[57]Transporte CM-30'!$B:$X,13,FALSE) -> 5973.9803 | M35: =VLOOKUP($V35,'[57]Transporte CM-30'!$B:$X,14,FALSE) -> 1754 | N35: =VLOOKUP($V35,'[57]Transporte CM-30'!$B:$X,15,FALSE) -> 470.7 | O35: =VLOOKUP($V35,'[57]Transporte CM-30'!$B:$X,16,FALSE) -> 103.32 | P35: =VLOOKUP($V35,'[57]Transporte CM-30'!$B:$X,17,FALSE) -> 630.56 | Q35: =VLOOKUP($V35,'[57]Transporte CM-30'!$B:$X,18,FALSE) -> 1204.58 | R35: =VLOOKUP($V35,'[57]Transporte CM-30'!$B:$X,19,FALSE) -> 1086 | S35: =VLOOKUP($V35,'[57]Transporte CM-30'!$B:$X,20,FALSE) -> 78.379566 | T35: =VLOOKUP($V35,'[57]Transporte CM-30'!$B:$X,21,FALSE) -> 1282.9596 | U35: =VLOOKUP($V35,'[57]Transporte CM-30'!$B:$X,22,FALSE) -> 5973.9803 | V35: =SMALL('[57]Transporte CM-30'!$X$13:$X$32,1) -> 7256.9399
B36: 2 | D36: Refinaria Potiguar Clara Camarão | E36: Rodovia RN 221, KM 25 - Guamaré - RN CEP:59598-000 | F36: =VLOOKUP($V36,'[57]Transporte CM-30'!$B:$X,7,FALSE) -> DUQUE DE CAXIAS - RJ | G36: =VLOOKUP($V36,'[57]Transporte CM-30'!$B:$X,8,FALSE) -> São Sebastião -AL | H36: =VLOOKUP($V36,'[57]Transporte CM-30'!$B:$X,9,FALSE) -> - | I36: =VLOOKUP($V36,'[57]Transporte CM-30'!$B:$X,10,FALSE) -> 4.6806103 | J36: =VLOOKUP($V36,'[57]Transporte CM-30'!$B:$X,11,FALSE) -> 4680.6103 | K36: =VLOOKUP($V36,'[57]Transporte CM-30'!$B:$X,12,FALSE) -> 1293.37 | L36: =VLOOKUP($V36,'[57]Transporte CM-30'!$B:$X,13,FALSE) -> 5973.9803 | M36: =VLOOKUP($V36,'[57]Transporte CM-30'!$B:$X,14,FALSE) -> 1944 | N36: =VLOOKUP($V36,'[57]Transporte CM-30'!$B:$X,15,FALSE) -> 518.77 | O36: =VLOOKUP($V36,'[57]Transporte CM-30'!$B:$X,16,FALSE) -> 113.87 | P36: =VLOOKUP($V36,'[57]Transporte CM-30'!$B:$X,17,FALSE) -> 694.95 | Q36: =VLOOKUP($V36,'[57]Transporte CM-30'!$B:$X,18,FALSE) -> 1327.59 | R36: =VLOOKUP($V36,'[57]Transporte CM-30'!$B:$X,19,FALSE) -> 0 | S36: =VLOOKUP($V36,'[57]Transporte CM-30'!$B:$X,20,FALSE) -> 0 | T36: =VLOOKUP($V36,'[57]Transporte CM-30'!$B:$X,21,FALSE) -> 1327.59 | U36: =VLOOKUP($V36,'[57]Transporte CM-30'!$B:$X,22,FALSE) -> 5973.9803 | V36: =SMALL('[57]Transporte CM-30'!$X$13:$X$32,2) -> 7301.5703
B37: 3 | D37: Complexo Petroquímico do Rio de Janeiro (Comperj) | E37: Rodovia Estadual RJ-116 - Km 5,2 - Acesso A-1, s/n, Complemento Sambaetiba - Zona Urbana do 4º Distrito de Itaboraí - RJ CEP:24841-203 | F37: =VLOOKUP($V37,'[57]Transporte CM-30'!$B:$X,7,FALSE) -> RIO DE JANEIRO - RJ | G37: =VLOOKUP($V37,'[57]Transporte CM-30'!$B:$X,8,FALSE) -> São Sebastião -AL | H37: =VLOOKUP($V37,'[57]Transporte CM-30'!$B:$X,9,FALSE) -> - | I37: =VLOOKUP($V37,'[57]Transporte CM-30'!$B:$X,10,FALSE) -> 4.6806103 | J37: =VLOOKUP($V37,'[57]Transporte CM-30'!$B:$X,11,FALSE) -> 4680.6103 | K37: =VLOOKUP($V37,'[57]Transporte CM-30'!$B:$X,12,FALSE) -> 1293.37 | L37: =VLOOKUP($V37,'[57]Transporte CM-30'!$B:$X,13,FALSE) -> 5973.9803 | M37: =VLOOKUP($V37,'[57]Transporte CM-30'!$B:$X,14,FALSE) -> 1961 | N37: =VLOOKUP($V37,'[57]Transporte CM-30'!$B:$X,15,FALSE) -> 523.07 | O37: =VLOOKUP($V37,'[57]Transporte CM-30'!$B:$X,16,FALSE) -> 114.82 | P37: =VLOOKUP($V37,'[57]Transporte CM-30'!$B:$X,17,FALSE) -> 700.72 | Q37: =VLOOKUP($V37,'[57]Transporte CM-30'!$B:$X,18,FALSE) -> 1338.61 | R37: =VLOOKUP($V37,'[57]Transporte CM-30'!$B:$X,19,FALSE) -> 0 | S37: =VLOOKUP($V37,'[57]Transporte CM-30'!$B:$X,20,FALSE) -> 0 | T37: =VLOOKUP($V37,'[57]Transporte CM-30'!$B:$X,21,FALSE) -> 1338.61 | U37: =VLOOKUP($V37,'[57]Transporte CM-30'!$B:$X,22,FALSE) -> 5973.9803 | V37: =SMALL('[57]Transporte CM-30'!$X$13:$X$32,3) -> 7312.5903
B38: 4 | F38: =VLOOKUP($V38,'[57]Transporte CM-30'!$B:$X,7,FALSE) -> UBERLANDIA - MG | G38: =VLOOKUP($V38,'[57]Transporte CM-30'!$B:$X,8,FALSE) -> São Sebastião -AL | H38: =VLOOKUP($V38,'[57]Transporte CM-30'!$B:$X,9,FALSE) -> - | I38: =VLOOKUP($V38,'[57]Transporte CM-30'!$B:$X,10,FALSE) -> 4.6806103 | J38: =VLOOKUP($V38,'[57]Transporte CM-30'!$B:$X,11,FALSE) -> 4680.6103 | K38: =VLOOKUP($V38,'[57]Transporte CM-30'!$B:$X,12,FALSE) -> 1293.37 | L38: =VLOOKUP($V38,'[57]Transporte CM-30'!$B:$X,13,FALSE) -> 5973.9803 | M38: =VLOOKUP($V38,'[57]Transporte CM-30'!$B:$X,14,FALSE) -> 1943 | N38: =VLOOKUP($V38,'[57]Transporte CM-30'!$B:$X,15,FALSE) -> 518.52 | O38: =VLOOKUP($V38,'[57]Transporte CM-30'!$B:$X,16,FALSE) -> 113.82 | P38: =VLOOKUP($V38,'[57]Transporte CM-30'!$B:$X,17,FALSE) -> 694.62 | Q38: =VLOOKUP($V38,'[57]Transporte CM-30'!$B:$X,18,FALSE) -> 1326.96 | R38: =VLOOKUP($V38,'[57]Transporte CM-30'!$B:$X,19,FALSE) -> 1086 | S38: =VLOOKUP($V38,'[57]Transporte CM-30'!$B:$X,20,FALSE) -> 78.379566 | T38: =VLOOKUP($V38,'[57]Transporte CM-30'!$B:$X,21,FALSE) -> 1405.3396 | U38: =VLOOKUP($V38,'[57]Transporte CM-30'!$B:$X,22,FALSE) -> 5973.9803 | V38: =SMALL('[57]Transporte CM-30'!$X$13:$X$32,4) -> 7379.3199
B39: 5 | F39: =VLOOKUP($V39,'[57]Transporte CM-30'!$B:$X,7,FALSE) -> UBERLANDIA - MG | G39: =VLOOKUP($V39,'[57]Transporte CM-30'!$B:$X,8,FALSE) -> São Sebastião -AL | H39: =VLOOKUP($V39,'[57]Transporte CM-30'!$B:$X,9,FALSE) -> - | I39: =VLOOKUP($V39,'[57]Transporte CM-30'!$B:$X,10,FALSE) -> 4.6806103 | J39: =VLOOKUP($V39,'[57]Transporte CM-30'!$B:$X,11,FALSE) -> 4680.6103 | K39: =VLOOKUP($V39,'[57]Transporte CM-30'!$B:$X,12,FALSE) -> 1293.37 | L39: =VLOOKUP($V39,'[57]Transporte CM-30'!$B:$X,13,FALSE) -> 5973.9803 | M39: =VLOOKUP($V39,'[57]Transporte CM-30'!$B:$X,14,FALSE) -> 1943 | N39: =VLOOKUP($V39,'[57]Transporte CM-30'!$B:$X,15,FALSE) -> 518.52 | O39: =VLOOKUP($V39,'[57]Transporte CM-30'!$B:$X,16,FALSE) -> 113.82 | P39: =VLOOKUP($V39,'[57]Transporte CM-30'!$B:$X,17,FALSE) -> 694.62 | Q39: =VLOOKUP($V39,'[57]Transporte CM-30'!$B:$X,18,FALSE) -> 1326.96 | R39: =VLOOKUP($V39,'[57]Transporte CM-30'!$B:$X,19,FALSE) -> 1086 | S39: =VLOOKUP($V39,'[57]Transporte CM-30'!$B:$X,20,FALSE) -> 78.379566 | T39: =VLOOKUP($V39,'[57]Transporte CM-30'!$B:$X,21,FALSE) -> 1405.3396 | U39: =VLOOKUP($V39,'[57]Transporte CM-30'!$B:$X,22,FALSE) -> 5973.9803 | V39: =SMALL('[57]Transporte CM-30'!$X$13:$X$32,5) -> 7379.3199
B40: 6 | F40: =VLOOKUP($V40,'[57]Transporte CM-30'!$B:$X,7,FALSE) -> CACAPAVA - SP | G40: =VLOOKUP($V40,'[57]Transporte CM-30'!$B:$X,8,FALSE) -> São Sebastião -AL | H40: =VLOOKUP($V40,'[57]Transporte CM-30'!$B:$X,9,FALSE) -> - | I40: =VLOOKUP($V40,'[57]Transporte CM-30'!$B:$X,10,FALSE) -> 4.6806103 | J40: =VLOOKUP($V40,'[57]Transporte CM-30'!$B:$X,11,FALSE) -> 4680.6103 | K40: =VLOOKUP($V40,'[57]Transporte CM-30'!$B:$X,12,FALSE) -> 1293.37 | L40: =VLOOKUP($V40,'[57]Transporte CM-30'!$B:$X,13,FALSE) -> 5973.9803 | M40: =VLOOKUP($V40,'[57]Transporte CM-30'!$B:$X,14,FALSE) -> 2243 | N40: =VLOOKUP($V40,'[57]Transporte CM-30'!$B:$X,15,FALSE) -> 594.42 | O40: =VLOOKUP($V40,'[57]Transporte CM-30'!$B:$X,16,FALSE) -> 130.48 | P40: =VLOOKUP($V40,'[57]Transporte CM-30'!$B:$X,17,FALSE) -> 796.3 | Q40: =VLOOKUP($V40,'[57]Transporte CM-30'!$B:$X,18,FALSE) -> 1521.2 | R40: =VLOOKUP($V40,'[57]Transporte CM-30'!$B:$X,19,FALSE) -> 0 | S40: =VLOOKUP($V40,'[57]Transporte CM-30'!$B:$X,20,FALSE) -> 0 | T40: =VLOOKUP($V40,'[57]Transporte CM-30'!$B:$X,21,FALSE) -> 1521.2 | U40: =VLOOKUP($V40,'[57]Transporte CM-30'!$B:$X,22,FALSE) -> 5973.9803 | V40: =SMALL('[57]Transporte CM-30'!$X$13:$X$32,6) -> 7495.1803
B42: 1 | C42: RR1-C | D42: Refinaria Abreu e Lima | E42: Rodovia PE 60, Km 10 - Ipojuca - PE CEP:55590-000 | F42: =VLOOKUP($V42,'[57]Transporte RR-1C'!$B:$X,7,FALSE) -> SARZEDO - MG | G42: =VLOOKUP($V42,'[57]Transporte RR-1C'!$B:$X,8,FALSE) -> São Sebastião -AL | H42: =VLOOKUP($V42,'[57]Transporte RR-1C'!$B:$X,9,FALSE) -> 2.2974086 | I42: =VLOOKUP($V42,'[57]Transporte RR-1C'!$B:$X,10,FALSE) -> 2.6074361 | J42: =VLOOKUP($V42,'[57]Transporte RR-1C'!$B:$X,11,FALSE) -> 2297.4086 | K42: =VLOOKUP($V42,'[57]Transporte RR-1C'!$B:$X,12,FALSE) -> 634.83 | L42: =VLOOKUP($V42,'[57]Transporte RR-1C'!$B:$X,13,FALSE) -> 2932.2386 | M42: =VLOOKUP($V42,'[57]Transporte RR-1C'!$B:$X,14,FALSE) -> 1754 | N42: =VLOOKUP($V42,'[57]Transporte RR-1C'!$B:$X,15,FALSE) -> 470.7 | O42: =VLOOKUP($V42,'[57]Transporte RR-1C'!$B:$X,16,FALSE) -> 103.32 | P42: =VLOOKUP($V42,'[57]Transporte RR-1C'!$B:$X,17,FALSE) -> 630.56 | Q42: =VLOOKUP($V42,'[57]Transporte RR-1C'!$B:$X,18,FALSE) -> 1204.58 | R42: =VLOOKUP($V42,'[57]Transporte RR-1C'!$B:$X,19,FALSE) -> 1086 | S42: =VLOOKUP($V42,'[57]Transporte RR-1C'!$B:$X,20,FALSE) -> 78.379566 | T42: =VLOOKUP($V42,'[57]Transporte RR-1C'!$B:$X,21,FALSE) -> 1282.9596 | U42: =VLOOKUP($V42,'[57]Transporte RR-1C'!$B:$X,22,FALSE) -> 2932.2386 | V42: =SMALL('[57]Transporte RR-1C'!$X$13:$X$32,1) -> 4215.1982
B43: 2 | D43: Refinaria Potiguar Clara Camarão | E43: Rodovia RN 221, KM 25 - Guamaré - RN CEP:59598-000 | F43: =VLOOKUP($V43,'[57]Transporte RR-1C'!$B:$X,7,FALSE) -> UBERLANDIA - MG | G43: =VLOOKUP($V43,'[57]Transporte RR-1C'!$B:$X,8,FALSE) -> São Sebastião -AL | H43: =VLOOKUP($V43,'[57]Transporte RR-1C'!$B:$X,9,FALSE) -> 2.2974086 | I43: =VLOOKUP($V43,'[57]Transporte RR-1C'!$B:$X,10,FALSE) -> 2.6074361 | J43: =VLOOKUP($V43,'[57]Transporte RR-1C'!$B:$X,11,FALSE) -> 2297.4086 | K43: =VLOOKUP($V43,'[57]Transporte RR-1C'!$B:$X,12,FALSE) -> 634.83 | L43: =VLOOKUP($V43,'[57]Transporte RR-1C'!$B:$X,13,FALSE) -> 2932.2386 | M43: =VLOOKUP($V43,'[57]Transporte RR-1C'!$B:$X,14,FALSE) -> 1943 | N43: =VLOOKUP($V43,'[57]Transporte RR-1C'!$B:$X,15,FALSE) -> 518.52 | O43: =VLOOKUP($V43,'[57]Transporte RR-1C'!$B:$X,16,FALSE) -> 113.82 | P43: =VLOOKUP($V43,'[57]Transporte RR-1C'!$B:$X,17,FALSE) -> 694.62 | Q43: =VLOOKUP($V43,'[57]Transporte RR-1C'!$B:$X,18,FALSE) -> 1326.96 | R43: =VLOOKUP($V43,'[57]Transporte RR-1C'!$B:$X,19,FALSE) -> 1086 | S43: =VLOOKUP($V43,'[57]Transporte RR-1C'!$B:$X,20,FALSE) -> 78.379566 | T43: =VLOOKUP($V43,'[57]Transporte RR-1C'!$B:$X,21,FALSE) -> 1405.3396 | U43: =VLOOKUP($V43,'[57]Transporte RR-1C'!$B:$X,22,FALSE) -> 2932.2386 | V43: =SMALL('[57]Transporte RR-1C'!$X$13:$X$32,2) -> 4337.5782
B44: 3 | D44: Complexo Petroquímico do Rio de Janeiro (Comperj) | E44: Rodovia Estadual RJ-116 - Km 5,2 - Acesso A-1, s/n, Complemento Sambaetiba - Zona Urbana do 4º Distrito de Itaboraí - RJ CEP:24841-203 | F44: =VLOOKUP($V44,'[57]Transporte RR-1C'!$B:$X,7,FALSE) -> UBERLANDIA - MG | G44: =VLOOKUP($V44,'[57]Transporte RR-1C'!$B:$X,8,FALSE) -> São Sebastião -AL | H44: =VLOOKUP($V44,'[57]Transporte RR-1C'!$B:$X,9,FALSE) -> 2.2974086 | I44: =VLOOKUP($V44,'[57]Transporte RR-1C'!$B:$X,10,FALSE) -> 2.6074361 | J44: =VLOOKUP($V44,'[57]Transporte RR-1C'!$B:$X,11,FALSE) -> 2297.4086 | K44: =VLOOKUP($V44,'[57]Transporte RR-1C'!$B:$X,12,FALSE) -> 634.83 | L44: =VLOOKUP($V44,'[57]Transporte RR-1C'!$B:$X,13,FALSE) -> 2932.2386 | M44: =VLOOKUP($V44,'[57]Transporte RR-1C'!$B:$X,14,FALSE) -> 1943 | N44: =VLOOKUP($V44,'[57]Transporte RR-1C'!$B:$X,15,FALSE) -> 518.52 | O44: =VLOOKUP($V44,'[57]Transporte RR-1C'!$B:$X,16,FALSE) -> 113.82 | P44: =VLOOKUP($V44,'[57]Transporte RR-1C'!$B:$X,17,FALSE) -> 694.62 | Q44: =VLOOKUP($V44,'[57]Transporte RR-1C'!$B:$X,18,FALSE) -> 1326.96 | R44: =VLOOKUP($V44,'[57]Transporte RR-1C'!$B:$X,19,FALSE) -> 1086 | S44: =VLOOKUP($V44,'[57]Transporte RR-1C'!$B:$X,20,FALSE) -> 78.379566 | T44: =VLOOKUP($V44,'[57]Transporte RR-1C'!$B:$X,21,FALSE) -> 1405.3396 | U44: =VLOOKUP($V44,'[57]Transporte RR-1C'!$B:$X,22,FALSE) -> 2932.2386 | V44: =SMALL('[57]Transporte RR-1C'!$X$13:$X$32,3) -> 4337.5782

Sheet Cronograma
A1: ITEM | B1: DESCRIÇÃO | C1: VALOR (R$) | D1: MÊS 1 | E1: MÊS 2 | F1: MÊS 3 | G1: MÊS 4 | H1: MÊS 5 | I1: MÊS 6 | J1: ITEM | K1: DESCRIÇÃO | L1: VALOR (R$) | M1: MÊS 7 | N1: MÊS 8 | O1: MÊS 9 | P1: MÊS 10 | Q1: MÊS 11 | R1: MÊS 12 | S1: Total parcela
A2: 1 | B2: MOBILIZAÇÃO E DESMOBILIZAÇÃO | C2: =Resumo!E7 -> 33432.926 | D2: 0.5 | J2: 1 | K2: MOBILIZAÇÃO E DESMOBILIZAÇÃO | L2: =C2 -> 33432.926 | R2: 0.5 | S2: =SUM(M2:R2,D2:I2) -> 1
D3: =D2*$C2 -> 16716.463 | R3: =R2*$C2 -> 16716.463 | S3: =SUM(M3:R3,D3:I3) -> 33432.926
A4: 2 | B4: ADMINISTRAÇÃO DE OBRA | C4: =Resumo!E8 -> 2128799.1 | D4: 0.0167 | E4: 0.0205 | F4: 0.0605 | G4: 0.0995 | H4: 0.1102 | I4: 0.14 | J4: 2 | K4: ADMINISTRAÇÃO DE OBRA | L4: =C4 -> 2128799.1 | M4: 0.1179 | N4: 0.1146 | O4: 0.1156 | P4: 0.0889 | Q4: 0.0639 | R4: 0.0517 | S4: =SUM(M4:R4,D4:I4) -> 1
D5: =D4*$C4 -> 35550.945 | E5: =E4*$C4 -> 43640.381 | F5: =F4*$C4 -> 128792.34 | G5: =G4*$C4 -> 211815.51 | H5: =H4*$C4 -> 234593.66 | I5: =I4*$C4 -> 298031.87 | M5: =M4*$C4 -> 250985.41 | N5: =N4*$C4 -> 243960.37 | O5: =O4*$C4 -> 246089.17 | P5: =P4*$C4 -> 189250.24 | Q5: =Q4*$C4 -> 136030.26 | R5: =R4*$C4 -> 110058.91 | S5: =SUM(M5:R5,D5:I5) -> 2128799.1
A6: 3 | B6: PROJETO EXECUTIVO | C6: =Resumo!E9 -> 991065.05 | D6: 0.6 | E6: 0.4 | J6: 3 | K6: PROJETO EXECUTIVO | L6: =C6 -> 991065.05 | S6: =SUM(M6:R6,D6:I6) -> 1
D7: =D6*$C6 -> 594639.03 | E7: =E6*$C6 -> 396426.02 | S7: =SUM(M7:R7,D7:I7) -> 991065.05
A8: 4 | B8: CANTEIRO DE OBRA | C8: =Resumo!E10 -> 100827.3 | D8: 0.55 | E8: 0.1 | F8: 0.05 | G8: 0.05 | H8: 0.04 | I8: 0.03 | J8: 4 | K8: CANTEIRO DE OBRA | L8: =C8 -> 100827.3 | M8: 0.03 | N8: 0.03 | O8: 0.03 | P8: 0.03 | Q8: 0.03 | R8: 0.03 | S8: =SUM(M8:R8,D8:I8) -> 1
D9: =D8*$C8 -> 55455.017 | E9: =E8*$C8 -> 10082.73 | F9: =F8*$C8 -> 5041.3652 | G9: =G8*$C8 -> 5041.3652 | H9: =H8*$C8 -> 4033.0922 | I9: =I8*$C8 -> 3024.8191 | M9: =M8*$C8 -> 3024.8191 | N9: =N8*$C8 -> 3024.8191 | O9: =O8*$C8 -> 3024.8191 | P9: =P8*$C8 -> 3024.8191 | Q9: =Q8*$C8 -> 3024.8191 | R9: =R8*$C8 -> 3024.8191 | S9: =SUM(M9:R9,D9:I9) -> 100827.3
A10: 5 | B10: SERVIÇOS PRELIMINARES | C10: =Resumo!E11 -> 12113.565 | D10: 0.7 | E10: 0.15 | F10: 0.15 | J10: 5 | K10: SERVIÇOS PRELIMINARES | L10: =C10 -> 12113.565 | S10: =SUM(M10:R10,D10:I10) -> 1
D11: =D10*$C10 -> 8479.4958 | E11: =E10*$C10 -> 1817.0348 | F11: =F10*$C10 -> 1817.0348 | S11: =SUM(M11:R11,D11:I11) -> 12113.565
A12: 6 | B12: SERVIÇOS DE DRENAGEM | C12: =Resumo!E12 -> 4874312.7 | E12: 0.1 | F12: 0.15 | G12: 0.2 | H12: 0.25 | I12: 0.25 | J12: 6 | K12: SERVIÇOS DE DRENAGEM | L12: =C12 -> 4874312.7 | M12: 0.05 | S12: =SUM(M12:R12,D12:I12) -> 1
E13: =E12*$C12 -> 487431.27 | F13: =F12*$C12 -> 731146.91 | G13: =G12*$C12 -> 974862.54 | H13: =H12*$C12 -> 1218578.2 | I13: =I12*$C12 -> 1218578.2 | M13: =M12*$C12 -> 243715.64 | S13: =SUM(M13:R13,D13:I13) -> 4874312.7
A14: 7 | B14: SERVIÇOS DE TERRAPLENAGEM | C14: =Resumo!E13 -> 14003273 | F14: 0.1 | G14: 0.11 | H14: 0.12 | I14: 0.18 | J14: 7 | K14: SERVIÇOS DE TERRAPLENAGEM | L14: =C14 -> 14003273 | M14: 0.15 | N14: 0.14 | O14: 0.12 | P14: 0.08 | S14: =SUM(M14:R14,D14:I14) -> 1
F15: =F14*$C14 -> 1400327.3 | G15: =G14*$C14 -> 1540360.1 | H15: =H14*$C14 -> 1680392.8 | I15: =I14*$C14 -> 2520589.2 | M15: =M14*$C14 -> 2100491 | N15: =N14*$C14 -> 1960458.3 | O15: =O14*$C14 -> 1680392.8 | P15: =P14*$C14 -> 1120261.9 | S15: =SUM(M15:R15,D15:I15) -> 14003273
A16: 8 | B16: SERVIÇOS DE PAVIMENTAÇÃO | C16: =Resumo!E14 -> 15516392 | G16: 0.07 | H16: 0.08 | I16: 0.1 | J16: 8 | K16: SERVIÇOS DE PAVIMENTAÇÃO | L16: =C16 -> 15516392 | M16: 0.12 | N16: 0.13 | O16: 0.15 | P16: 0.12 | Q16: 0.13 | R16: 0.1 | S16: =SUM(M16:R16,D16:I16) -> 1
G17: =G16*$C16 -> 1086147.4 | H17: =H16*$C16 -> 1241311.3 | I17: =I16*$C16 -> 1551639.2 | M17: =M16*$C16 -> 1861967 | N17: =N16*$C16 -> 2017130.9 | O17: =O16*$C16 -> 2327458.7 | P17: =P16*$C16 -> 1861967 | Q17: =Q16*$C16 -> 2017130.9 | R17: =R16*$C16 -> 1551639.2 | S17: =SUM(M17:R17,D17:I17) -> 15516392
A18: 9 | B18: SERVIÇOS DE SINALIZAÇÃO | C18: =Resumo!E15 -> 667655.76 | J18: 9 | K18: SERVIÇOS DE SINALIZAÇÃO | L18: =C18 -> 667655.76 | N18: 0.15 | O18: 0.2 | P18: 0.22 | Q18: 0.2 | R18: 0.23 | S18: =SUM(M18:R18,D18:I18) -> 1
N19: =N18*$C18 -> 100148.36 | O19: =O18*$C18 -> 133531.15 | P19: =P18*$C18 -> 146884.27 | Q19: =Q18*$C18 -> 133531.15 | R19: =R18*$C18 -> 153560.82 | S19: =SUM(M19:R19,D19:I19) -> 667655.76
A20: 10 | B20: OBRAS COMPLEMENTARES | C20: =Resumo!E16 -> 3878015.8 | F20: 0.1 | G20: 0.12 | H20: 0.1 | I20: 0.11 | J20: 10 | K20: OBRAS COMPLEMENTARES | L20: =C20 -> 3878015.8 | M20: 0.12 | N20: 0.11 | O20: 0.1 | P20: 0.09 | Q20: 0.08 | R20: 0.07 | S20: =SUM(M20:R20,D20:I20) -> 1
F21: =F20*$C20 -> 387801.58 | G21: =G20*$C20 -> 465361.9 | H21: =H20*$C20 -> 387801.58 | I21: =I20*$C20 -> 426581.74 | M21: =M20*$C20 -> 465361.9 | N21: =N20*$C20 -> 426581.74 | O21: =O20*$C20 -> 387801.58 | P21: =P20*$C20 -> 349021.43 | Q21: =Q20*$C20 -> 310241.27 | R21: =R20*$C20 -> 271461.11 | S21: =SUM(M21:R21,D21:I21) -> 3878015.8
C22: =SUM(C2:C21) -> 42205887 | D22: =SUM(D3,D5,D7,D9,D11,D13,D15,D17,D19,D21) -> 710840.95 | E22: =SUM(E3,E5,E7,E9,E11,E13,E15,E17,E19,E21) -> 939397.44 | F22: =SUM(F3,F5,F7,F9,F11,F13,F15,F17,F19,F21) -> 2654926.6 | G22: =SUM(G3,G5,G7,G9,G11,G13,G15,G17,G19,G21) -> 4283588.8 | H22: =SUM(H3,H5,H7,H9,H11,H13,H15,H17,H19,H21) -> 4766710.6 | I22: =SUM(I3,I5,I7,I9,I11,I13,I15,I17,I19,I21) -> 6018445 | L22: =C22 -> 42205887 | M22: =SUM(M3,M5,M7,M9,M11,M13,M15,M17,M19,M21) -> 4925545.8 | N22: =SUM(N3,N5,N7,N9,N11,N13,N15,N17,N19,N21) -> 4751304.5 | O22: =SUM(O3,O5,O7,O9,O11,O13,O15,O17,O19,O21) -> 4778298.3 | P22: =SUM(P3,P5,P7,P9,P11,P13,P15,P17,P19,P21) -> 3670409.6 | Q22: =SUM(Q3,Q5,Q7,Q9,Q11,Q13,Q15,Q17,Q19,Q21) -> 2599958.4 | R22: =SUM(R3,R5,R7,R9,R11,R13,R15,R17,R19,R21) -> 2106461.3 | S22: 42036796
D23: =D22 -> 710840.95 | E23: =E22+D23 -> 1650238.4 | F23: =F22+E23 -> 4305165 | G23: =G22+F23 -> 8588753.7 | H23: =H22+G23 -> 13355464 | I23: =I22+H23 -> 19373909 | M23: =M22+I23 -> 24299455 | N23: =N22+M23 -> 29050760 | O23: =O22+N23 -> 33829058 | P23: =P22+O23 -> 37499467 | Q23: =Q22+P23 -> 40099426 | R23: =R22+Q23 -> 42205887

Sheet Mob
O1: N. Pav. | Q1: <-- ABASTECER | U1: =A4 -> MOBILIZAÇÃO DE EQUIPAMENTOS DE MACEIÓ
O2: Pav. | P2: 35
A4: MOBILIZAÇÃO DE EQUIPAMENTOS DE MACEIÓ | O4: ABASTECER | S4: 45047
O6: SINAPI | P6: Preço | Q6: SICRO | R6: Preço Prod. | S6: Preço Impro. | V6: SICRO | W6: Preço Prod. | X6: Preço Impro.
O7: 92137 | P7: =IFERROR(VLOOKUP(O7,'SINAPI COMP AL'!$G:$L,5,FALSE),VLOOKUP(O7,'SINAPI INS AL'!H:L,5,FALSE)) -> 36.16 | Q7: E9684 | R7: =VLOOKUP($Q7,'SICRO EQUIPAMENTO'!$A:$K,10,FALSE) -> 109.8215 | S7: =VLOOKUP($Q7,'SICRO EQUIPAMENTO'!$A:$K,11,FALSE) -> 54.1819 | T7: Veículo leve picape 4 x 4 com capacidade de 1,10 t - 147 kW | V7: E9666 | W7: =VLOOKUP($V7,'SICRO EQUIPAMENTO'!$A:$K,10,FALSE) -> 403.679 | X7: =VLOOKUP($Q7,'SICRO EQUIPAMENTO'!$A:$K,11,FALSE) -> 54.1819 | Z7: 9665
O8: 89882 | P8: =IFERROR(VLOOKUP(O8,'SINAPI COMP AL'!$G:$L,5,FALSE),VLOOKUP(O8,'SINAPI INS AL'!H:L,5,FALSE)) -> 208.76 | Q8: E9100 | R8: =VLOOKUP($Q8,'SICRO EQUIPAMENTO'!$A:$K,10,FALSE) -> 257.6483 | S8: =VLOOKUP($Q8,'SICRO EQUIPAMENTO'!$A:$K,11,FALSE) -> 66.9637 | T8: Cavalo mecânico sem reboque - 210 Kw
A9: =U1 -> MOBILIZAÇÃO DE EQUIPAMENTOS DE MACEIÓ | O9: 89883 | P9: =IFERROR(VLOOKUP(O9,'SINAPI COMP AL'!$G:$L,5,FALSE),VLOOKUP(O9,'SINAPI INS AL'!H:L,5,FALSE)) -> 361.78 | Q9: E9665 | R9: =VLOOKUP($Q9,'SICRO EQUIPAMENTO'!$A:$K,10,FALSE) -> 374.9402 | S9: =VLOOKUP($Q9,'SICRO EQUIPAMENTO'!$A:$K,11,FALSE) -> 121.2906 | T9: Cavalo mecânico com semirreboque com capacidade de 22 t - 240 Kw CHP
A10: CÓDIGO NOVO SICRO | B10: EQUIPAMENTOS | C10: ORIGEM | D10: DESTINO | E10: DISTÂNCIA PAV.(DM) | F10: DISTÂNCIA N.PAV.(DM) | G10: IDA (K) | H10: FATORES DE UTILIZAÇÃO (FU) | I10: (V) Pav. (Km/h) | J10: (V)N. Pav. (Km/h) | K10: QUANTIDADE (UND) | L10: PREÇO TRANP. TERRESTRE (CH) - SINAPI | M10: PREÇO TOTAL (CMob) | N10: EQUIPAMENTO | O10: Cod. SICRO | P10: Preço | Q10: E9095 | R10: =VLOOKUP($Q10,'SICRO EQUIPAMENTO'!$A:$K,10,FALSE) -> 4109.9932 | S10: =VLOOKUP($Q10,'SICRO EQUIPAMENTO'!$A:$K,11,FALSE) -> 2153.8558 | T10: Guindastre
A11: 9526 | B11: =VLOOKUP(A11,'[58]Tabelas Vol.09'!$A$18:$Q$257,2,FALSE) -> Retroescavadeira de pneus - 58 kW | C11: MACEIO | D11: CANTEIRO | E11: =$P$2 -> 35 | F11: =$P$1 -> 0 | G11: 1 | H11: =VLOOKUP(A11,'[58]Tabelas Vol.09'!$A$18:$Q$257,9,FALSE) -> 0.5 | I11: ='[58]Tabelas Vol.09'!$K$4 -> 60 | J11: ='[58]Tabelas Vol.09'!$K$5 -> 50 | K11: 3 | L11: =T11 -> 361.78 | M11: =(((E11*G11*H11)/I11)*L11*K11)+(((F11*G11*H11)/J11)*L11*K11) -> 316.5575 | N11: CAVALO MECÂNICO COM REBOQUE | O11: =IF(W11="Rodoviário","E"&VLOOKUP(A11,'[58]Tabelas Vol.09'!$A$18:$Q$257,8,FALSE),IF(W11="Aquaviário","E"&VLOOKUP(A11,'[58]Tabelas Vol.09'!$A$18:$Q$257,13,FALSE),IF(W11="Ferroviário","E"&VLOOKUP(A11,'[58]Tabelas Vol.09'!$A$18:$Q$257,15,FALSE),))) -> E9665 | P11: =IF(O11=$Q$9,$R$9,(IF(O11=$Q$8,$R$8,(IF(O11=$Q$7,$R$7,""))))) -> 374.9402 | S11: =IF(O11=$Q$9,$O$9,(IF(O11=$Q$8,$O$8,(IF(O11=$Q$7,$O$7,""))))) -> 89883 | T11: =IF(S11=$O$9,$P$9,(IF(S11=$O$8,$P$8,(IF(S11=$O$7,$P$7,""))))) -> 361.78 | W11: Rodoviário
A12: 9685 | B12: =VLOOKUP(A12,'[58]Tabelas Vol.09'!$A$18:$Q$257,2,FALSE) -> Rolo compactador pé de carneiro vibratório autopropelido de 11,6 t - 82 kW | C12: MACEIO | D12: CANTEIRO | E12: =$P$2 -> 35 | F12: =$P$1 -> 0 | G12: =G11 -> 1 | H12: =VLOOKUP(A12,'[58]Tabelas Vol.09'!$A$18:$Q$257,9,FALSE) -> 0.5 | I12: ='[58]Tabelas Vol.09'!$K$4 -> 60 | J12: ='[58]Tabelas Vol.09'!$K$5 -> 50 | K12: 1 | L12: =T12 -> 361.78 | M12: =(((E12*G12*H12)/I12)*L12*K12)+(((F12*G12*H12)/J12)*L12*K12) -> 105.51917 | N12: CAVALO MECÂNICO COM REBOQUE | O12: =IF(W12="Rodoviário","E"&VLOOKUP(A12,'[58]Tabelas Vol.09'!$A$18:$Q$257,8,FALSE),IF(W12="Aquaviário","E"&VLOOKUP(A12,'[58]Tabelas Vol.09'!$A$18:$Q$257,13,FALSE),IF(W12="Ferroviário","E"&VLOOKUP(A12,'[58]Tabelas Vol.09'!$A$18:$Q$257,15,FALSE),))) -> E9665 | P12: =IF(O12=$Q$9,$R$9,(IF(O12=$Q$8,$R$8,(IF(O12=$Q$7,$R$7,""))))) -> 374.9402 | S12: =IF(O12=$Q$9,$O$9,(IF(O12=$Q$8,$O$8,(IF(O12=$Q$7,$O$7,""))))) -> 89883 | T12: =IF(S12=$O$9,$P$9,(IF(S12=$O$8,$P$8,(IF(S12=$O$7,$P$7,""))))) -> 361.78 | W12: Rodoviário
A13: 9762 | B13: =VLOOKUP(A13,'[58]Tabelas Vol.09'!$A$18:$Q$257,2,FALSE) -> Rolo compactador de pneus autopropelido de 27 t - 85 kW | C13: MACEIO | D13: CANTEIRO | E13: =$P$2 -> 35 | F13: =$P$1 -> 0 | G13: =G12 -> 1 | H13: =VLOOKUP(A13,'[58]Tabelas Vol.09'!$A$18:$Q$257,9,FALSE) -> 1 | I13: ='[58]Tabelas Vol.09'!$K$4 -> 60 | J13: ='[58]Tabelas Vol.09'!$K$5 -> 50 | K13: 1 | L13: =T13 -> 361.78 | M13: =(((E13*G13*H13)/I13)*L13*K13)+(((F13*G13*H13)/J13)*L13*K13) -> 211.03833 | N13: CAVALO MECÂNICO COM REBOQUE | O13: =IF(W13="Rodoviário","E"&VLOOKUP(A13,'[58]Tabelas Vol.09'!$A$18:$Q$257,8,FALSE),IF(W13="Aquaviário","E"&VLOOKUP(A13,'[58]Tabelas Vol.09'!$A$18:$Q$257,13,FALSE),IF(W13="Ferroviário","E"&VLOOKUP(A13,'[58]Tabelas Vol.09'!$A$18:$Q$257,15,FALSE),))) -> E9665 | P13: =IF(O13=$Q$9,$R$9,(IF(O13=$Q$8,$R$8,(IF(O13=$Q$7,$R$7,""))))) -> 374.9402 | S13: =IF(O13=$Q$9,$O$9,(IF(O13=$Q$8,$O$8,(IF(O13=$Q$7,$O$7,""))))) -> 89883 | T13: =IF(S13=$O$9,$P$9,(IF(S13=$O$8,$P$8,(IF(S13=$O$7,$P$7,""))))) -> 361.78 | W13: Rodoviário
A14: 9524 | B14: =VLOOKUP(A14,'[58]Tabelas Vol.09'!$A$18:$Q$257,2,FALSE) -> Motoniveladora - 93 kW | C14: MACEIO | D14: CANTEIRO | E14: =$P$2 -> 35 | F14: =$P$1 -> 0 | G14: =G13 -> 1 | H14: =VLOOKUP(A14,'[58]Tabelas Vol.09'!$A$18:$Q$257,9,FALSE) -> 1 | I14: ='[58]Tabelas Vol.09'!$K$4 -> 60 | J14: ='[58]Tabelas Vol.09'!$K$5 -> 50 | K14: 1 | L14: =T14+V14*2 -> 434.1 | M14: =(((E14*G14*H14)/I14)*L14*K14)+(((F14*G14*H14)/J14)*L14*K14) -> 253.225 | N14: CAVALO MECÂNICO COM REBOQUE | O14: =IF(W14="Rodoviário","E"&VLOOKUP(A14,'[58]Tabelas Vol.09'!$A$18:$Q$257,8,FALSE),IF(W14="Aquaviário","E"&VLOOKUP(A14,'[58]Tabelas Vol.09'!$A$18:$Q$257,13,FALSE),IF(W14="Ferroviário","E"&VLOOKUP(A14,'[58]Tabelas Vol.09'!$A$18:$Q$257,15,FALSE),))) -> E9665 | P14: =IF(O14=$Q$9,$R$9,(IF(O14=$Q$8,$R$8,(IF(O14=$Q$7,$R$7,""))))) -> 374.9402 | Q14: E9684 | R14: =IF(Q14=$Q$9,$R$9,(IF(Q14=$Q$8,$R$8,(IF(Q14=$Q$7,$R$7,""))))) -> 109.8215 | S14: =IF(O14=$Q$9,$O$9,(IF(O14=$Q$8,$O$8,(IF(O14=$Q$7,$O$7,""))))) -> 89883 | T14: =IF(S14=$O$9,$P$9,(IF(S14=$O$8,$P$8,(IF(S14=$O$7,$P$7,""))))) -> 361.78 | U14: =IF(Q14=$Q$9,$O$9,(IF(Q14=$Q$8,$O$8,(IF(Q14=$Q$7,$O$7,""))))) -> 92137 | V14: =IF(U14=$O$9,$P$9,(IF(U14=$O$8,$P$8,(IF(U14=$O$7,$P$7,""))))) -> 36.16 | W14: Rodoviário
A15: 9584 | B15: =VLOOKUP(A15,'[58]Tabelas Vol.09'!$A$18:$Q$257,2,FALSE) -> Carregadeira de pneus com capacidade de 1,53 m³ - 106 kW | C15: MACEIO | D15: CANTEIRO | E15: =$P$2 -> 35 | F15: =$P$1 -> 0 | G15: =G14 -> 1 | H15: =VLOOKUP(A15,'[58]Tabelas Vol.09'!$A$18:$Q$257,9,FALSE) -> 5 | I15: ='[58]Tabelas Vol.09'!$K$4 -> 60 | J15: ='[58]Tabelas Vol.09'!$K$5 -> 50 | K15: 3 | L15: =T15 -> 361.78 | M15: =(((E15*G15*H15)/I15)*L15*K15)+(((F15*G15*H15)/J15)*L15*K15) -> 3165.575 | N15: =N13 -> CAVALO MECÂNICO COM REBOQUE | O15: =IF(W15="Rodoviário","E"&VLOOKUP(A15,'[58]Tabelas Vol.09'!$A$18:$Q$257,8,FALSE),IF(W15="Aquaviário","E"&VLOOKUP(A15,'[58]Tabelas Vol.09'!$A$18:$Q$257,13,FALSE),IF(W15="Ferroviário","E"&VLOOKUP(A15,'[58]Tabelas Vol.09'!$A$18:$Q$257,15,FALSE),))) -> E9665 | P15: =IF(O15=$Q$9,$R$9,(IF(O15=$Q$8,$R$8,(IF(O15=$Q$7,$R$7,""))))) -> 374.9402 | S15: =IF(O15=$Q$9,$O$9,(IF(O15=$Q$8,$O$8,(IF(O15=$Q$7,$O$7,""))))) -> 89883 | T15: =IF(S15=$O$9,$P$9,(IF(S15=$O$8,$P$8,(IF(S15=$O$7,$P$7,""))))) -> 361.78 | W15: Rodoviário
A16: 9576 | B16: =VLOOKUP(A16,'[58]Tabelas Vol.09'!$A$18:$Q$257,2,FALSE) -> Escavadeira hidráulica de longo alcance sobre esteiras - 103 kW | C16: MACEIO | D16: CANTEIRO | E16: =$P$2 -> 35 | F16: =$P$1 -> 0 | G16: =G15 -> 1 | H16: =VLOOKUP(A16,'[58]Tabelas Vol.09'!$A$18:$Q$257,9,FALSE) -> 1 | I16: ='[58]Tabelas Vol.09'!$K$4 -> 60 | J16: ='[58]Tabelas Vol.09'!$K$5 -> 50 | K16: 2 | L16: =T16 -> 361.78 | M16: =(((E16*G16*H16)/I16)*L16*K16)+(((F16*G16*H16)/J16)*L16*K16) -> 422.07667 | N16: =N15 -> CAVALO MECÂNICO COM REBOQUE | O16: =IF(W16="Rodoviário","E"&VLOOKUP(A16,'[58]Tabelas Vol.09'!$A$18:$Q$257,8,FALSE),IF(W16="Aquaviário","E"&VLOOKUP(A16,'[58]Tabelas Vol.09'!$A$18:$Q$257,13,FALSE),IF(W16="Ferroviário","E"&VLOOKUP(A16,'[58]Tabelas Vol.09'!$A$18:$Q$257,15,FALSE),))) -> E9665 | P16: =IF(O16=$Q$9,$R$9,(IF(O16=$Q$8,$R$8,(IF(O16=$Q$7,$R$7,""))))) -> 374.9402 | S16: =IF(O16=$Q$9,$O$9,(IF(O16=$Q$8,$O$8,(IF(O16=$Q$7,$O$7,""))))) -> 89883 | T16: =IF(S16=$O$9,$P$9,(IF(S16=$O$8,$P$8,(IF(S16=$O$7,$P$7,""))))) -> 361.78 | W16: Rodoviário
A17: 9545 | B17: =VLOOKUP(A17,'[58]Tabelas Vol.09'!$A$18:$Q$257,2,FALSE) -> Vibroacabadora de asfalto sobre esteiras - 82 kW | C17: MACEIO | D17: CANTEIRO | E17: =$P$2 -> 35 | F17: =$P$1 -> 0 | G17: =G16 -> 1 | H17: =VLOOKUP(A17,'[58]Tabelas Vol.09'!$A$18:$Q$257,9,FALSE) -> 0.5 | I17: ='[58]Tabelas Vol.09'!$K$4 -> 60 | J17: ='[58]Tabelas Vol.09'!$K$5 -> 50 | K17: 1 | L17: =T17 -> 361.78 | M17: =(((E17*G17*H17)/I17)*L17*K17)+(((F17*G17*H17)/J17)*L17*K17) -> 105.51917 | N17: =N16 -> CAVALO MECÂNICO COM REBOQUE | O17: =IF(W17="Rodoviário","E"&VLOOKUP(A17,'[58]Tabelas Vol.09'!$A$18:$Q$257,8,FALSE),IF(W17="Aquaviário","E"&VLOOKUP(A17,'[58]Tabelas Vol.09'!$A$18:$Q$257,13,FALSE),IF(W17="Ferroviário","E"&VLOOKUP(A17,'[58]Tabelas Vol.09'!$A$18:$Q$257,15,FALSE),))) -> E9665 | P17: =IF(O17=$Q$9,$R$9,(IF(O17=$Q$8,$R$8,(IF(O17=$Q$7,$R$7,""))))) -> 374.9402 | S17: =IF(O17=$Q$9,$O$9,(IF(O17=$Q$8,$O$8,(IF(O17=$Q$7,$O$7,""))))) -> 89883 | T17: =IF(S17=$O$9,$P$9,(IF(S17=$O$8,$P$8,(IF(S17=$O$7,$P$7,""))))) -> 361.78 | W17: Rodoviário
A18: 9714 | B18: =VLOOKUP(A18,'[59]Tabelas Vol.09'!$A$18:$Q$257,2,FALSE) -> Bate-estaca com martelo hidráulico - 450 kW | C18: RECIFE | D18: CANTEIRO | E18: 353 | F18: =$P$1 -> 0 | G18: =G17 -> 1 | H18: =VLOOKUP(A18,'[58]Tabelas Vol.09'!$A$18:$Q$257,9,FALSE) -> 1 | I18: ='[58]Tabelas Vol.09'!$K$4 -> 60 | J18: ='[58]Tabelas Vol.09'!$K$5 -> 50 | K18: 2 | L18: =P18 -> 457.8609 | M18: =(((E18*G18*H18)/I18)*L18*K18)+(((F18*G18*H18)/J18)*L18*K18) -> 5387.4966 | N18: =N16 -> CAVALO MECÂNICO COM REBOQUE | O18: =IF(Z18="Rodoviário","E"&VLOOKUP(A18,'[59]Tabelas Vol.09'!$A$18:$Q$257,8,FALSE),IF(Z18="Aquaviário","E"&VLOOKUP(A18,'[59]Tabelas Vol.09'!$A$18:$Q$257,13,FALSE),IF(Z18="Ferroviário","E"&VLOOKUP(A18,'[59]Tabelas Vol.09'!$A$18:$Q$257,15,FALSE),))) -> E9666 | P18: =W7+X7 -> 457.8609 | S18: 89884 | T18: =IF(O18=$Q$8,$O$8,(IF(O18=$Q$7,$O$7,(IF(O18=$Q$6,$O$6,""))))) | U18: =IF(T18=$O$8,$P$8,(IF(T18=$O$7,$P$7,(IF(T18=$O$6,$P$6,""))))) | V18: =V17 -> 0 | W18: =0.2*$P$9 -> 72.356 | Z18: Rodoviário
A19: 9100 | B19: =VLOOKUP(A19,'[58]Tabelas Vol.09'!$A$18:$Q$257,2,FALSE) -> Cavalo mecânico sem reboque - 210 kW | C19: MACEIO | D19: CANTEIRO | E19: =$P$2 -> 35 | F19: =$P$1 -> 0 | G19: =G17 -> 1 | H19: =VLOOKUP(A19,'[58]Tabelas Vol.09'!$A$18:$Q$257,9,FALSE) -> 1 | I19: ='[58]Tabelas Vol.09'!$K$4 -> 60 | J19: ='[58]Tabelas Vol.09'!$K$5 -> 50 | K19: 3 | L19: =T19 -> 208.76 | M19: =(((E19*G19*H19)/I19)*L19*K19)+(((F19*G19*H19)/J19)*L19*K19) -> 365.33 | N19: =N17 -> CAVALO MECÂNICO COM REBOQUE | O19: =IF(W19="Rodoviário","E"&VLOOKUP(A19,'[58]Tabelas Vol.09'!$A$18:$Q$257,8,FALSE),IF(W19="Aquaviário","E"&VLOOKUP(A19,'[58]Tabelas Vol.09'!$A$18:$Q$257,13,FALSE),IF(W19="Ferroviário","E"&VLOOKUP(A19,'[58]Tabelas Vol.09'!$A$18:$Q$257,15,FALSE),))) -> E9100 | P19: =IF(O19=$Q$9,$R$9,(IF(O19=$Q$8,$R$8,(IF(O19=$Q$7,$R$7,""))))) -> 257.6483 | S19: =IF(O19=$Q$9,$O$9,(IF(O19=$Q$8,$O$8,(IF(O19=$Q$7,$O$7,""))))) -> 89882 | T19: =IF(S19=$O$9,$P$9,(IF(S19=$O$8,$P$8,(IF(S19=$O$7,$P$7,""))))) -> 208.76 | W19: Rodoviário
A20: TOTAL MOBILIZAÇÃO DE EQUIPAMENTOS DE GRANDE PORTE | M20: =SUM(M11:M19) -> 10332.337
A21: Observação: A metodologia aplicada para a mobilização e Desmobilização está seguindo as recomendações do Orgão federal DNIT, Por meio do seu Manual de Custos de Infraestrutura de Transportes, Volume 09 - Mobilização e Desmobilização
O24: Motoniveladora - 93 kW

Sheet Mob de equip
N2: =A4 -> MOBILIZAÇÃO DE EQUIPAMENTOS DE MACEIÓ
A4: =Mob!U1 -> MOBILIZAÇÃO DE EQUIPAMENTOS DE MACEIÓ | N4: ABASTECER
N5: SINAPI | O5: Preço | P5: SICRO | Q5: Preço
N6: 53797 | O6: =IFERROR(VLOOKUP(N6,'SINAPI COMP AL'!$G:$L,5,FALSE),VLOOKUP(N6,'SINAPI INS AL'!G:K,5,FALSE)) -> 119.54 | P6: 9508 | Q6: 0 | R6: Caminhão carroceria com capacidade de 9 t - 136 kW
A7: =N2 -> MOBILIZAÇÃO DE EQUIPAMENTOS DE MACEIÓ | O7: PAV
A8: ITEM | B8: EQUIPAMENTOS | C8: ORIGEM | D8: DESTINO | E8: DISTÂNCIA PAV.(DM) | F8: (V) Pav. (Km/h) | G8: DISTÂNCIA N.PAV.(DM) | H8: (V) N.Pav. (Km/h) | I8: IDA (K) | J8: QUANTIDADE | K8: FU | L8: PREÇO UNIT.(CH) - SINAPI | M8: PREÇO TOTAL (CMob) | N8: SICRO | O8: PREÇO | P8: SINAPI | Q8: PREÇO
A9: 1 | B9: MÁQUINA PARA PINTURA : SHUL : MSV-15 NAP - COMPRES. DE AR | C9: MACEIO | D9: CANTEIRO | E9: =Mob!$P$2 -> 35 | F9: ='[58]Tabelas Vol.09'!$K$4 -> 60 | G9: =Mob!$P$1 -> 0 | H9: ='[58]Tabelas Vol.09'!$K$5 -> 50 | I9: =Mob!$G$11 -> 1 | J9: 2 | K9: 0.2 | L9: =Q9 -> 119.54 | M9: =(((G9*I9*K9)/F9)*L9*J9)+(((E9*I9*K9)/H9)*L9*J9) -> 33.4712 | N9: 9508 | O9: =IF(N9=$P$6,$Q$6,"") -> 0 | P9: =IF(N9=$P$6,$N$6,"") -> 53797 | Q9: =IF(P9=$N$6,$O$6,"") -> 119.54
A10: 2 | B10: BETONEIRA : PENEDO : 320 L | C10: MACEIO | D10: CANTEIRO | E10: =Mob!$P$2 -> 35 | F10: ='[58]Tabelas Vol.09'!$K$4 -> 60 | G10: =Mob!$P$1 -> 0 | H10: ='[58]Tabelas Vol.09'!$K$5 -> 50 | I10: =Mob!$G$11 -> 1 | J10: 2 | K10: 0.2 | L10: =Q10 -> 119.54 | M10: =(((G10*I10*K10)/F10)*L10*J10)+(((E10*I10*K10)/H10)*L10*J10) -> 33.4712 | N10: =N9 -> 9508 | O10: =O9 -> 0 | P10: =IF(N10=$P$6,$N$6,"") -> 53797 | Q10: =Q9 -> 119.54
A11: 3 | B11: BETONEIRA : PENEDO : 400 L | C11: MACEIO | D11: CANTEIRO | E11: =Mob!$P$2 -> 35 | F11: ='[58]Tabelas Vol.09'!$K$4 -> 60 | G11: =Mob!$P$1 -> 0 | H11: ='[58]Tabelas Vol.09'!$K$5 -> 50 | I11: =Mob!$G$11 -> 1 | J11: 2 | K11: 0.2 | L11: =Q11 -> 119.54 | M11: =(((G11*I11*K11)/F11)*L11*J11)+(((E11*I11*K11)/H11)*L11*J11) -> 33.4712 | N11: =N10 -> 9508 | O11: =O10 -> 0 | P11: =IF(N11=$P$6,$N$6,"") -> 53797 | Q11: =Q10 -> 119.54
A12: 4 | B12: BETONEIRA : PENEDO : 600 L | C12: MACEIO | D12: CANTEIRO | E12: =Mob!$P$2 -> 35 | F12: ='[58]Tabelas Vol.09'!$K$4 -> 60 | G12: =Mob!$P$1 -> 0 | H12: ='[58]Tabelas Vol.09'!$K$5 -> 50 | I12: =Mob!$G$11 -> 1 | J12: 2 | K12: 0.2 | L12: =Q12 -> 119.54 | M12: =(((G12*I12*K12)/F12)*L12*J12)+(((E12*I12*K12)/H12)*L12*J12) -> 33.4712 | N12: =N11 -> 9508 | O12: =O11 -> 0 | P12: =IF(N12=$P$6,$N$6,"") -> 53797 | Q12: =Q11 -> 119.54
A13: 5 | B13: TRANSPORTADOR MANUAL : LAGUNA CARRINHO DE MÃO 80 I | C13: MACEIO | D13: CANTEIRO | E13: =Mob!$P$2 -> 35 | F13: ='[58]Tabelas Vol.09'!$K$4 -> 60 | G13: =Mob!$P$1 -> 0 | H13: ='[58]Tabelas Vol.09'!$K$5 -> 50 | I13: =Mob!$G$11 -> 1 | J13: 20 | K13: 0.2 | L13: =Q13 -> 119.54 | M13: =(((G13*I13*K13)/F13)*L13*J13)+(((E13*I13*K13)/H13)*L13*J13) -> 334.712 | N13: =N12 -> 9508 | O13: =O12 -> 0 | P13: =IF(N13=$P$6,$N$6,"") -> 53797 | Q13: =Q12 -> 119.54
